 Dungeon Crawl Stone Soup version 0.24-a0-762-gca426f56c8 (webtiles) character file.

Game seed: 4026850779135090476, levelgen mode: deterministic

1492790 motoroller71 the Conqueror (level 27, -1/159 HPs)
             Began as a Gargoyle Fighter on Oct 1, 2019.
             Was the Champion of Makhleb.
             Killed from afar by a hellion (28 damage)
             ... with damnation
             ... summoned by Bufepti
             ... on level 25 of a ziggurat on Oct 3, 2019.
             The game lasted 05:10:52 (85990 turns).

motoroller71 the Conqueror (Gargoyle Fighter)      Turns: 85990, Time: 05:10:52

Health: -1/159     AC:  0    Str: 30 (31) XL:     27
Magic:  47/47      EV: 40    Int: 11 (13) God:    Makhleb [******]
Gold:   12505      SH:  0    Dex: 14      Spells: 31/57 levels left

rFire    . . .     SeeInvis .   (weapon currently unavailable)
rCold    . . .     Gourm    .   (shield currently unavailable)
rNeg     + + .     Faith    .   (armour currently unavailable)
rPois    ∞         Spirit   .   (helmet currently unavailable)
rElec    .         Reflect  .   (cloak currently unavailable)
rCorr    .         Harm     .   (gloves currently unavailable)
MR       +++++     Clarity  +   (boots currently unavailable)
Stlth    ++++......             j - amulet of the Four Winds {rN+ MR+++ Clar}
HPRegen  0.36/turn              (ring currently unavailable)
MPRegen  0.30/turn              (ring currently unavailable)

@: bat-form, no potions, flying, silenced, lightly drained, very quick
A: tiny, thin skeletal structure 1, blurry vision 1, clever 1, clumsy 1,
deterioration 1, frail 2, high mp 1, negative energy resistance 1, screaming 1,
petrification resistance, rot immunity, AC +20
}: 15/15 runes: decaying, slimy, silver, golden, iron, obsidian, icy, bone,
abyssal, demonic, glowing, magical, fiery, dark, gossamer
a: Renounce Religion


You were on level 25 of a ziggurat.
You worshipped Makhleb.
Makhleb was exalted by your worship.
You were full.
You were in bat-form.
You visited 17 branches of the dungeon, and saw 82 of its levels.
You visited Pandemonium 1 time, and saw 15 of its levels.
You visited the Abyss 3 times.
You visited 2 ziggurats (completing 1), and saw 52 of their levels.
You also visited: Trove, Gauntlet, Ice Cave, Volcano and Wizlab.

You collected 15063 gold pieces.
You spent 2558 gold pieces at shops.

Inventory:

Hand Weapons
 a - a +9 broad axe of chopping (melded)
 b - the +8 hand crossbow of Crawling {penet, rPois}
   (You found it on level 24 of a ziggurat)

   Ammo fired by it will pass through the targets it hits, potentially hitting
   all targets in its path until it reaches maximum range.
   It protects you from poison.
 I - the +3 sling "Punk" {acid, rCorr}
   (You found it on level 20 of a ziggurat)

   It provides partial protection from all sources of acid and corrosion.
Missiles
 Q - 765 bolts
Armour
 g - the +3 cloak "Arogh" (melded) {MR+ Str+7}
   (You found it on level 22 of a ziggurat)

   It affects your strength (+7).
   It affects your resistance to hostile enchantments.
 C - a +5 shield of reflection (melded) {Reflect}
 O - the +1 pair of boots "Ocvext" (melded) {rC+ Int+2 Dex+4}
   (You found it on level 5 of the Pits of Slime)

   It affects your intelligence (+2).
   It affects your dexterity (+4).
   It protects you from cold.
 R - the +1 helmet "Cirrotof" (melded) {rF+ Str+4}
   (You found it on level 26 of a ziggurat)

   It affects your strength (+4).
   It protects you from fire.
 U - the +2 pair of gloves of Xutukk (melded) {rC+ rN+}
   (You acquired it on level 5 of the Vaults)

   It protects you from cold.
   It protects you from negative energy.
 Y - +12 gold dragon scales (melded)
Jewellery
 i - the ring of the Unkillable {rC+ Stlth+, unknown}
   (You found it on level 24 of a ziggurat)

   [ring of stealth]

   It protects you from cold.
   It makes you more stealthy.
 j - the amulet of the Four Winds (around neck) {rN+ MR+++ Clar}
   (You found it on level 26 of a ziggurat)

   [amulet of nothing]

   It protects you from negative energy.
   It affects your resistance to hostile enchantments.
   It protects you against confusion.
 l - the ring of Xom's Amusement (melded) {rC+ rCorr Slay+5}
   (You found it on level 14 of a ziggurat)

   [ring of resist corrosion]

   It affects your accuracy and damage with ranged weapons and melee attacks
   (+5).
   It protects you from cold.
   It provides partial protection from all sources of acid and corrosion.
 q - the ring of Faenoib {Slay+4 SInv, unknown}
   (You found it on level 17 of a ziggurat)

   [ring of see invisible]

   It affects your accuracy and damage with ranged weapons and melee attacks
   (+4).
   It lets you see invisible.
 E - the ring of the Falcon {+Blink rN+ MP+9 Str+6 Dex-4, unknown}
   (You found it on level 23 of a ziggurat)

   [ring of positive energy]

   It affects your strength (+6).
   It affects your dexterity (-4).
   It protects you from negative energy.
   It affects your magic capacity (+9).
   It lets you blink.
 F - the ring "Mayc" (melded) {+Blink rF++ rN+ Str+4}
   (You found it on level 3 of the Crypt)

   [ring of positive energy]

   It affects your strength (+4).
   It greatly protects you from fire.
   It protects you from negative energy.
   It lets you blink.
 G - the ring "Anekebix" {*Slow +Fly rF+ MR+ Int+4, unknown}
   (You found it on level 22 of a ziggurat)

   [ring of flight]

   It affects your intelligence (+4).
   It protects you from fire.
   It affects your resistance to hostile enchantments.
   It lets you fly.
   It may slow you when you take damage.
 Z - the ring of Scepticism {Wiz rPois, unknown}
   (You found it on level 23 of a ziggurat)

   [ring of wizardry]

   It improves your spell success rate.
   It protects you from poison.
Wands
 k - a wand of acid (59)
 D - a wand of digging (23)
Scrolls
 e - 12 scrolls of fear
 f - 27 scrolls of fog
 m - 20 scrolls of magic mapping {!r}
 o - 63 scrolls of remove curse
 r - 3 scrolls of enchant armour
 t - 68 scrolls of teleportation
 v - 31 scrolls of enchant weapon
 w - 6 scrolls of summoning
 y - 11 scrolls of holy word {!r}
 B - 26 scrolls of blinking {!r}
 H - 7 scrolls of immolation {!r}
 K - 8 scrolls of vulnerability {!r!r}
 T - 5 scrolls of brand weapon
 V - 6 scrolls of silence
Potions
 c - 7 potions of ambrosia
 h - 32 potions of curing
 p - 8 potions of resistance
 s - 5 potions of cancellation
 u - 15 potions of haste
 x - 3 potions of magic
 z - 10 potions of invisibility
 A - 20 potions of heal wounds
 J - 9 potions of agility
 L - 4 potions of berserk rage {!q}
 M - a potion of experience
 N - 8 potions of lignification {!q}
 S - 10 potions of might
 X - 11 potions of mutation {!q}
Miscellaneous
 P - a +1 figurine of a ziggurat
Comestibles
 n - 97 rations


   Skills:
 O Level 27(26.7) Fighting
 O Level 27(26.7) Axes
 O Level 27(26.7) Crossbows
 O Level 27(26.7) Armour
 O Level 27(26.7) Dodging
 - Level 6.0(5.9) Stealth
 O Level 27(26.7) Shields
 + Level 15.9(15.7) Spellcasting
 + Level 17.1(16.9) Conjurations
 - Level 7.8(7.6) Hexes
 - Level 7.8(7.7) Charms
   Level 2.4(2.3) Transmutations
 + Level 15.3(15.1) Fire Magic
 + Level 13.3(13.1) Ice Magic
 - Level 8.2(8.1) Air Magic
 - Level 10.0(9.8) Poison Magic
 - Level 13.2(13.1) Invocations
 - Level 13.0(12.8) Evocations


You had 31 spell levels left.
You knew the following spells:

 Your Spells              Type           Power        Failure   Level  Hunger
a - Inner Flame           Hex/Fire       ####....     1%          3    None
b - Glaciate              Conj/Ice       #####.....   100%        9    #######
c - Fire Storm            Conj/Fire      #####.....   100%        9    #######
x - Mephitic Cloud        Conj/Pois/Air  ####....     1%          3    None
S - Song of Slaying       Chrm           ####....     1%          2    None

Your spell library contained the following spells:

 Spells                   Type           Power        Failure   Level  Hunger
 Flame Tongue             Conj/Fire      #####        0%          1    None
 Magic Dart               Conj           ####         0%          1    None
 Searing Ray              Conj           #####.       0%          2    None
 Throw Flame              Conj/Fire      #####.       0%          2    None
 Confusing Touch          Hex            ####..       1%          1    None
 Corona                   Hex            ####...      1%          1    None
 Freeze                   Ice            ####         1%          1    None
 Infusion                 Chrm           ####         1%          1    None
 Shock                    Conj/Air       ####         1%          1    None
 Sting                    Conj/Pois      ####         1%          1    None
 Ensorcelled Hibernation  Hex/Ice        ####..       1%          2    None
 Poisonous Vapours        Pois/Air       ####..       1%          2    None
 Slow                     Hex            ####....     1%          2    None
 Swiftness                Chrm/Air       ####....     1%          2    None
 Throw Frost              Conj/Ice       #####.       1%          2    None
 Confuse                  Hex            ####....     1%          3    None
 Conjure Flame            Conj/Fire      #####...     1%          3    None
 Dazzling Spray           Conj/Hex       #####.       1%          3    None
 Ignite Poison            Fire/Tmut/Pois ####....     1%          3    None
 Ozocubu's Armour         Chrm/Ice       ####....     1%          3    None
 Spectral Weapon          Hex/Chrm       ####....     1%          3    None
 Spider Form              Tmut/Pois      ###.......   1%          3    None
 Static Discharge         Conj/Air       #####...     1%          3    None
 Stone Arrow              Conj/Erth      ####..       1%          3    None
 Tukima's Dance           Hex            ####....     1%          3    None
 Fulminant Prism          Conj/Hex       #####.....   1%          4    ###....
 Iskenderun's Mystic Bla  Conj           #####...     1%          4    ###....
 Olgreb's Toxic Radiance  Pois           ####....     1%          4    ###....
 Sticky Flame             Conj/Fire      #####...     1%          4    ###....
 Throw Icicle             Conj/Ice       #####...     1%          4    ###....
 Fireball                 Conj/Fire      #####.....   1%          5    #####..
 Iskenderun's Battlesphe  Conj/Chrm      #####...     1%          5    #####..
 Lightning Bolt           Conj/Air       #####.....   1%          5    #####..
 Venom Bolt               Conj/Pois      #####.....   1%          5    #####..
 Bolt of Fire             Conj/Fire      #####.....   1%          6    ######.
 Beastly Appendage        Tmut           ##....       2%          1    None
 Shroud of Golubria       Chrm/Tloc      ###...       2%          2    None
 Airstrike                Air            ####......   2%          4    ###....
 Force Lance              Conj/Tloc      ####....     2%          4    ###....
 Bolt of Magma            Conj/Fire/Erth ####......   2%          5    #####..
 Metabolic Englaciation   Hex/Ice        ####......   2%          5    #####..
 Bolt of Cold             Conj/Ice       #####.....   2%          6    ######.
 Cause Fear               Hex            ####......   3%          4    ###....
 Ice Form                 Ice/Tmut       ####....     3%          4    ###....
 Irradiate                Conj/Tmut      ####......   3%          5    #####..
 Sticks to Snakes         Tmut           ##......     4%          2    None
 Portal Projectile        Hex/Tloc       ###...       4%          3    None
 Regeneration             Chrm/Necr      ###.......   4%          3    None
 Summon Guardian Golem    Hex/Summ       ###.....     4%          3    None
 Summon Ice Beast         Ice/Summ       ###.....     4%          4    ###....
 Ozocubu's Refrigeration  Ice            #####.....   4%          6    ######.
 Poison Arrow             Conj/Pois      #####.....   4%          6    ######.
 Bolt of Draining         Conj/Necr      ####......   6%          5    #####..
 Conjure Ball Lightning   Conj/Air       #####.....   6%          6    ######.
 Freezing Cloud           Conj/Ice/Air   #####.....   6%          6    ######.
 Orb of Destruction       Conj           #####.....   6%          7    #######
 Animate Skeleton         Necr           N/A          7%          1    None
 Apportation              Tloc           #.....       7%          1    None
 Pain                     Necr           #...         7%          1    None
 Sandblast                Erth           #.....       7%          1    None
 Summon Butterflies       Summ           #.......     7%          1    None
 Summon Small Mammal      Summ           #...         7%          1    None
 Passwall                 Tmut/Erth      ##......     7%          2    None
 Silence                  Hex/Air        ####......   8%          5    #####..
 Blink                    Tloc           N/A          11%         2    None
 Call Imp                 Summ           #.......     11%         2    None
 Corpse Rot               Necr           N/A          11%         2    None
 Summon Lightning Spire   Summ/Air       ###.....     13%         4    ###....
 Leda's Liquefaction      Hex/Erth       ###.......   14%         4    ###....
 Alistair's Intoxication  Tmut/Pois      ###.....     16%         5    #####..
 Call Canine Familiar     Summ           #.......     22%         3    None
 Gell's Gravitas          Tloc           #.........   22%         3    None
 Lesser Beckoning         Tloc           #.........   22%         3    None
 Recall                   Summ/Tloc      N/A          22%         3    None
 Teleport Other           Tloc           #.......     22%         3    None
 Vampiric Draining        Necr           #.........   22%         3    None
 Yara's Violent Unravell  Hex/Tmut       ###.......   26%         5    #####..
 Iron Shot                Conj/Erth      ####......   32%         6    ######.
 Excruciating Wounds      Chrm/Necr      ###.......   38%         5    #####..
 Summon Mana Viper        Hex/Summ       ###.....     38%         5    #####..
 Deflect Missiles         Chrm/Air       ####......   38%         6    ######.
 Petrify                  Tmut/Erth      ##......     41%         4    ###....
 Darkness                 Hex            ####......   43%         6    ######.
 Invisibility             Hex            ####....     43%         6    ######.
 Ring of Flames           Chrm/Fire      ####......   50%         7    #######
 Animate Dead             Necr           N/A          56%         4    ###....
 Passage of Golubria      Tloc           N/A          56%         4    ###....
 Blade Hands              Tmut           ##........   58%         5    #####..
 Simulacrum               Ice/Necr       ###.......   58%         6    ######.
 Ignition                 Fire           #####.....   67%         8    #######
 Spellforged Servitor     Conj/Summ      ####......   88%         7    #######
 Agony                    Necr           #.......     89%         5    #####..
 Aura of Abjuration       Summ           #.........   89%         5    #####..
 Borgnjor's Vile Clutch   Necr/Erth      #.........   89%         5    #####..
 Dispel Undead            Necr           #.......     89%         5    #####..
 Lee's Rapid Deconstruct  Erth           #.........   89%         5    #####..
 Summon Demon             Summ           #.........   89%         5    #####..
 Summon Forest            Summ/Tloc      #.........   89%         5    #####..
 Chain Lightning          Conj/Air       #####.....   95%         8    #######
 Hydra Form               Tmut           ##........   99%         6    ######.
 Death Channel            Necr           #.........   100%        6    ######.
 Dispersal                Tloc           #.........   100%        6    ######.
 Shadow Creatures         Summ           N/A          100%        6    ######.
 Dragon Form              Tmut           ##........   100%        7    #######
 Haunt                    Necr/Summ      #.........   100%        7    #######
 Malign Gateway           Summ/Tloc      #.........   100%        7    #######
 Monstrous Menagerie      Summ           #.........   100%        7    #######
 Summon Greater Demon     Summ           #.........   100%        7    #######
 Summon Hydra             Summ           #.........   100%        7    #######
 Borgnjor's Revivificati  Necr           #.........   100%        8    #######
 Controlled Blink         Tloc           N/A          100%        8    #######
 Death's Door             Chrm/Necr      ###.......   100%        8    #######
 Discord                  Hex            ####......   100%        8    #######
 Disjunction              Tloc           #.........   100%        8    #######
 Infestation              Necr           #.........   100%        8    #######
 Lehudib's Crystal Spear  Conj/Erth      ####......   100%        8    #######
 Necromutation            Tmut/Necr      ##........   100%        8    #######
 Summon Horrible Things   Summ           #.........   100%        8    #######
 Dragon's Call            Summ           #.........   100%        9    #######
 Shatter                  Erth           #.........   100%        9    #######
 Tornado                  Air            ####......   100%        9    #######
 Sublimation of Blood     Necr           Unusable     N/A         2    N/A
 Statue Form              Tmut/Erth      Unusable     N/A         6    N/A

Dungeon Overview and Level Annotations

Branches:
Dungeon (15/15)            Temple (1/1) D:6            Lair (6/6) D:9
  Swamp (4/4) Lair:4       Spider (4/4) Lair:2        Slime (5/5) Lair:6
    Orc (2/2) D:10            Elf (3/3) Orc:2        Vaults (5/5) D:13
  Crypt (3/3) Vaults:3       Tomb (3/3) Crypt:3      Depths (5/5) D:15
   Hell (visited)             Dis (7/7) Hell            Geh (7/7) Hell
    Coc (7/7) Hell            Tar (7/7) Hell            Zot (0/5) Depths:5
  IceCv (visited)         Volcano (visited)          WizLab (visited)
Gauntlet (visited)

Altars:
Ashenzari
Cheibriados
Gozag
Kikubaaqudgha
Makhleb
Nemelex Xobeh
Okawaru
Ru
Trog
Uskayaw
Vehumet
Wu Jian
Yredelemnul
Zin
Beogh

Shops:
D:3 *   D:6 }   D:8 (   D:10 (   D:12 [   D:14 :   Orc:2 *[=(   Elf:2 !
Vaults:2 ?   Vaults:3 !   Depths:4 }

Portals:
Hell: Depths:1 Depths:2 Depths:3 Depths:4 Depths:5
Abyss: Depths:4 Depths:5
Pandemonium: Depths:3

Annotations:
D:4 1 runed translucent door, aidenn's ghost, novice HOFi
D:10 3 runed translucent doors, exclusion: obsidian statue, MalarOregon's ghost, novice DrCj
Slime:1 Dissolution
Elf:2 1 runed translucent door
Depths:3 2 runed translucent doors


Innate Abilities, Weirdness & Mutations

You are resistant to torment.
((Your stone body is resilient. (AC +20)))
You are immune to poison.
((Your large and strong wings let you fly indefinitely.))
You resist negative energy. (rN+)
((You are resistant to electric shocks. (rElec)))
((You can survive without breathing.))
You are immune to petrification.
You are immune to rotting.
((You have sharp fingernails.))
((You are partially covered in large bone plates. (SH +4)))
You have a somewhat thin skeletal structure. (Dex +2, Stealth)
Scrolls take you a little longer to read.
Your mind is acute. (Int +2)
You are clumsy. (Dex -2)
Your body sometimes deteriorates upon taking damage.
You are very frail. (-20% HP)
You have an increased reservoir of magic. (+10% MP)
You occasionally shout uncontrollably at your foes.


Message History

The dungeon shakes, a horrible noise fills the air, and a portal to some otherworldly place is opened!
Dykeann bursts into living lightning!
The living lightning misses you.
Dykeann blinks!
The jumping spider leaps!
The smoke demon gestures at you. Something smites you!
* * * LOW HITPOINT WARNING * * *
Tacudum blinks!
The Killer Klown blinks!
The Tzitzimitl calls on the powers of darkness!
The iron troll convulses!
The hippogriff convulses!
The alligator snapping turtle convulses!
The Killer Klown convulses! x2; The hornet convulses!
Your body is wracked with pain!
* * * LOW HITPOINT WARNING * * *
You take 17 damage, and have 27/159 hp.
Okay, then.
Okay, then.
Unknown command.
The hellion gestures at you.
The sphere of damnation explodes!
The damnation engulfs you!!
You die...

......../......p.°.........4...
...............§∩F&4&....§.....
..).....w.....t3§HT1...........
...)............3..............
................pt2&&..........
.................t.&1..........
▓▓....p..§2.&....▓▓▓▓▓
▓........y{.....▓
▓.....b.........▓
▓...............▓
▓....&..........▓
▓▓▓▓▓▓▓▓▓▓▓▓▓▓▓▓▓


You could see Afarch, Bedaiveo, Bufepti, Dykeann, Kishras, Vuekit Iluh, Weidacs,
2 Killer Klowns, an alligator snapping turtle, a Tzitzimitl, an Ice Fiend, an
iron troll, a green death, 2 apocalypse crabs, an ice devil, a hippogriff shaped
shifter, a sixfirhy, a smoke demon, a hellion, a hornet and a bullfrog shaped
shifter.

Levels and vault maps discovered:
D:1:      zaba_arrival_water, layout_loops_corners,
          nemelex_xobeh_ov_fountains_minmay
D:2:      layout_loops_corners, yredelemnul_altar_generic, first_ration
D:3:      layout_basic, cheibrodos_ashenzari_chains, zin_purify,
          old_standard_altar, chequers_ecumenical_altar_twisty,
          kennysheep_slug_shrine, uniq_robin, uniq_grinder
D:4:      layout_loops_ring, hellmonk_ghost_happy_afterlife, uniq_edmund,
          uniq_duvessa
D:5:      layout_loops_ring, st_stairs_5, minmay_misc_feat_alley,
          uniq_eustachio, uniq_sigmund
D:6:      layout_basic, kennysheep_okawaru_gauntlet,
          minmay_temple_entry_butterflies, serial_shops,
          nicolae_shop_behind_doors, grunt_gozag_statues,
          uniq_crazy_yiuf_cottage
D:7:      layout_cave_pods, ebering_ghost_reflecting_pool
D:8:      layout_loops_ring, lemuel_round_altar, special_room
          [special_room_orc], serial_shops, shop
D:9:      layout_stronghold, erik_lair_orcish_takeover, uniq_erolcha
D:10:     layout_cave_pods, hiddenorc2_lemuel, serial_shops,
          nicolae_shop_overgrown_old_shop, ebering_ghost_gozag
D:11:     layout_roguey, grunt_ogre_cave
D:12:     layout_rooms, serial_shops, shop_statue
D:13:     minmay_curly_fans, layout_basic, david_vaults_3,
          nicolae_trove_entry_crystal
D:14:     layout_gridville, gauntlet_entry_generic, dk_noncrumbling_4,
          serial_shops, shop
D:15:     grunt_enter_depths_giant_problem, layout_cave_pools,
          skrybe_limestone_x, serial_column_ruins, column_ruins_square_large,
          column_ruins_hut, column_ruins_open_tiny,
          column_ruins_columns_straight, column_ruins_open_tiny,
          column_ruins_open_tiny, column_ruins_grid_2,
          column_ruins_corridor_straight, column_ruins_corridor_dead_end,
          minmay_guarded_unrand_wrath_of_trog
Temple:   compressed_dpeg_circular_temple
Lair:1:   layout_gridlike, chequers_serial_rivers_small_b, beast_lair_carwin_6
Lair:2:   layout_chaotic_city, spider_nest_entry_a,
          nicolae_volcano_entry_lava_flow, chequers_serial_rivers_micro_b
Lair:3:   layout_big_grid
Lair:4:   gammafunk_mikee_crab_dinner, layout_regular_city,
          minmay_swamp_entry_worms, portal_ice_cave_rime
Lair:5:   statuecave_lemuel, layout_cave_pods, serial_bayou_shore_b,
          uniq_josephine
Lair:6:   hangedman_lair_tendril_chambers, layout_gridlike,
          guppyfry_lair_end_dragon, nicolae_slime_entry_slimehenge
Swamp:1:  layout_basic_swamp, infiniplex_staircase_pool, uniq_donald
Swamp:2:  gammafunk_the_bubble [the_bubble_gammafunk_plus_minus],
          layout_basic_swamp, nicolae_swamp_trees_clearing, swamp_pool1,
          infiniplex_staircase_pool_2
Swamp:3:  layout_basic_swamp, evilmike_swamp_ruin_house_6, swamp_pool3
Swamp:4:  swamp_vile, layout_basic_swamp
Spider:1: layout_spider_delve
Spider:2: layout_spider_delve, hangedman_spider_tarantella_strand, uniq_arachne
Spider:3: layout_spider_delve, guppyfry_spider_mini_1
Spider:4: spider_rune_water
Slime:1:  layout_caves
Slime:2:  layout_caves, nicolae_slime_barrier, dissolution_awaits
Slime:3:  layout_caves
Slime:4:  layout_caves, nicolae_slime_ancient_tower_intersection
Slime:5
Orc:1:    layout_caves, uniq_urug
Orc:2:    grunt_orc_cross, layout_caves, basic_altar, minmay_orc_temple_b
Elf:1:    layout_gridlike, minmay_elf_annihilation
Elf:2:    layout_geoelf_grid, serial_shops, shop
Elf:3:    elf_hall, layout_gridlike, basic_altar, fountainhead
Vaults:1: ontoclasm_vaults_misaligned, vaults_dpeg_cross,
          nicolae_vaults_gold_heap, hangedman_vaults_stagger, vaults_room_pools,
          nicolae_vaults_network_quinsquares
          [nicolae_vaults_network_quincunx_subvault,
          nicolae_vaults_network_quincunx_subvault,
          nicolae_vaults_network_quincunx_subvault,
          nicolae_vaults_network_quincunx_subvault], ontoclasm_vaults_shuriken,
          vaults_room_grunt_arrival_ludios, nicolae_vaults_little_squares_4,
          layout_vaults_omnigrid
Vaults:2: v_rooms_2, hangedman_vaults_stitches, ontoclasm_vaults_tryst,
          ontoclasm_vaults_ring_large, v_misc_22, ontoclasm_vaults_chip,
          vaults_mumra_chevron, grunt_vaults_bifocal, v_rooms_6,
          ontoclasm_vaults_gallery, v_pattern_1, layout_vaults_omnibox,
          serial_shops, shop, uniq_aizul, uniq_bai_suzhen
Vaults:3: gammafunk_vaults_ghost_crypt, vaults_room_boxed,
          minmay_crypt_entry_vampire_xt, grunt_vaults_focal,
          nicolae_vaults_little_squares_3, vaults_room_corners,
          nicolae_vaults_little_squares_1, ontoclasm_vaults_twist,
          nicolae_vaults_diagonal_hallway_6, hangedman_vaults_capsules,
          v_misc_11, v_alt_pattern_6, v_misc_19, layout_vaults_omnicross,
          serial_shops, nicolae_shop_temple_entry_statues_fountains
Vaults:4: ontoclasm_vaults_ring_square, nicolae_vaults_circle_grid_b, v_misc_14,
          vaults_room_large_hall, nicolae_vaults_ring_of_whatevers,
          ontoclasm_vaults_shout, vaults_standard_mumra_enter_the_diamond,
          v_misc_31, nicolae_vaults_yaktaur_gun_rack, v_alt_pattern_1,
          hangedman_vaults_nodes, hangedman_vaults_trim, layout_vaults_ring
Vaults:5
Crypt:1:  layout_catacombs, lightli_enter_wizlab_magi_temple,
          minmay_misc_feat_rows, grunt_megastairs_4
Crypt:2:  layout_misc_corridors, lemuel_elevator
Crypt:3:  cryptofortress_bobbens
Tomb:1
Tomb:2
Tomb:3:   uniq_mara, uniq_boris
Depths:1: layout_roguey [special_room_jelly], minmay_misc_feat_iff, hell_entry,
          minmay_splitting_lines, kilobyte_mutagenic_chamber,
          infiniplex_staircase_pool_lava, uniq_enchantress
Depths:2: minmay_inner_zag, layout_cave_shapes, hell_entry, grunt_megastairs_3,
          uniq_saint_roka
Depths:3: minmay_the_grid_triangle_9x9_line_8_mashed
          [minmay_the_grid_triangle_9x9_intruding_spiral,
          minmay_the_grid_triangle_9x9_warning,
          minmay_the_grid_triangle_9x9_tough_junction,
          minmay_the_grid_triangle_9x9_cache,
          minmay_the_grid_triangle_9x9_stretched_checkered,
          minmay_the_grid_triangle_9x9_checkered,
          minmay_the_grid_triangle_9x9_empty,
          minmay_the_grid_triangle_9x9_prize_insulated], layout_gridville,
          pf_hell_entry_tar_spiral, pan_entry, glass_columns_b, fountainhead,
          infiniplex_staircase_zigzag_2
Depths:4: minmay_bubble_buster, layout_cave_shapes, enter_ziggurat_a,
          serial_shops, kennysheep_little_box, grunt_hell_entry_dis_old,
          hangedman_abyss_entry_splay, kennysheep_path_1
Depths:5: grunt_zot_entry_gee_three, layout_basic, minivault_14, hell_entry,
          abyss_entry, st_stairs_7, uniq_xtahua, uniq_sojobo
Hell
Dis:1:    layout_gridville
Dis:2:    layout_regular_city
Dis:3:    layout_jigsaw
Dis:4:    layout_subdivisions
Dis:5:    layout_subdivisions
Dis:6:    layout_regular_city
Dis:7:    dis_grunt_layers
Geh:1:    layout_gehenna_pools_box
Geh:2:    layout_gehenna_lava_caves
Geh:3:    layout_gehenna_pools_basic, evilmike_ambush
          [evilmike_ambush_outer_basic, evilmike_ambush_inner_pond]
Geh:4:    layout_gehenna_lava_caves
Geh:6:    layout_gehenna_lava_caves
Geh:7:    geh_grunt
Coc:1:    layout_cocytus_water_paths
Coc:2:    layout_ice_bergs
Coc:3:    layout_ice_bergs
Coc:4:    layout_ice_bergs
Coc:5:    layout_cocytus_water_paths
Coc:6:    layout_cocytus_water_paths
Coc:7:    coc_mu
Tar:1:    layout_cathedral_of_symmetry, nicolae_tar_cuneiform_not,
          lemuel_nasty_fountain
Tar:2:    minmay_shadows, layout_cathedral_of_symmetry
Tar:3:    layout_catacombs
Tar:6:    layout_honeycomb
Tar:7:    tar_minmay_river
Zig:25:   ziggurat_pillar_d, ziggurat_pillar_d, ziggurat_pillar_d,
          ziggurat_pillar_d

Notes
Turn   | Place    | Note
-------+----------+-------------------------------------------
     0 | D:1      | motoroller71 the Gargoyle Fighter began the quest for the
                  | Orb.
     0 | D:1      | Reached XP level 1. HP: 14/14 MP: 1/1
    96 | D:1      | Reached skill level 2 in Axes
   159 | D:1      | Identified a +0 club
   331 | D:1      | Found a sparkling altar of Nemelex Xobeh.
   362 | D:1      | Identified a +0 dagger
   365 | D:1      | Reached XP level 2. HP: 19/19 MP: 2/2
   492 | D:1      | Identified a +0 short sword
   493 | D:1      | Identified a +0 short sword
   503 | D:1      | Identified a +0 dagger
   748 | D:1      | Identified a +0 dagger
   828 | D:2      | Found a basalt altar of Yredelemnul.
  1034 | D:2      | Reached XP level 3. HP: 24/24 MP: 3/3
  1291 | D:2      | Identified a +0 dagger
  1661 | D:3      | Identified a +0 club
  1684 | D:3      | Identified a +0 dagger
  1685 | D:3      | Found a snail-covered altar of Cheibriados.
  1691 | D:3      | Reached skill level 3 in Axes
  1737 | D:3      | Identified a +0 club
  1739 | D:3      | Found a shattered altar of Ashenzari.
  1740 | D:3      | Identified a +0 club
  1740 | D:3      | Identified a +0 hunting sling
  1826 | D:3      | Identified a +0 club
  1826 | D:3      | Identified a +0 spear
  1830 | D:3      | Identified a +0 club
  1830 | D:3      | Identified a +0 club
  1830 | D:3      | Identified a +0 spear
  1847 | D:3      | Reached skill level 4 in Fighting
  1847 | D:3      | Reached XP level 4. HP: 19/29 MP: 4/4
  2086 | D:3      | Reached XP level 5. HP: 34/34 MP: 5/5
  2108 | D:3      | Identified a +2 dagger of venom
  2108 | D:3      | Identified a +0 animal skin
  2108 | D:3      | Identified a +0 helmet
  2108 | D:3      | Noticed Robin
  2108 | D:3      | Identified a +0 dagger
  2108 | D:3      | Identified a cursed -3 hunting sling
  2109 | D:3      | Identified a +0 club
  2109 | D:3      | Identified a cursed -3 club
  2109 | D:3      | Identified a +0 club
  2111 | D:3      | Identified a +0 club
  2114 | D:3      | Reached skill level 4 in Axes
  2131 | D:3      | Killed Robin
  2192 | D:3      | Found a faded altar of an unknown god.
  2204 | D:3      | Found an ornate altar of the Wu Jian Council.
  2411 | D:3      | Found Zin's Purification Station.
  2413 | D:3      | Found a glowing silver altar of Zin.
  2557 | D:3      | Noticed Grinder
  2559 | D:3      | Identified a +0 war axe
  2568 | D:3      | Killed Grinder
  2568 | D:3      | Reached skill level 5 in Fighting
  2568 | D:3      | Reached skill level 5 in Axes
  2568 | D:3      | Reached XP level 6. HP: 23/40 MP: 6/6
  2579 | D:3      | Identified a +1 pair of gloves (You found it on level 2 of
                  | the Dungeon)
  2579 | D:3      | Identified an amulet of reflection (You found it on level 2
                  | of the Dungeon)
  2580 | D:3      | Identified a ring of strength (You found it on level 1 of
                  | the Dungeon)
  2722 | D:3      | Identified a +0 dagger
  2722 | D:3      | Identified a +0 dagger
  2722 | D:3      | Identified a +0 robe
  2722 | D:3      | Identified a +0 club
  2722 | D:3      | Identified a +0 club
  2722 | D:3      | Identified a +0 leather armour
  2722 | D:3      | Identified a +0 whip
  2874 | D:4      | Noticed a sky beast
  2874 | D:4      | Identified a +0 giant club
  2891 | D:4      | Killed a sky beast
  2891 | D:4      | Reached XP level 7. HP: 44/44 MP: 7/7
  3158 | D:4      | Found a runed translucent door.
  3158 | D:4      | Noticed aidenn's ghost (novice HOFi)
  3189 | D:4      | Identified a cursed +0 ring mail
  3189 | D:4      | Identified a cursed -1 hand axe
  3189 | D:4      | Identified a +0 leather armour
  3189 | D:4      | Identified a +0 trident
  3189 | D:4      | Identified a +0 dagger
  3189 | D:4      | Identified a +0 robe
  3192 | D:4      | Identified a +0 hand axe of chopping
  3212 | D:4      | Reached skill level 6 in Axes
  3257 | D:4      | Reached skill level 6 in Fighting
  3272 | D:4      | Identified a +0 short sword
  3272 | D:4      | Identified a +0 leather armour
  3272 | D:4      | Noticed Duvessa
  3274 | D:4      | Identified a +0 dagger
  3274 | D:4      | Identified a +0 robe
  3274 | D:4      | Noticed Dowan
  3294 | D:4      | Killed Dowan
  3297 | D:4      | Killed Duvessa
  3670 | D:4      | Identified a +1 flail of protection
  3670 | D:4      | Identified a +0 chain mail
  3670 | D:4      | Noticed Edmund
  3697 | D:4      | Killed Edmund
  3697 | D:4      | Reached skill level 7 in Axes
  3697 | D:4      | Reached XP level 8. HP: 49/52 MP: 8/8
  3821 | D:5      | Entered Level 5 of the Dungeon
  3821 | D:5      | Identified a +0 mace
  3821 | D:5      | Identified a +0 ring mail
  3822 | D:5      | Identified a +0 war axe
  3822 | D:5      | Identified a cursed +0 leather armour
  3823 | D:5      | Identified a +0 dagger
  3823 | D:5      | Identified a +0 ring mail
  4030 | D:4      | Reached skill level 7 in Fighting
  4116 | D:5      | Identified a +0 war axe
  4116 | D:5      | Identified a +0 shortbow
  4161 | D:5      | Identified a +0 scythe
  4161 | D:5      | Identified a +0 robe
  4161 | D:5      | Noticed Sigmund
  4173 | D:5      | Killed Sigmund
  4173 | D:5      | Reached skill level 8 in Axes
  4190 | D:5      | Identified a +0 rapier
  4190 | D:5      | Identified a cursed +0 leather armour
  4190 | D:5      | Noticed Eustachio
  4231 | D:5      | Killed Eustachio
  4274 | D:5      | Reached XP level 9. HP: 40/58 MP: 9/9
  4377 | D:5      | Identified a +0 hand axe
  4377 | D:5      | Identified a +0 leather armour
  4377 | D:5      | Identified a +0 dagger
  4377 | D:5      | Identified a +0 robe
  4377 | D:5      | Identified a +0 dagger
  4377 | D:5      | Identified a +0 robe
  4378 | D:5      | Identified a +0 ring mail
  4591 | D:5      | Reached skill level 8 in Fighting
  4605 | D:5      | Identified a +0 giant club
  4821 | D:5      | Identified a +0 giant spiked club
  4830 | D:5      | Reached skill level 9 in Axes
  5314 | D:6      | Identified a +0 dagger
  5314 | D:6      | Identified a +0 robe
  5314 | D:6      | Identified a +0 falchion
  5314 | D:6      | Identified a +0 scale mail
  5315 | D:6      | Identified a +0 whip
  5315 | D:6      | Identified a +2 leather armour of cold resistance
  5577 | D:6      | Found a staircase to the Ecumenical Temple.
  5591 | Temple   | Entered the Ecumenical Temple
  5600 | Temple   | Became a worshipper of Makhleb the Destroyer
  5729 | D:6      | Found Zaigiem's Gadget Shop.
  5732 | D:6      | Bought a wand of paralysis (10) for 168 gold pieces
  5738 | D:6      | Identified a +0 spear
  5738 | D:6      | Identified a +0 spear
  5750 | D:6      | Found an iron altar of Okawaru.
  5862 | D:6      | Found an opulent altar of Gozag.
  5919 | D:6      | Found a runed translucent door.
  5920 | D:6      | Identified a +2 quarterstaff of chaos
  5920 | D:6      | Identified a +2 cloak of magic resistance
  5920 | D:6      | Noticed Crazy Yiuf
  6191 | D:6      | Killed Crazy Yiuf
  6201 | D:6      | Identified 11 scrolls of identify
  6201 | D:6      | Identified an amulet of the acrobat (You found it on level
                  | 4 of the Dungeon)
  6701 | D:7      | Identified a +1 vampiric hand axe
  6701 | D:7      | Identified a +0 leather armour
  6701 | D:7      | Identified a +0 club
  6702 | D:7      | Identified a +0 short sword
  6886 | D:7      | Got a bloodstained quarterstaff
  6930 | D:7      | Identified a cursed +1 war axe
  6930 | D:7      | Identified a +0 robe
  6934 | D:7      | Identified a cursed +2 battleaxe of venom
  6934 | D:7      | Identified a +0 robe
  6935 | D:7      | Identified a +5 halberd
  6935 | D:7      | Identified a +0 robe
  6936 | D:7      | Identified a +0 long sword
  6936 | D:7      | Identified a +0 chain mail
  6972 | D:7      | Reached skill level 9 in Fighting
  6972 | D:7      | Reached skill level 10 in Axes
  7063 | D:7      | Identified a +0 dagger
  7063 | D:7      | Identified a +0 club
  7064 | D:7      | Identified a +0 dagger
  7064 | D:7      | Identified a +0 short sword
  7117 | D:7      | Found a runed translucent door.
  7125 | D:7      | Noticed MalarOregon's ghost (novice DrCj)
  7288 | D:7      | Identified 9 scrolls of teleportation
  7289 | D:7      | Identified 2 potions of mutation
  7290 | D:7      | Identified 2 potions of agility
  7291 | D:7      | Identified 3 scrolls of fog
  7292 | D:7      | Identified 5 scrolls of remove curse
  7293 | D:7      | Identified 2 potions of heal wounds
  7294 | D:7      | Identified a potion of cancellation
  7295 | D:7      | Identified a potion of ambrosia
  7296 | D:7      | Identified a potion of lignification
  7297 | D:7      | Identified a potion of brilliance
  7298 | D:7      | Identified 4 scrolls of enchant armour
  7308 | D:7      | Killed MalarOregon's ghost
  7308 | D:7      | Reached XP level 10. HP: 41/66 MP: 10/10
  7450 | D:8      | Identified a cursed -2 halberd
  7450 | D:8      | Identified a +0 plate armour
  7450 | D:8      | Identified a +0 trident
  7450 | D:8      | Identified a +0 hand axe of draining
  7451 | D:8      | Identified a +0 club
  7451 | D:8      | Identified a +0 chain mail
  7631 | D:8      | Identified a +0 dagger
  7633 | D:8      | Identified a +0 dagger
  7633 | D:8      | Identified a +0 club
  7634 | D:8      | Identified a cursed -2 shortbow
  7640 | D:8      | Reached * piety under Makhleb
  7659 | D:8      | Found an ancient bone altar of Kikubaaqudgha.
  7805 | D:8      | Reached skill level 11 in Axes
  7817 | D:8      | Identified a +0 dagger
  7817 | D:8      | Identified a +0 robe
  7817 | D:8      | Identified a +0 whip
  7817 | D:8      | Identified a +0 ring mail
  7817 | D:8      | Identified a +0 club
  7817 | D:8      | Identified a +0 ring mail
  7817 | D:8      | Identified a +0 giant spiked club
  7817 | D:8      | Identified a +0 giant club
  7817 | D:8      | Noticed a two-headed ogre
  8151 | D:8      | Identified a +0 long sword
  8151 | D:8      | Identified a +0 robe
  8165 | D:8      | Identified a cursed +4 mace of freezing
  8165 | D:8      | Identified a +0 robe
  8187 | D:8      | Identified a +3 battleaxe
  8187 | D:8      | Identified a +0 robe
  8213 | D:8      | Identified a +0 shortbow
  8389 | D:8      | HP: 13/68 [two-headed ogre/+0 giant spiked club (10)]
  8801 | D:8      | Identified a +0 giant club
  8804 | D:8      | Identified a +0 giant spiked club
  8806 | D:8      | Reached skill level 10 in Fighting
  8835 | D:8      | Found Suurhul's Antique Weapon Shoppe.
  8848 | D:8      | Identified a +0 short sword
  8849 | D:8      | Identified a +3 chain mail of magic resistance
  8849 | D:8      | Identified a +0 giant spiked club
  8850 | D:8      | Identified a +0 war axe
  8852 | D:8      | Identified a +0 whip
  8852 | D:8      | Identified a +0 leather armour
  8861 | D:8      | Identified a +0 short sword
  8861 | D:8      | Identified a +0 robe
  8862 | D:8      | Identified a +1 scimitar
  8862 | D:8      | Identified a +0 robe
  8865 | D:8      | Identified a +0 mace
  8865 | D:8      | Identified a +0 robe
  8946 | D:8      | Killed a two-headed ogre
  8978 | D:8      | Identified a cursed +0 mace
  8978 | D:8      | Identified a +0 robe
  9039 | D:8      | Reached ** piety under Makhleb
  9221 | D:8      | Identified a +0 hand axe
  9221 | D:8      | Identified a cursed +0 leather armour
  9221 | D:8      | Identified a +2 dagger of draining
  9221 | D:8      | Identified a +0 ring mail
  9221 | D:8      | Identified a +0 falchion
  9221 | D:8      | Identified a +0 flail
  9221 | D:8      | Identified a +0 leather armour of poison resistance
  9222 | D:8      | Identified a +0 scimitar
  9222 | D:8      | Identified a +0 plate armour
  9222 | D:8      | Identified a +0 club
  9222 | D:8      | Identified a +0 whip
  9222 | D:8      | Identified a +0 club
  9222 | D:8      | Identified a +0 hand axe
  9222 | D:8      | Identified a +0 scale mail
  9223 | D:8      | Identified a +0 flail
  9223 | D:8      | Identified a +0 leather armour
  9224 | D:8      | Identified a +0 hand axe
  9224 | D:8      | Identified a +0 chain mail
  9224 | D:8      | Identified a +0 leather armour
  9224 | D:8      | Identified a +0 short sword
  9224 | D:8      | Identified a +0 club
  9229 | D:8      | Identified a +0 flail
  9229 | D:8      | Identified a +0 short sword
  9231 | D:8      | Identified a +0 ring mail
  9232 | D:8      | Identified a +0 whip
  9232 | D:8      | Identified a +0 club
  9232 | D:8      | Identified a +0 leather armour
  9233 | D:8      | Identified a +0 dagger
  9233 | D:8      | Identified a cursed -1 club
  9253 | D:8      | Identified a +0 club
  9269 | D:8      | Found a roughly hewn altar of Beogh.
  9404 | D:9      | Identified a +0 giant spiked club
  9505 | D:9      | Identified a +0 dagger
  9505 | D:9      | Identified a +0 dagger
  9505 | D:9      | Identified a +0 robe
  9506 | D:9      | Identified a +0 mace
  9507 | D:9      | Found a staircase to the Lair.
  9507 | D:9      | Identified a +0 falchion
  9507 | D:9      | Identified a +0 leather armour
  9511 | D:9      | Identified a +0 dagger
  9511 | D:9      | Identified a +0 robe
  9516 | D:9      | Identified a +0 leather armour
  9526 | D:9      | Identified a +0 dagger
  9526 | D:9      | Identified a +0 scale mail
  9531 | D:9      | Reached skill level 12 in Axes
  9538 | D:9      | Reached XP level 11. HP: 73/73 MP: 11/11
  9542 | D:9      | Reached *** piety under Makhleb
  9548 | D:9      | Reached skill level 11 in Fighting
  9683 | D:9      | Identified a +0 giant club
  9773 | D:9      | Identified a +0 dagger
  9773 | D:9      | Identified a +0 dagger
  9773 | D:9      | Identified a +0 robe
  9773 | D:9      | Identified a +2 scimitar of flaming
  9773 | D:9      | Identified a +1 chain mail of magic resistance
  9776 | D:9      | Identified a +0 flail
  9801 | D:9      | HP: 13/74 [orc warrior/boomerang (13)]
 10111 | D:9      | Identified a +0 dagger
 10111 | D:9      | Identified a cursed +0 robe
 10114 | D:9      | Identified a +0 giant club
 10179 | D:9      | Identified a +0 giant club
 10179 | D:9      | Identified a +0 robe
 10179 | D:9      | Noticed Erolcha
 10184 | D:9      | Noticed Erolcha
 10184 | D:9      | Erolcha changed into Erolcha the tengu
 10190 | D:9      | Killed Erolcha the tengu
 10332 | D:9      | Identified a cursed -1 giant spiked club
 10332 | D:9      | Identified a +0 dire flail
 10332 | D:9      | Noticed a two-headed ogre
 10342 | D:9      | Killed a two-headed ogre
 10627 | D:9      | Identified a +0 giant spiked club
 10641 | D:9      | Identified a +0 glaive
 10641 | D:9      | Identified a +0 chain mail
 10641 | D:9      | Identified a +0 dagger
 10641 | D:9      | Identified a +0 robe
 10641 | D:9      | Identified a +0 leather armour
 10838 | D:10     | Entered Level 10 of the Dungeon
 10851 | D:10     | Reached skill level 13 in Axes
 10885 | D:10     | Identified a +0 mace
 10885 | D:10     | Identified a +0 leather armour
 10885 | D:10     | Identified a +0 whip
 10886 | D:10     | Identified a +0 dagger
 10886 | D:10     | Identified a +0 leather armour
 10887 | D:10     | Identified a +0 short sword
 10890 | D:10     | Identified a +0 falchion
 10890 | D:10     | Identified a +0 leather armour
 10890 | D:10     | Identified a +0 whip
 10890 | D:10     | Identified a +0 chain mail
 10893 | D:10     | Identified a +0 short sword
 10893 | D:10     | Identified a +0 chain mail
 10893 | D:10     | Identified a +0 whip
 10894 | D:10     | Reached **** piety under Makhleb
 10894 | D:10     | Identified a +0 dagger
 10904 | D:10     | Identified a +0 short sword
 10904 | D:10     | Identified a +3 chain mail
 10905 | D:10     | Identified a +0 dagger
 10907 | D:10     | Identified a +0 flail
 10907 | D:10     | Identified a +0 leather armour
 10907 | D:10     | Identified a +0 mace
 10919 | D:10     | Identified a +0 hand axe
 10919 | D:10     | Identified a +0 leather armour
 10919 | D:10     | Identified a cursed -3 flail
 10921 | D:10     | Identified a +0 flail
 10922 | D:10     | Found a staircase to the Orcish Mines.
 10922 | D:10     | Identified a +0 whip
 10922 | D:10     | Identified a +0 leather armour
 10922 | D:10     | Identified a +0 leather armour
 10922 | D:10     | Identified a +0 falchion
 10924 | D:10     | Identified a +0 club
 10924 | D:10     | Identified a +0 leather armour
 10927 | D:10     | Identified a +0 trident
 10927 | D:10     | Identified a cursed +0 flail
 10927 | D:10     | Identified a +0 falchion
 10927 | D:10     | Identified a cursed +0 leather armour
 10929 | D:10     | Identified a +0 mace
 10930 | D:10     | Identified a +0 club
 10930 | D:10     | Identified a +0 chain mail
 10970 | D:10     | Identified a ring of magical power (You found it on level 9
                  | of the Dungeon)
 10972 | D:10     | Identified a ring of protection (You found it on level 9 of
                  | the Dungeon)
 11058 | D:10     | Identified a +0 trident
 11101 | D:10     | Identified a +0 club
 11101 | D:10     | Identified a +0 leather armour
 11120 | D:10     | Identified a +0 giant spiked club
 11120 | D:10     | Identified a +0 giant club
 11120 | D:10     | Noticed a two-headed ogre
 11131 | D:10     | Killed a two-headed ogre
 11291 | D:10     | Found Motonih's Antique Weapon Shop.
 11329 | D:10     | Identified a +0 shortbow
 11434 | D:10     | Identified a +1 antimagic whip
 11434 | D:10     | Identified a +0 robe
 11544 | D:10     | Found a runed translucent gate.
 11545 | D:10     | Found a runed translucent gate.
 11545 | D:10     | Found an opulent altar of Gozag.
 11546 | D:10     | Found a runed translucent gate.
 11546 | D:10     | Noticed an obsidian statue
 11548 | D:10     | Identified a +0 great sword of flaming
 11548 | D:10     | Noticed a fire giant
 11548 | D:10     | Noticed MalarOregon's ghost (novice DrCj)
 11713 | D:11     | Identified a +0 shortbow
 11713 | D:11     | Identified a +0 short sword
 11713 | D:11     | Identified a +0 scale mail
 11713 | D:11     | Identified a +0 club
 11713 | D:11     | Identified a +0 club
 11713 | D:11     | Identified a +0 dagger
 11713 | D:11     | Identified a +0 club
 11718 | D:11     | Reached ***** piety under Makhleb
 11888 | D:11     | Noticed a four-headed hydra
 12242 | D:11     | Identified a ring of see invisible (You found it on level
                  | 10 of the Dungeon)
 12254 | D:11     | Identified a +0 great mace
 12254 | D:11     | Identified a +0 great mace
 12254 | D:11     | Noticed a two-headed ogre
 12260 | D:11     | Killed a two-headed ogre
 12260 | D:11     | Reached skill level 1 in Dodging
 12260 | D:11     | Reached skill level 1 in Invocations
 12268 | D:11     | Got a scorched leather armour
 12279 | D:11     | Identified the +3 leather armour of the Swamp {rF+ Str-3
                  | Dex+4 Stlth+} (You found it on level 11 of the Dungeon)
 12388 | D:11     | Identified a +0 shortbow
 12390 | D:11     | Identified a +0 shortbow
 12390 | D:11     | Identified a +0 shortbow
 12392 | D:11     | Identified a +0 shortbow
 12395 | D:11     | Identified a +0 shortbow
 12427 | D:11     | Identified a +0 giant spiked club
 12504 | D:11     | Noticed a cyan ugly thing
 12515 | D:11     | Killed a cyan ugly thing
 12515 | D:11     | Reached skill level 12 in Fighting
 12515 | D:11     | Reached skill level 4 in Armour
 12515 | D:11     | Reached skill level 4 in Shields
 12515 | D:11     | Reached XP level 12. HP: 67/81 MP: 13/13
 12587 | D:11     | Reached skill level 2 in Invocations
 12668 | D:11     | Killed a one-headed hydra
 12846 | D:11     | Identified a +0 giant spiked club
 12985 | D:12     | Identified a +0 giant club
 12985 | D:12     | Identified a +0 dire flail
 12985 | D:12     | Noticed a two-headed ogre
 12991 | D:12     | Reached skill level 2 in Dodging
 12992 | D:12     | Identified a +0 flail
 13000 | D:12     | Killed a two-headed ogre
 13020 | D:12     | Found Mugod's Armour Shop.
 13032 | D:12     | Identified a +5 dagger of freezing
 13032 | D:12     | Identified a +0 robe
 13034 | D:12     | Identified a +0 battleaxe
 13034 | D:12     | Identified a +0 robe
 13038 | D:12     | Identified a cursed +4 battleaxe
 13038 | D:12     | Identified a +0 robe
 13092 | D:12     | Identified a +0 short sword
 13093 | D:12     | Identified a +3 whip
 13093 | D:12     | Identified a +0 leather armour
 13093 | D:12     | Identified a +0 dagger
 13093 | D:12     | Identified a +0 leather armour
 13093 | D:12     | Identified a +0 flail
 13093 | D:12     | Identified a +0 leather armour
 13094 | D:12     | Identified a +0 dagger
 13094 | D:12     | Identified a +0 robe
 13096 | D:12     | Identified a +0 shortbow
 13101 | D:12     | Reached skill level 3 in Invocations
 13107 | D:12     | Identified a cursed +0 shortbow
 13108 | D:12     | Identified a +0 shortbow of freezing
 13110 | D:12     | Identified a +0 shortbow
 13120 | D:12     | Identified a +0 shortbow
 13261 | D:12     | Reached skill level 5 in Shields
 13338 | D:12     | Reached skill level 5 in Armour
 13397 | D:12     | Identified a cursed +0 spear
 13397 | D:12     | Identified a +0 robe
 13465 | D:13     | Found a gate to the Vaults.
 13465 | D:13     | Identified a +3 longbow of flaming
 13465 | D:13     | Identified a cursed +0 centaur barding
 13465 | D:13     | Noticed Nessos
 13465 | D:13     | Identified a +0 great sword
 13465 | D:13     | Identified a +0 arbalest
 13465 | D:13     | Identified a cursed +0 plate armour
 13465 | D:13     | Identified a +0 giant club
 13465 | D:13     | Identified a +0 giant spiked club
 13465 | D:13     | Noticed a two-headed ogre
 13465 | D:13     | Identified a +0 club
 13465 | D:13     | Identified a +0 robe
 13465 | D:13     | Noticed an ogre mage
 13465 | D:13     | Identified a +0 longbow
 13465 | D:13     | Noticed a centaur warrior
 13548 | D:13     | Noticed an eight-headed hydra
 13548 | D:13     | Identified a +0 longbow
 13548 | D:13     | Noticed a centaur warrior
 13549 | D:13     | Identified a +0 war axe
 13549 | D:13     | Identified a +0 leather armour
 13550 | D:13     | Identified a +0 war axe
 13550 | D:13     | Identified a +0 robe
 13863 | Orc:1    | Entered Level 1 of the Orcish Mines
 13864 | Orc:1    | You fall into a shaft and drop 1 floor!
 13864 | Orc:2    | Entered Level 2 of the Orcish Mines
 13864 | Orc:2    | Found a roughly hewn altar of Beogh.
 13893 | Orc:2    | Identified a +0 short sword
 13912 | Orc:2    | Identified a cursed -3 glaive
 13912 | Orc:2    | Identified a +0 chain mail
 13950 | Orc:2    | Identified a +0 spear
 13950 | Orc:2    | Identified a +0 ring mail
 13950 | Orc:2    | Identified a +0 halberd
 13951 | Orc:2    | Identified a +0 spear
 13954 | Orc:2    | Identified a +0 dagger
 13954 | Orc:2    | Identified a +0 robe
 13954 | Orc:2    | Identified a +0 mace
 13954 | Orc:2    | Identified a +0 chain mail
 13957 | Orc:2    | Identified a +0 dagger
 13957 | Orc:2    | Identified a +0 leather armour
 13959 | Orc:2    | Identified a +0 dire flail
 13959 | Orc:2    | Identified a +0 chain mail
 13964 | Orc:2    | Identified a +0 mace
 13964 | Orc:2    | Identified a +0 leather armour
 13966 | Orc:2    | Identified a +0 hand axe
 13966 | Orc:2    | Identified a +0 chain mail
 13969 | Orc:2    | Identified a +0 whip
 13975 | Orc:2    | Identified a +0 short sword
 13975 | Orc:2    | Identified a +0 chain mail
 13978 | Orc:2    | Identified a +0 giant club
 14015 | Orc:2    | Identified a +0 giant club
 14019 | Orc:2    | Identified a +0 short sword
 14019 | Orc:2    | Identified a +0 chain mail
 14022 | Orc:2    | Identified a +0 mace
 14022 | Orc:2    | Identified a +0 leather armour
 14022 | Orc:2    | Identified a +1 flail of crushing
 14022 | Orc:2    | Identified a +0 ring mail
 14023 | Orc:2    | Identified a +0 club
 14029 | Orc:2    | Reached skill level 14 in Axes
 14032 | Orc:2    | Identified a +0 dagger
 14032 | Orc:2    | Identified a +0 robe
 14037 | Orc:2    | Identified a +0 glaive
 14037 | Orc:2    | Identified a +0 chain mail
 14044 | Orc:2    | Found a staircase to the Elven Halls.
 14044 | Orc:2    | Identified a +0 ring mail
 14047 | Orc:2    | Identified a +0 dagger
 14047 | Orc:2    | Identified a +0 robe
 14051 | Orc:2    | Identified a +0 short sword
 14051 | Orc:2    | Identified a +0 plate armour
 14051 | Orc:2    | Identified a +0 mace
 14051 | Orc:2    | Identified a +0 chain mail
 14051 | Orc:2    | Identified a +0 mace
 14051 | Orc:2    | Identified a +0 chain mail
 14052 | Orc:2    | Identified a +0 glaive
 14052 | Orc:2    | Identified a +0 plate armour
 14068 | Orc:2    | Reached skill level 4 in Invocations
 14074 | Orc:2    | Reached skill level 3 in Dodging
 14075 | Orc:2    | Identified a +0 dagger
 14075 | Orc:2    | Identified a +2 robe of fire resistance
 14075 | Orc:2    | Identified a +0 falchion
 14075 | Orc:2    | Identified a +0 leather armour
 14075 | Orc:2    | Identified a +0 war axe
 14075 | Orc:2    | Identified a +0 chain mail
 14075 | Orc:2    | Identified a +1 battleaxe of freezing
 14075 | Orc:2    | Identified a +3 plate armour of fire resistance
 14075 | Orc:2    | Noticed an orc warlord
 14075 | Orc:2    | Identified a +0 dagger
 14075 | Orc:2    | Identified a +0 robe of magic resistance
 14075 | Orc:2    | Identified a +0 trident
 14075 | Orc:2    | Identified a +0 dagger
 14075 | Orc:2    | Identified a +0 robe
 14075 | Orc:2    | Identified a +0 war axe
 14075 | Orc:2    | Identified a +0 plate armour
 14092 | Orc:2    | Identified a cursed -1 whip
 14092 | Orc:2    | Identified a +0 long sword
 14092 | Orc:2    | Identified a +0 plate armour
 14096 | Orc:2    | Identified a +0 dire flail
 14096 | Orc:2    | Identified a +0 plate armour
 14102 | Orc:1    | Identified a +0 short sword
 14102 | Orc:1    | Identified a +0 dagger
 14102 | Orc:1    | Identified a +0 robe
 14102 | Orc:1    | Identified a +0 scimitar
 14102 | Orc:1    | Identified a +0 plate armour
 14117 | Orc:1    | Identified a +5 war axe
 14117 | Orc:1    | Identified a +0 scale mail
 14117 | Orc:1    | Noticed Urug
 14131 | Orc:1    | HP: 16/82 [Urug/+5 war axe (8)]
 14133 | Orc:1    | Noticed Urug
 14133 | Orc:1    | Urug changed into Urug the manticore
 14138 | Orc:1    | HP: 15/82 [Urug the manticore (2)]
 14140 | Orc:1    | HP: 4/82 [Urug the manticore (5)]
 14144 | Orc:1    | Killed Urug the manticore
 14451 | Orc:1    | Noticed a stone giant
 14507 | Orc:1    | Killed a stone giant
 14803 | Orc:1    | Identified a +0 club
 14803 | Orc:1    | Identified a +0 leather armour
 14806 | Orc:1    | Identified a +0 dagger
 14806 | Orc:1    | Identified a +0 robe
 14809 | Orc:1    | Identified a +0 dagger
 14809 | Orc:1    | Identified a cursed +0 robe
 14959 | Orc:1    | Identified a +0 leather armour
 14959 | Orc:1    | Identified a +0 flail
 14960 | Orc:1    | Identified a +0 short sword
 14960 | Orc:1    | Identified a cursed +0 chain mail
 15219 | Orc:2    | Identified a +0 dagger
 15219 | Orc:2    | Identified a +0 robe
 15223 | Orc:2    | Noticed a sun demon
 15224 | Orc:2    | Identified a +0 halberd
 15224 | Orc:2    | Identified a +0 chain mail
 15228 | Orc:2    | Identified a +0 ring mail
 15258 | Orc:1    | HP: 20/82 [orc knight/+0 war axe (17)]
 15478 | Orc:2    | Reached XP level 13. HP: 87/87 MP: 16/16
 15612 | Orc:2    | Identified a +0 dagger
 15612 | Orc:2    | Identified a +0 robe
 15617 | Orc:2    | Reached skill level 6 in Shields
 15617 | Orc:2    | Identified a +0 dagger
 15617 | Orc:2    | Identified a +0 robe
 15619 | Orc:2    | Identified a cursed +0 giant spiked club
 15619 | Orc:2    | Identified a +0 halberd
 15619 | Orc:2    | Identified a +0 chain mail
 15621 | Orc:2    | Identified a +0 flail
 15776 | Orc:2    | HP: 14/87 [orc warlord/+1 battleaxe of freezing (13)]
 16121 | Orc:2    | Identified a +0 hand axe
 16121 | Orc:2    | Identified a +0 chain mail
 16122 | Orc:2    | Identified a +0 dagger
 16122 | Orc:2    | Identified a +0 robe
 16129 | Orc:2    | Identified a +0 glaive
 16134 | Orc:2    | Reached skill level 5 in Invocations
 16134 | Orc:2    | Identified a +0 great mace
 16134 | Orc:2    | Identified a +0 plate armour
 16135 | Orc:2    | Found a roughly hewn altar of Beogh.
 16136 | Orc:2    | Identified a +0 halberd
 16136 | Orc:2    | Identified a +0 plate armour
 16153 | Orc:2    | HP: 16/87 [orc knight/+0 dire flail (24)]
 16362 | Orc:1    | HP: 20/87 [orc warlord/+1 battleaxe of freezing (5)]
 16365 | Orc:1    | Killed an orc warlord
 16365 | Orc:1    | Reached skill level 4 in Dodging
 16688 | Orc:1    | HP: 16/87 [orc knight/+0 dire flail (25)]
 16697 | Orc:1    | HP: 13/87 [orc knight/+0 dire flail (1)]
 17004 | Orc:2    | Identified a +0 dagger
 17004 | Orc:2    | Identified a +0 robe
 17007 | Orc:2    | Found Harpheent's General Store.
 17016 | Orc:2    | Identified a +0 club
 17041 | Orc:2    | Identified a +0 whip
 17097 | Orc:2    | Identified a +0 dagger
 17111 | Orc:2    | Identified a +0 dagger
 17111 | Orc:2    | Identified a +0 ring mail
 17200 | Orc:2    | Bought a potion of heal wounds for 80 gold pieces
 17205 | Orc:2    | Identified a +0 mace
 17205 | Orc:2    | Identified a +0 plate armour
 17208 | Orc:2    | Found Xeackios's Antique Armour Emporium.
 17223 | Orc:2    | Bought a pair of runed gloves for 202 gold pieces
 17231 | Orc:2    | Found Rannu's Jewellery Emporium.
 17242 | Orc:2    | Found Asouf's Antique Weapon Emporium.
 17389 | Orc:2    | Identified a +0 flail
 17391 | Orc:2    | Identified a +0 dagger of venom
 17391 | Orc:2    | Identified a +0 leather armour
 17393 | Orc:2    | Identified a +3 vampiric hand axe
 17393 | Orc:2    | Identified a +0 leather armour
 17394 | Orc:2    | Identified a +0 hand axe
 17395 | Orc:2    | Identified a +0 leather armour
 17395 | Orc:2    | Identified a +0 mace
 17397 | Orc:2    | Identified a cursed +0 morningstar
 17397 | Orc:2    | Identified a +0 leather armour
 17397 | Orc:2    | Identified a +2 dagger of protection
 17397 | Orc:2    | Identified a +0 falchion
 17397 | Orc:2    | Identified a +0 trident
 17397 | Orc:2    | Identified a +0 leather armour
 17402 | Orc:2    | Identified a cursed +0 flail
 17402 | Orc:2    | Identified a +0 plate armour
 17408 | Orc:2    | Identified a +0 dagger
 17408 | Orc:2    | Identified a +0 robe of the Archmagi
 17410 | Orc:2    | Identified a +0 hand axe
 17411 | Orc:2    | Identified a +0 mace
 17526 | Orc:2    | Found a roughly hewn altar of Beogh.
 17526 | Orc:2    | Identified a +0 whip
 17528 | Orc:2    | Identified a +0 flail
 17706 | Lair:1   | Entered Level 1 of the Lair of Beasts
 17751 | Lair:1   | Identified a +2 pair of gloves of dexterity (You bought it
                  | in a shop on level 2 of the Orcish Mines)
 17752 | Lair:1   | Identified a ring of resist corrosion (You found it on
                  | level 12 of the Dungeon)
 17753 | Lair:1   | Identified a scroll of vulnerability
 17754 | Lair:1   | Identified a scroll of silence
 17755 | Lair:1   | Identified 3 potions of magic
 17756 | Lair:1   | Identified 3 potions of flight
 17757 | Lair:1   | Identified 4 potions of haste
 17758 | Lair:1   | Identified 5 potions of curing
 17998 | Lair:1   | Reached skill level 13 in Fighting
 18444 | Lair:2   | Reached skill level 7 in Shields
 18527 | Lair:2   | Found a hole to the Spider Nest.
 18580 | Lair:2   | Reached skill level 15 in Axes
 18597 | Lair:2   | Identified 3 scrolls of immolation
 18655 | Lair:2   | Found a dark tunnel.
 18669 | Volcano  | Entered a volcano
 18678 | Volcano  | Identified a +0 giant club of flaming
 18678 | Volcano  | Identified a +0 giant club of flaming
 18679 | Volcano  | Identified a cursed +0 giant club
 18679 | Volcano  | Identified a +0 giant club of flaming
 18691 | Volcano  | Identified a +2 shortbow of flaming
 18697 | Volcano  | Identified a +1 shortbow of flaming
 18702 | Volcano  | Identified a +0 giant club of flaming
 18702 | Volcano  | Identified a +0 giant club of flaming
 18716 | Volcano  | Reached skill level 5 in Dodging
 18810 | Volcano  | Identified a +0 plate armour of fire resistance {rF+} (You
                  | found it in a volcano)
 18820 | Volcano  | Identified a +3 chain mail of fire resistance {rF+} (You
                  | found it in a volcano)
 18916 | Lair:2   | Reached skill level 6 in Armour
 18955 | Lair:2   | Reached ****** piety under Makhleb
 19032 | Lair:2   | Gained mutation: Your large and strong wings let you fly
                  | indefinitely. [Gargoyle growth]
 19032 | Lair:2   | Reached XP level 14. HP: 86/94 MP: 17/17
 19392 | Lair:2   | Reached skill level 8 in Shields
 20267 | Lair:4   | Found a frozen archway.
 20285 | IceCv    | Entered an ice cave
 20297 | IceCv    | Identified a ring of protection from fire (You found it on
                  | level 2 of the Lair of Beasts)
 20670 | IceCv    | Got a pair of scorched boots
 20683 | IceCv    | Identified a +2 hat (You found it in an ice cave)
 20689 | IceCv    | Identified the +0 pair of boots of Abstinence {rF+ Str+2}
                  | (You found it in an ice cave)
 20750 | IceCv    | Reached skill level 7 in Armour
 20842 | IceCv    | Identified a +2 scythe of freezing
 20842 | IceCv    | Noticed a reaper
 20852 | IceCv    | Killed a reaper
 20855 | IceCv    | Got a jewelled great sword
 21036 | Lair:4   | Upgraded the game from 0.24-a0-725-gf1a930fc54 to
                  | 0.24-a0-736-g4e6fe308c7
 21099 | Lair:4   | Found a runed translucent door.
 21231 | Lair:4   | Found a staircase to the Swamp.
 21869 | Lair:4   | Noticed an entropy weaver
 21899 | Lair:4   | Killed an entropy weaver
 21899 | Lair:4   | Reached skill level 9 in Shields
 22062 | Lair:4   | Reached skill level 14 in Fighting
 22068 | Lair:4   | Noticed an entropy weaver
 22083 | Lair:4   | Killed an entropy weaver
 22083 | Lair:4   | Reached skill level 16 in Axes
 22317 | Lair:4   | Noticed an entropy weaver
 22336 | Lair:4   | Killed an entropy weaver
 22365 | Lair:4   | Reached skill level 8 in Armour
 22378 | Lair:4   | Noticed an entropy weaver
 22387 | Lair:4   | Killed an entropy weaver
 22583 | Lair:5   | Identified a +2 antimagic war axe (You found it on level 5
                  | of the Lair of Beasts)
 22670 | Lair:5   | Identified a +0 dagger
 22670 | Lair:5   | Identified a +0 robe of fire resistance
 22670 | Lair:5   | Noticed Josephine
 22688 | Lair:5   | Killed Josephine
 22716 | Lair:5   | Reached XP level 15. HP: 98/100 MP: 18/18
 23750 | Lair:6   | Entered Level 6 of the Lair of Beasts
 23947 | Lair:6   | Reached skill level 10 in Shields
 23977 | Lair:6   | Reached skill level 9 in Armour
 24027 | Lair:6   | Identified a ring of fire (You found it on level 5 of the
                  | Lair of Beasts)
 24038 | Lair:6   | Identified 6 potions of degeneration
 24039 | Lair:6   | Identified 3 scrolls of blinking
 24384 | Lair:6   | Found a staircase to the Slime Pits.
 24694 | Lair:6   | Reached skill level 17 in Axes
 24927 | Lair:6   | Identified +0 steam dragon scales
 24940 | Lair:6   | Identified +0 acid dragon scales
 24988 | Lair:6   | Identified +0 fire dragon scales
 24988 | Lair:6   | Reached skill level 15 in Fighting
 25229 | Spider:1 | Entered Level 1 of the Spider Nest
 25248 | Spider:1 | Reached skill level 10 in Armour
 25299 | Spider:1 | Noticed an emperor scorpion
 25326 | Spider:1 | Killed an emperor scorpion
 25336 | Spider:1 | Reached XP level 16. HP: 108/108 MP: 19/19
 25807 | Spider:1 | Identified an amulet of inaccuracy (You found it on level 6
                  | of the Lair of Beasts)
 25808 | Spider:1 | Identified a ring of dexterity (You found it on level 6 of
                  | the Lair of Beasts)
 25815 | Spider:1 | Identified 3 scrolls of fear
 25816 | Spider:1 | Identified 4 scrolls of magic mapping
 25817 | Spider:1 | Identified a scroll of amnesia
 25818 | Spider:1 | Identified 2 scrolls of enchant weapon
 25819 | Spider:1 | Identified a scroll of torment
 25820 | Spider:1 | Identified 3 scrolls of random uselessness
 25821 | Spider:1 | Identified 2 scrolls of noise
 26272 | Spider:2 | Noticed Arachne
 26301 | Spider:2 | Killed Arachne
 26961 | Spider:3 | Noticed an entropy weaver
 26974 | Spider:3 | Killed an entropy weaver
 27321 | Spider:3 | Reached skill level 18 in Axes
 27353 | Spider:3 | HP: 22/109 [disintegration (36)]
 27363 | Spider:3 | Reached skill level 6 in Dodging
 27365 | Spider:4 | Entered Level 4 of the Spider Nest
 28037 | Spider:4 | Noticed an entropy weaver
 28053 | Spider:4 | Killed an entropy weaver
 28074 | Spider:4 | Reached skill level 11 in Armour
 28091 | Spider:4 | HP: 24/110 [emperor scorpion (3)]
 28095 | Spider:4 | HP: 10/110 [emperor scorpion (15)]
 28096 | Spider:4 | HP: 4/110 [emperor scorpion (7)]
 28106 | Spider:4 | Reached skill level 11 in Shields
 28115 | Spider:4 | HP: 25/110 [redback (8)]
 28346 | Spider:4 | Reached skill level 16 in Fighting
 28361 | Spider:4 | Reached XP level 17. HP: 112/115 MP: 20/20
 28979 | Spider:4 | Noticed an entropy weaver
 29010 | Spider:4 | Killed an entropy weaver
 29010 | Spider:4 | Reached skill level 7 in Dodging
 29042 | Spider:4 | HP: 23/115 [disintegration (36)]
 29517 | Spider:4 | Got a gossamer rune of Zot
 29762 | D:13     | Reached skill level 12 in Armour
 29763 | D:13     | Killed Nessos
 29764 | D:13     | Reached skill level 12 in Shields
 29844 | D:13     | Identified a +1 pair of gloves (You found it on level 13 of
                  | the Dungeon)
 29982 | D:13     | Identified a +0 dire flail
 29982 | D:13     | Identified a +0 leather armour
 29984 | D:13     | Identified a +0 giant club
 29984 | D:13     | Identified a +0 giant spiked club
 30074 | D:13     | Identified a +0 longbow
 30190 | D:13     | Identified a +0 hand axe
 30190 | D:13     | Identified a +0 leather armour
 30298 | D:13     | Identified a +0 arbalest
 30401 | D:13     | Got a twisted trident
 30415 | D:13     | Found a portal to a secret trove of treasure.
 30754 | D:14     | Identified a +0 shortbow
 30754 | D:14     | Identified a +0 shortbow
 30754 | D:14     | Identified a +0 shortbow
 30754 | D:14     | Identified a +0 shortbow
 30812 | D:14     | Identified a +0 giant club
 30812 | D:14     | Identified a +0 giant spiked club
 30821 | D:14     | Identified a +0 whip
 30821 | D:14     | Identified a +0 halberd
 30821 | D:14     | Identified a +0 plate armour
 30831 | D:14     | Identified a +0 hand axe
 30832 | D:14     | Identified a +1 dagger of speed
 30864 | D:14     | Found Guakiveu's Book Shop.
 30956 | D:14     | Found a gate leading to a gauntlet.
 30959 | D:14     | Identified a +0 giant club
 30959 | D:14     | Identified a +0 giant club
 30976 | Gauntlet | Entered a Gauntlet
 30976 | Gauntlet | Found a transporter.
 30976 | Gauntlet | Found a transporter.
 30981 | Gauntlet | Found a transporter.
 30996 | Gauntlet | Found a transporter.
 31017 | Gauntlet | Found a transporter.
 31025 | Gauntlet | Found a transporter.
 31050 | Gauntlet | Found the amulet of Vitality {Regen+ HP+15}
 31050 | Gauntlet | Found a transporter.
 31117 | Gauntlet | Found a transporter.
 31117 | Gauntlet | Found a transporter.
 31126 | Gauntlet | Identified a +0 dagger
 31126 | Gauntlet | Identified a +0 robe
 31127 | Gauntlet | Found a transporter.
 31128 | Gauntlet | Found a transporter.
 31137 | Gauntlet | Found a transporter.
 31164 | Gauntlet | Found a transporter.
 31166 | Gauntlet | Found a large runed translucent door.
 31167 | Gauntlet | Found a large runed translucent door.
 31169 | Gauntlet | Found a runed translucent gate.
 31196 | Gauntlet | Found a transporter.
 31196 | Gauntlet | Found a large runed translucent door.
 31197 | Gauntlet | Found a large runed translucent door.
 31198 | Gauntlet | Found a large runed translucent door.
 31198 | Gauntlet | Found a large runed translucent door.
 31198 | Gauntlet | Found a large runed translucent door.
 31199 | Gauntlet | Found a runed translucent door.
 31240 | Gauntlet | Found a transporter.
 31242 | Gauntlet | Found a large runed translucent door.
 31243 | Gauntlet | Found a large runed translucent door.
 31244 | Gauntlet | Found a runed translucent door.
 31244 | Gauntlet | Found a large runed translucent door.
 31244 | Gauntlet | Found a large runed translucent door.
 31245 | Gauntlet | Found a large runed translucent door.
 31249 | Gauntlet | Found a large runed translucent door.
 31249 | Gauntlet | Found a large runed translucent door.
 31250 | Gauntlet | Found a large runed translucent door.
 31250 | Gauntlet | Found a large runed translucent door.
 31252 | Gauntlet | Found a runed translucent gate.
 31252 | Gauntlet | Found a runed translucent gate.
 31254 | Gauntlet | Found a transporter.
 31352 | Gauntlet | Identified a +0 cloak of magic resistance (You found it in
                  | a Gauntlet)
 31484 | Gauntlet | Identified a +3 rapier of holy wrath
 31484 | Gauntlet | Identified a +10 plate armour of ponderousness
 31484 | Gauntlet | Identified a +1 shield of poison resistance
 31523 | Gauntlet | Got an ichor-stained robe
 31525 | Gauntlet | Identified the Tome of the Ashen Volcanoes
 31681 | D:14     | Identified a cursed +0 shortbow
 31681 | D:14     | Identified a +0 hand axe
 31681 | D:14     | Identified a +0 dire flail
 31681 | D:14     | Identified a +0 longbow
 31681 | D:14     | Identified a +0 long sword
 31926 | D:14     | Identified a +0 giant club
 32096 | D:14     | Identified a +0 dagger
 32096 | D:14     | Identified a +0 robe
 32341 | D:15     | Entered Level 15 of the Dungeon
 32366 | D:15     | Identified a +0 longbow
 32371 | D:15     | Identified a +1 war axe
 32371 | D:15     | Identified a +0 chain mail
 32376 | D:15     | Reached skill level 17 in Fighting
 32378 | D:15     | Identified a +0 dagger
 32378 | D:15     | Identified a +0 mace
 32378 | D:15     | Identified a +0 chain mail
 32379 | D:15     | Identified a +0 whip
 32380 | D:15     | Identified a +0 hand axe
 32382 | D:15     | Identified a +0 short sword
 32388 | D:15     | Identified a +0 hand axe
 32501 | D:15     | Identified a +0 rapier
 32501 | D:15     | Identified a +0 animal skin
 32501 | D:15     | Identified a +0 quarterstaff
 32501 | D:15     | Identified a +0 animal skin
 32502 | D:15     | Identified a +0 quarterstaff
 32502 | D:15     | Identified a +0 animal skin
 32503 | D:15     | Found the +8 Wrath of Trog {antimagic, *Rage}
 32525 | D:15     | Reached XP level 18. HP: 118/123 MP: 21/21
 32592 | D:15     | Found a staircase to the Depths.
 32592 | D:15     | Identified a +0 great sword of flaming
 32656 | D:15     | Identified a +0 shortbow
 32766 | D:15     | Identified a +0 shortbow
 32816 | D:15     | Got a slimy leather armour
 32894 | D:15     | Identified a +0 arbalest
 32894 | D:15     | Identified a +0 arbalest
 32895 | D:15     | Identified a +0 arbalest
 32895 | D:15     | Identified a +0 arbalest
 32986 | Depths:1 | Entered Level 1 of the Depths
 32994 | Depths:1 | Identified a +0 arbalest
 32994 | Depths:1 | Identified a +0 arbalest
 32994 | Depths:1 | Identified a +0 arbalest
 32997 | Depths:1 | Identified a +0 arbalest
 32998 | Depths:1 | Identified a +0 arbalest
 32998 | Depths:1 | Identified a +0 arbalest
 33000 | Depths:1 | Reached skill level 13 in Shields
 33005 | Depths:1 | Identified a +0 battleaxe
 33005 | Depths:1 | Identified a +4 longbow
 33005 | Depths:1 | Identified a +0 ring mail
 33031 | Depths:1 | Identified a +0 giant club
 33031 | Depths:1 | Identified a +0 giant club
 33053 | Depths:1 | Identified a +0 giant spiked club
 33079 | Depths:1 | Identified a +0 giant spiked club
 33092 | Depths:1 | Identified a +0 long sword
 33092 | Depths:1 | Identified a +0 ring mail
 33092 | Depths:1 | Identified a +0 buckler of protection
 33136 | Depths:1 | Identified a +0 giant spiked club
 33136 | Depths:1 | Identified a +0 giant club
 33137 | Depths:1 | Identified a +0 giant spiked club
 33137 | Depths:1 | Identified a +0 giant spiked club
 33143 | Depths:1 | Identified a +0 halberd
 33154 | D:15     | Reached skill level 8 in Dodging
 33594 | Swamp:1  | Entered Level 1 of the Swamp
 33645 | Swamp:1  | Identified a +3 long sword of slicing
 33645 | Swamp:1  | Identified a +0 arbalest
 33645 | Swamp:1  | Identified a +0 chain mail
 33645 | Swamp:1  | Noticed Donald
 33659 | Swamp:1  | Killed Donald
 33659 | Swamp:1  | Reached skill level 13 in Armour
 33683 | Swamp:1  | Identified a +2 shield (You found it on level 1 of the
                  | Swamp)
 34283 | Swamp:2  | Reached skill level 18 in Fighting
 34311 | Swamp:2  | HP: 1/125 [titanic slime creature (53)]
 34754 | Swamp:2  | Identified a +0 spear
 34758 | Swamp:2  | Identified a +0 spear
 34796 | Swamp:2  | Identified a +0 spear
 34969 | Swamp:2  | Identified +0 swamp dragon scales
 35045 | Swamp:2  | Identified a +0 quarterstaff
 35045 | Swamp:2  | Identified a +0 robe
 35072 | Swamp:2  | Found a transporter.
 35089 | Swamp:2  | Found a transporter.
 35637 | Swamp:2  | Identified a +0 hat of see invisible (You found it on level
                  | 2 of the Swamp)
 35703 | Swamp:3  | Reached XP level 19. HP: 129/131 MP: 22/22
 35779 | Swamp:3  | Identified a +0 quarterstaff
 35779 | Swamp:3  | Identified a cursed +0 robe
 35861 | Swamp:3  | Identified a +0 spear
 36012 | Swamp:3  | Reached skill level 9 in Dodging
 36135 | Swamp:3  | Identified a +0 spear
 36135 | Swamp:3  | Identified a +0 buckler
 36385 | Swamp:4  | Entered Level 4 of the Swamp
 36797 | Swamp:4  | Reached skill level 19 in Fighting
 36804 | Swamp:4  | Identified +0 swamp dragon scales
 36855 | Swamp:4  | HP: 30/132 [ten-headed hydra (4)]
 36857 | Swamp:4  | HP: 14/132 [eight-headed hydra (4)]
 37024 | Swamp:4  | Got a decaying rune of Zot
 37399 | Slime:1  | Entered Level 1 of the Pits of Slime
 37489 | Slime:2  | Noticed Dissolution
 37524 | Slime:1  | HP: 26/133 [Dissolution (17)]
 37529 | Slime:1  | Paralysed by a floating eye for 3 turns
 37536 | Slime:1  | Paralysed by a floating eye for 3 turns
 37541 | Slime:1  | Paralysed by a floating eye for 3 turns
 37549 | Slime:2  | Reached skill level 14 in Shields
 37934 | Slime:5  | Entered Level 5 of the Pits of Slime
 38101 | Slime:4  | Identified a scroll of summoning
 38102 | Slime:4  | Identified 2 potions of berserk rage
 38117 | Slime:5  | Noticed the Royal Jelly
 38124 | Slime:5  | Reached XP level 20. HP: 136/139 MP: 23/23
 38140 | Slime:5  | Killed the Royal Jelly
 38140 | Slime:5  | Reached skill level 19 in Axes
 38168 | Slime:5  | HP: 34/140 [acid[the Royal Jelly] (7)]
 38214 | Slime:5  | HP: 32/140 [acid blob (17)]
 38605 | Slime:5  | Found the +7 sceptre of Torment {pain, torment}
 38634 | Slime:5  | Gained mutation: You occasionally shout uncontrollably at
                  | your foes. [a shining eye]
 38642 | Slime:5  | Gained mutation: Your body sometimes deteriorates upon
                  | taking damage. [a shining eye]
 38698 | Slime:5  | Identified the Tome of Excruciating Slavery
 38706 | Slime:5  | Identified the Collected Works on Flamy Calling
 38708 | Slime:5  | Identified the Tome of Earthen Stolen Souls
 38744 | Slime:5  | Got a pair of smoking gloves
 38767 | Slime:5  | Got a slimy rune of Zot
 38779 | Slime:5  | Identified the Handbook of Contamination and Enchantment
 38816 | Slime:5  | Identified the cursed +0 pair of gloves of the Game Afoot
                  | {Str+3} (You found it on level 5 of the Pits of Slime)
 38829 | Slime:5  | Reached skill level 14 in Armour
 38846 | Slime:5  | Identified 2 scrolls of brand weapon
 38849 | Slime:5  | Got a pair of distressingly furry boots
 38877 | Slime:5  | Identified the +1 pair of boots "Ocvext" {rC+ Int+2 Dex+4}
                  | (You found it on level 5 of the Pits of Slime)
 38903 | Slime:5  | Identified a +1 hat of magic resistance (You found it on
                  | level 5 of the Pits of Slime)
 38914 | Slime:5  | Identified an amulet of rage (You found it on level 5 of
                  | the Pits of Slime)
 38952 | Slime:5  | Reached skill level 10 in Dodging
 38957 | Slime:5  | Gained mutation: You are dopey. (Int -2) [a shining eye]
 39011 | Slime:5  | Reached skill level 15 in Shields
 39265 | Elf:1    | Entered Level 1 of the Elven Halls
 39301 | Elf:1    | Identified a +0 halberd of flaming
 39339 | Elf:1    | Identified a +1 glaive of chopping
 39347 | Elf:1    | Identified a +0 rapier
 39475 | Elf:1    | Identified a +2 dagger of venom
 39503 | Elf:1    | Identified a +0 long sword
 39503 | Elf:1    | Identified a +0 longbow
 39503 | Elf:1    | Identified a +0 leather armour
 39506 | Elf:1    | Identified a +0 scimitar
 39506 | Elf:1    | Identified a +0 leather armour
 39506 | Elf:1    | Identified a +1 buckler of protection
 39507 | Elf:1    | Identified a +0 dagger
 39507 | Elf:1    | Identified a +0 shortbow
 39507 | Elf:1    | Identified a +0 leather armour
 39509 | Elf:1    | Identified a +0 rapier
 39509 | Elf:1    | Identified a +0 buckler
 39509 | Elf:1    | Identified a +0 long sword
 39509 | Elf:1    | Identified a +0 ring mail
 39512 | Elf:1    | Identified a +2 long sword of holy wrath
 39512 | Elf:1    | Identified a +0 leather armour
 39512 | Elf:1    | Identified a +0 dagger
 39512 | Elf:1    | Identified a +0 shortbow
 39512 | Elf:1    | Identified a +0 leather armour
 39583 | Elf:1    | Identified a +0 dagger
 39583 | Elf:1    | Identified a +0 leather armour
 39585 | Elf:1    | Identified a +0 long sword
 39585 | Elf:1    | Identified a +0 leather armour
 39590 | Elf:1    | Identified a +0 dagger
 39590 | Elf:1    | Identified a +0 shortbow
 39590 | Elf:1    | Identified a cursed +0 leather armour
 39592 | Elf:1    | Identified a +2 demon trident of venom
 39592 | Elf:1    | Identified a +0 long sword of holy wrath
 39612 | Elf:1    | Reached skill level 20 in Fighting
 39621 | Elf:1    | Identified the Volume of a Hundred Moons
 39651 | Elf:1    | Identified a +0 long sword
 39681 | Elf:1    | Identified a +0 long sword
 39682 | Elf:1    | Identified a +0 scimitar of holy wrath
 39699 | Elf:1    | Identified a +1 short sword of electrocution
 39699 | Elf:1    | Identified a +0 leather armour
 39699 | Elf:1    | Identified a +0 scimitar
 39699 | Elf:1    | Identified a +0 long sword
 39780 | Elf:1    | Identified a +0 long sword
 39780 | Elf:1    | Noticed a deep elf sorcerer
 39788 | Elf:1    | Killed a deep elf sorcerer
 39965 | Elf:2    | Identified a +0 dagger
 39965 | Elf:2    | Identified a +0 dagger
 39965 | Elf:2    | Identified a +0 longbow
 39965 | Elf:2    | Identified a +0 leather armour
 39965 | Elf:2    | Identified a +0 long sword
 39965 | Elf:2    | Identified a +0 rapier
 39965 | Elf:2    | Identified a +0 long sword
 39965 | Elf:2    | Identified a +0 ring mail
 39965 | Elf:2    | Identified a +0 long sword
 39979 | Elf:2    | Identified a +0 long sword
 39979 | Elf:2    | Identified a +0 longbow of freezing
 39979 | Elf:2    | Identified a +0 ring mail
 39989 | Elf:2    | Identified a +0 long sword
 39994 | Elf:2    | Identified a +0 long sword
 39994 | Elf:2    | Identified a +2 buckler
 39997 | Elf:2    | Identified a +0 long sword
 39997 | Elf:2    | Identified a +0 ring mail
 40000 | Elf:2    | Identified a +0 long sword of flaming
 40000 | Elf:2    | Identified a cursed +0 buckler
 40001 | Elf:2    | Identified a +0 long sword
 40001 | Elf:2    | Identified a +0 ring mail
 40005 | Elf:2    | Identified a +0 mace of holy wrath
 40047 | Elf:2    | Got a heavily runed plate armour
 40049 | Elf:2    | Identified a +1 halberd of chopping
 40142 | Elf:2    | Identified a +0 short sword
 40142 | Elf:2    | Identified a +0 leather armour
 40146 | Elf:2    | Identified a +0 dagger
 40146 | Elf:2    | Identified a +0 longbow
 40146 | Elf:2    | Identified a +0 leather armour
 40146 | Elf:2    | Identified a +0 short sword
 40151 | Elf:2    | Identified a +0 long sword
 40151 | Elf:2    | Identified a +0 buckler
 40154 | Elf:2    | Identified a +0 dagger
 40190 | Elf:2    | Identified a +2 mace of protection
 40209 | Elf:2    | Identified a +3 short sword of speed
 40209 | Elf:2    | Identified a +1 war axe of freezing
 40245 | Elf:2    | Identified a +0 short sword
 40245 | Elf:2    | Identified a +0 shortbow
 40245 | Elf:2    | Identified a +0 leather armour
 40245 | Elf:2    | Identified a +0 long sword
 40245 | Elf:2    | Identified a +0 short sword
 40245 | Elf:2    | Identified a +0 ring mail
 40245 | Elf:2    | Identified a +0 short sword
 40245 | Elf:2    | Identified a +0 longbow
 40245 | Elf:2    | Identified a +0 leather armour
 40246 | Elf:2    | Identified a +0 dagger
 40311 | Elf:2    | Identified a +3 dagger
 40311 | Elf:2    | Identified a +6 dagger
 40312 | Elf:2    | Identified a +4 dagger
 40315 | Elf:2    | Identified a +0 falchion
 40345 | Elf:2    | Found a runed translucent door.
 40379 | Elf:2    | Identified a +0 short sword
 40379 | Elf:2    | Identified a +0 shortbow
 40379 | Elf:2    | Identified a +0 leather armour
 40379 | Elf:2    | Identified a +0 rapier
 40395 | Elf:2    | Identified a +0 short sword
 40464 | Elf:2    | Identified a +0 short sword of speed
 40464 | Elf:2    | Identified a +0 short sword
 40507 | Elf:2    | Found Ocemia's Distillery.
 40511 | Elf:2    | Bought a potion of mutation for 112 gold pieces
 40511 | Elf:2    | Bought a potion of haste for 140 gold pieces
 40511 | Elf:2    | Bought a potion of mutation for 112 gold pieces
 40511 | Elf:2    | Bought a potion of heal wounds for 70 gold pieces
 40511 | Elf:2    | Bought a potion of berserk rage for 70 gold pieces
 40511 | Elf:2    | Bought a potion of resistance for 140 gold pieces
 40511 | Elf:2    | Bought a potion of curing for 42 gold pieces
 40511 | Elf:2    | Bought a potion of haste for 140 gold pieces
 40511 | Elf:2    | Bought a potion of mutation for 112 gold pieces
 40541 | Elf:2    | Found a runed translucent door.
 40571 | Elf:2    | Identified a +0 rapier
 40571 | Elf:2    | Identified a +0 dagger
 40571 | Elf:2    | Identified a +0 shortbow
 40571 | Elf:2    | Identified a +0 leather armour
 40571 | Elf:2    | Identified a +0 short sword
 40571 | Elf:2    | Identified a +0 dagger
 40571 | Elf:2    | Identified a +0 leather armour
 40571 | Elf:2    | Identified a +0 short sword
 40571 | Elf:2    | Identified a +3 shortbow
 40572 | Elf:2    | Identified a +0 short sword
 40572 | Elf:2    | Identified a +0 leather armour
 40588 | Elf:2    | Reached XP level 21. HP: 146/146 MP: 24/24
 40690 | Elf:2    | Identified a +0 long sword
 40690 | Elf:2    | Identified a +0 scale mail
 40690 | Elf:2    | Identified a +3 trident of flaming
 40691 | Elf:2    | Identified a +0 battleaxe of chopping
 40695 | Elf:2    | Identified a +0 dagger
 40711 | Elf:2    | Identified a +0 long sword
 40711 | Elf:2    | Identified a +0 scale mail
 40715 | Elf:2    | Identified a +0 scimitar
 40715 | Elf:2    | Identified a cursed +0 shortbow
 40715 | Elf:2    | Identified a +0 leather armour
 40727 | Elf:2    | Identified a +4 halberd of venom
 40729 | Elf:2    | Identified a +0 rapier
 40731 | Elf:2    | Identified a +0 long sword
 40749 | Elf:2    | Identified a +0 long sword
 40749 | Elf:2    | Identified a +0 leather armour
 40766 | Elf:2    | Identified a +0 short sword
 40773 | Elf:2    | Identified a +0 long sword
 40782 | Elf:2    | Identified a +0 dagger
 40788 | Elf:2    | Identified a +4 hand axe of chopping
 40788 | Elf:2    | Identified a +2 long sword of electrocution
 40794 | Elf:2    | Identified a +0 rapier
 40796 | Elf:2    | Identified a +2 antimagic eveningstar
 40797 | Elf:2    | Identified a +0 scimitar
 40797 | Elf:2    | Identified a +0 buckler
 40801 | Elf:2    | Identified a +2 short sword of flaming
 40932 | Elf:2    | Identified a +2 trident of distortion
 40933 | Elf:2    | Identified a +0 short sword
 40933 | Elf:2    | Identified a +0 leather armour
 40934 | Elf:2    | Identified a +1 vampiric scimitar
 40940 | Elf:2    | Identified a +3 bardiche of venom
 40941 | Elf:2    | Identified a +1 battleaxe of flaming
 40941 | Elf:2    | Identified a +3 trident of distortion
 40949 | Elf:2    | Identified a +0 short sword
 41099 | Elf:3    | Entered Level 3 of the Elven Halls
 41099 | Elf:3    | Identified a cursed +0 scimitar
 41099 | Elf:3    | Identified a +0 buckler
 41099 | Elf:3    | Identified a +0 dagger
 41099 | Elf:3    | Identified a +0 longbow
 41099 | Elf:3    | Identified a cursed +0 leather armour
 41099 | Elf:3    | Identified a +0 long sword
 41099 | Elf:3    | Identified a +0 long sword
 41099 | Elf:3    | Identified a +0 leather armour
 41099 | Elf:3    | Identified a +0 short sword of flaming
 41099 | Elf:3    | Identified a +0 short sword
 41099 | Elf:3    | Identified a +0 shortbow
 41099 | Elf:3    | Identified a +0 leather armour
 41099 | Elf:3    | Identified a +0 long sword
 41099 | Elf:3    | Identified a +0 rapier
 41099 | Elf:3    | Identified a +0 leather armour
 41099 | Elf:3    | Identified a +0 short sword
 41099 | Elf:3    | Identified a +0 short sword
 41099 | Elf:3    | Identified a +0 scale mail
 41101 | Elf:3    | Identified a +0 short sword
 41101 | Elf:3    | Identified a +0 longbow
 41101 | Elf:3    | Identified a +0 leather armour
 41111 | Elf:3    | Identified a +0 trident
 41122 | Elf:3    | Reached skill level 16 in Shields
 41138 | Elf:3    | Lost mutation: You occasionally shout uncontrollably at
                  | your foes. [potion of mutation]
 41138 | Elf:3    | Lost mutation: Your body sometimes deteriorates upon taking
                  | damage. [potion of mutation]
 41138 | Elf:3    | Lost mutation: You are dopey. (Int -2) [potion of mutation]
 41138 | Elf:3    | Gained mutation: Potions are less effective at restoring
                  | your health. [potion of mutation]
 41138 | Elf:3    | Gained mutation: You expend magic power (3 MP) to
                  | strengthen your wands. [potion of mutation]
 41138 | Elf:3    | Gained mutation: You are somewhat resistant to further
                  | mutation. [potion of mutation]
 41139 | Elf:3    | Lost mutation: You are somewhat resistant to further
                  | mutation. [potion of mutation]
 41139 | Elf:3    | Lost mutation: You expend magic power (3 MP) to strengthen
                  | your wands. [potion of mutation]
 41139 | Elf:3    | Lost mutation: Potions are less effective at restoring your
                  | health. [potion of mutation]
 41139 | Elf:3    | Gained mutation: You have large cloven feet. [potion of
                  | mutation]
 41139 | Elf:3    | Gained mutation: You are partially covered in large bone
                  | plates. (SH +4) [potion of mutation]
 41139 | Elf:3    | Gained mutation: Your flesh is heat resistant. (rF+)
                  | [potion of mutation]
 41183 | Elf:3    | Identified a cursed -2 dagger
 41245 | Elf:3    | Identified a +1 trident of piercing
 41298 | Elf:3    | Identified a +0 rapier
 41301 | Elf:3    | Identified a cursed -3 rapier
 41318 | Elf:3    | Found a radiant altar of Vehumet.
 41322 | Elf:3    | Identified a +0 short sword
 41322 | Elf:3    | Identified a +0 chain mail
 41322 | Elf:3    | Identified a +0 buckler
 41357 | Elf:3    | Identified a +0 short sword
 41357 | Elf:3    | Identified a +0 shortbow
 41357 | Elf:3    | Identified a +0 leather armour
 41357 | Elf:3    | Identified a +0 long sword
 41358 | Elf:3    | Identified a +0 short sword of electrocution
 41358 | Elf:3    | Identified a +0 long sword
 41393 | Elf:3    | Identified a +0 long sword
 41393 | Elf:3    | Identified a +0 leather armour
 41477 | Elf:3    | Identified a +0 short sword
 41477 | Elf:3    | Identified a +0 rapier
 41477 | Elf:3    | Identified a +1 dagger of venom
 41477 | Elf:3    | Identified a +0 leather armour
 41478 | Elf:3    | Identified a +0 scimitar
 41478 | Elf:3    | Identified a +0 long sword
 41496 | Elf:3    | Identified a +0 long sword
 41496 | Elf:3    | Identified a +0 leather armour
 41555 | Elf:3    | Identified a cursed +0 short sword
 41555 | Elf:3    | Identified a +0 shortbow
 41555 | Elf:3    | Identified a +0 ring mail
 41555 | Elf:3    | Identified a +0 long sword
 41556 | Elf:3    | Identified a +0 long sword
 41556 | Elf:3    | Identified a +0 leather armour
 41556 | Elf:3    | Noticed a deep elf demonologist
 41556 | Elf:3    | Identified a +0 rapier
 41556 | Elf:3    | Noticed a deep elf demonologist
 41560 | Elf:3    | Identified a +0 rapier
 41560 | Elf:3    | Identified a +0 rapier
 41560 | Elf:3    | Identified a +0 leather armour
 41563 | Elf:3    | Identified a +0 rapier
 41563 | Elf:3    | Identified a +1 ring mail of poison resistance
 41563 | Elf:3    | Noticed a deep elf demonologist
 41565 | Elf:3    | Noticed an Ice Fiend
 41569 | Elf:3    | Identified a +0 rapier
 41569 | Elf:3    | Identified a +0 rapier
 41569 | Elf:3    | Identified a +0 leather armour
 41574 | Elf:3    | Identified a +0 long sword
 41574 | Elf:3    | Noticed a deep elf sorcerer
 41574 | Elf:3    | Identified a +0 short sword
 41574 | Elf:3    | Identified a +1 short sword of venom
 41575 | Elf:3    | Identified a +0 long sword
 41575 | Elf:3    | Identified a +0 chain mail
 41577 | Elf:3    | Identified a +0 longbow
 41577 | Elf:3    | Identified a +0 leather armour
 41578 | Elf:3    | Identified a +0 dagger
 41578 | Elf:3    | Noticed a deep elf demonologist
 41578 | Elf:3    | Identified a +0 long sword
 41578 | Elf:3    | Identified a +0 chain mail
 41578 | Elf:3    | Identified a +0 rapier
 41578 | Elf:3    | Noticed a deep elf sorcerer
 41578 | Elf:3    | Identified a +0 dagger
 41578 | Elf:3    | Noticed a deep elf sorcerer
 41578 | Elf:3    | Noticed a Brimstone Fiend
 41582 | Elf:3    | Identified a +0 dagger
 41582 | Elf:3    | Identified a +0 shortbow
 41582 | Elf:3    | Identified a +0 leather armour
 41583 | Elf:3    | Identified a +0 dagger
 41583 | Elf:3    | Identified a +0 shortbow
 41583 | Elf:3    | Identified a cursed -2 leather armour
 41588 | Elf:3    | Identified a +0 long sword
 41588 | Elf:3    | Identified a +0 chain mail
 41588 | Elf:3    | Noticed a deep elf sorcerer
 41589 | Elf:3    | Identified a +0 longbow
 41589 | Elf:3    | Identified a cursed +0 leather armour
 41591 | Elf:3    | Identified a +0 short sword
 41591 | Elf:3    | Identified a +0 ring mail
 41592 | Elf:3    | Killed a deep elf sorcerer
 41592 | Elf:3    | Killed a deep elf demonologist
 41592 | Elf:3    | Killed a deep elf demonologist
 41592 | Elf:3    | Killed a deep elf sorcerer
 41626 | Elf:3    | Killed a deep elf sorcerer
 41638 | Elf:3    | Killed a deep elf demonologist
 41649 | Elf:3    | Killed a deep elf demonologist
 41685 | Elf:3    | Identified a +0 long sword
 41685 | Elf:3    | Identified a +0 leather armour
 41691 | Elf:3    | Killed a deep elf sorcerer
 41694 | Elf:3    | Identified a +0 short sword
 41694 | Elf:3    | Identified a +0 scale mail
 41694 | Elf:3    | Noticed a deep elf demonologist
 41697 | Elf:3    | Noticed a Brimstone Fiend
 41708 | Elf:3    | Killed a deep elf demonologist
 41711 | Elf:3    | Identified a +0 rapier
 41976 | Elf:3    | Identified a cursed ring of attention
 41984 | Elf:3    | Identified a +3 hand axe of freezing
 41984 | Elf:3    | Identified the +1 robe of the Tundras {Dex+7 Slay+2}
 41990 | Elf:3    | Identified a +0 scimitar
 41990 | Elf:3    | Identified a +0 ring mail
 42014 | Elf:3    | Identified 2 scrolls of holy word
 42015 | Elf:3    | Identified the +0 plate armour of Sadwapt {rF+ rN+ Int+4
                  | Dex-4} (You found it on level 2 of the Elven Halls)
 42119 | Elf:3    | Identified Jeogueg's Guide on Creative Execration
 42138 | Elf:3    | Identified the Tome of Igneous Transmigration
 42143 | Elf:3    | Identified an amulet of regeneration (You found it on level
                  | 3 of the Elven Halls)
 42149 | Elf:3    | Got a diamond-encrusted chain mail
 42160 | Elf:3    | Identified the cursed +0 chain mail of Divine Intervention
                  | {rElec Str+5} (You found it on level 3 of the Elven Halls)
 42191 | Elf:3    | Identified a +4 plate armour of fire resistance (You found
                  | it on level 3 of the Elven Halls)
 42193 | Elf:3    | Got a twitching silver ring
 42196 | Elf:3    | Identified the ring "Terieq" {rElec Slay+5 Stlth+} (You
                  | found it on level 3 of the Elven Halls)
 42204 | Elf:3    | Identified a ring of evasion (You found it on level 3 of
                  | the Elven Halls)
 42213 | Elf:3    | Identified the Catalogue of Helpful Weightlessness
 42220 | Elf:3    | Got an encrusted chain mail
 42231 | Elf:3    | Identified the +7 chain mail of the Wasteland {-Cast rPois
                  | rF- rCorr} (You found it on level 3 of the Elven Halls)
 42274 | Elf:3    | Identified a +0 dagger
 42274 | Elf:3    | Identified a +0 leather armour
 42274 | Elf:3    | Noticed a deep elf sorcerer
 42281 | Elf:3    | Killed a deep elf sorcerer
 42287 | Elf:3    | Identified a +0 war axe of freezing (You found it on level
                  | 3 of the Elven Halls)
 42306 | Elf:3    | Identified the Reference Book on the Glacier and the Blaze
 42427 | Elf:3    | Identified a +0 long sword of flaming
 42429 | Elf:3    | Identified a +0 dagger
 42429 | Elf:3    | Identified a +0 longbow
 42429 | Elf:3    | Identified a +0 leather armour
 42430 | Elf:3    | Identified a +0 long sword
 42430 | Elf:3    | Identified a +0 leather armour
 42430 | Elf:3    | Identified a +0 scimitar
 42430 | Elf:3    | Identified a +0 leather armour
 42515 | Elf:3    | Identified a +0 long sword
 42515 | Elf:3    | Identified a +0 scimitar
 42515 | Elf:3    | Identified a +0 chain mail
 42515 | Elf:3    | Identified a +0 buckler
 42515 | Elf:3    | Identified a +0 dagger
 42515 | Elf:3    | Identified a +0 longbow
 42515 | Elf:3    | Identified a +0 leather armour
 42516 | Elf:3    | Identified a +0 rapier
 42516 | Elf:3    | Identified a +0 leather armour
 42735 | Vaults:1 | Entered Level 1 of the Vaults
 42814 | Vaults:1 | Identified a +0 arbalest
 42814 | Vaults:1 | Identified a +0 arbalest
 42815 | Vaults:1 | Identified a +0 arbalest
 42815 | Vaults:1 | Identified a +0 arbalest
 42842 | Vaults:1 | Identified a +0 war axe
 42842 | Vaults:1 | Identified a +0 chain mail
 42842 | Vaults:1 | Identified a +2 shield
 42844 | Vaults:1 | Identified a +0 long sword
 42844 | Vaults:1 | Identified a +0 plate armour
 42844 | Vaults:1 | Identified a +0 morningstar
 42844 | Vaults:1 | Identified a +0 ring mail
 42844 | Vaults:1 | Identified a +0 battleaxe
 42844 | Vaults:1 | Identified a +0 plate armour
 42844 | Vaults:1 | Identified a +0 war axe
 42844 | Vaults:1 | Identified a +0 chain mail
 42864 | Vaults:1 | Identified a cursed -2 trident
 42864 | Vaults:1 | Identified a +0 plate armour
 42866 | Vaults:1 | Identified a +0 flail
 42866 | Vaults:1 | Identified a +0 ring mail
 42867 | Vaults:1 | Identified a +0 mace
 42867 | Vaults:1 | Identified a +0 plate armour
 42869 | Vaults:1 | Identified a +0 glaive
 42869 | Vaults:1 | Identified a +0 plate armour
 42870 | Vaults:1 | Identified a +0 great mace
 42870 | Vaults:1 | Identified a +0 plate armour
 42871 | Vaults:1 | Identified a +0 trident
 42949 | Vaults:1 | Identified a +0 dagger
 42949 | Vaults:1 | Identified a +0 robe
 42950 | Vaults:1 | Identified a +0 flail
 42950 | Vaults:1 | Identified a +0 ring mail
 42956 | Vaults:1 | Identified a +0 short sword
 42956 | Vaults:1 | Identified a +0 chain mail
 42958 | Vaults:1 | Identified a +0 shortbow
 43025 | Vaults:1 | Identified a +0 shortbow
 43026 | Vaults:1 | Identified a +0 shortbow
 43027 | Vaults:1 | Identified a +0 longbow
 43027 | Vaults:1 | Identified a +0 shortbow
 43029 | Vaults:1 | Identified a +0 shortbow
 43073 | Vaults:1 | Identified a +0 dagger
 43073 | Vaults:1 | Identified a +0 robe
 43197 | Vaults:1 | Identified a +0 trident
 43197 | Vaults:1 | Identified a +0 robe
 43206 | Vaults:1 | Reached skill level 15 in Armour
 43211 | Vaults:1 | Identified a +0 glaive
 43211 | Vaults:1 | Identified a +0 plate armour
 43215 | Vaults:1 | Identified a +0 short sword
 43215 | Vaults:1 | Identified a +0 plate armour
 43215 | Vaults:1 | Identified a +0 long sword
 43215 | Vaults:1 | Identified a +0 chain mail
 43215 | Vaults:1 | Identified a +4 long sword of holy wrath
 43215 | Vaults:1 | Identified a +3 chain mail
 43218 | Vaults:1 | Identified a +0 dagger
 43218 | Vaults:1 | Identified a +0 ring mail
 43270 | Vaults:1 | Identified a +0 great sword of electrocution
 43270 | Vaults:1 | Identified a +0 plate armour
 43270 | Vaults:1 | Identified a +0 arbalest
 43271 | Vaults:1 | Identified a cursed -1 arbalest
 43271 | Vaults:1 | Identified a +0 arbalest
 43283 | Vaults:1 | Reached skill level 1 in Evocations
 43289 | Vaults:1 | Reached skill level 21 in Fighting
 43517 | Vaults:1 | Identified a +0 dire flail
 43517 | Vaults:1 | Identified a +0 leather armour
 43518 | Vaults:1 | Identified a +0 arbalest
 43599 | Vaults:1 | Got an ichor-stained plate armour
 43646 | Vaults:1 | Identified a cursed -1 arbalest
 43773 | Vaults:1 | Identified a +0 long sword
 43773 | Vaults:1 | Identified a +0 ring mail
 43802 | Vaults:1 | Reached XP level 22. HP: 155/155 MP: 26/26
 43817 | Vaults:1 | Identified a +2 great sword of holy wrath
 43817 | Vaults:1 | Identified a +0 plate armour
 43827 | Vaults:1 | Identified a +0 war axe
 43827 | Vaults:1 | Identified a +0 arbalest
 43827 | Vaults:1 | Identified a +0 ring mail
 43828 | Vaults:1 | Identified a +0 great mace
 43828 | Vaults:1 | Identified a +0 plate armour
 43829 | Vaults:1 | Identified a +0 arbalest
 43834 | Vaults:1 | Reached skill level 11 in Dodging
 43889 | Vaults:1 | Identified a +0 morningstar
 43889 | Vaults:1 | Identified a +0 scale mail
 43895 | Vaults:1 | Identified a +0 war axe
 43895 | Vaults:1 | Identified a +0 plate armour
 43895 | Vaults:1 | Identified a +0 long sword
 43895 | Vaults:1 | Identified a +0 chain mail
 43895 | Vaults:1 | Identified a +1 long sword of electrocution
 43895 | Vaults:1 | Identified a +0 plate armour
 43895 | Vaults:1 | Identified a +0 battleaxe
 43895 | Vaults:1 | Identified a +0 plate armour
 44067 | Vaults:1 | Identified the +1 plate armour of Hiwnaece {Str+3 Dex+2}
                  | (You found it on level 1 of the Vaults)
 44119 | Vaults:2 | Identified a +3 great sword
 44119 | Vaults:2 | Identified a +0 plate armour
 44119 | Vaults:2 | Identified a +1 hand axe of venom
 44119 | Vaults:2 | Identified a +0 dagger
 44119 | Vaults:2 | Identified a +0 robe
 44119 | Vaults:2 | Identified a +0 ring mail
 44120 | Vaults:2 | Identified a +0 dagger
 44120 | Vaults:2 | Identified a +0 robe
 44120 | Vaults:2 | Identified a +1 long sword of electrocution
 44120 | Vaults:2 | Identified a +0 leather armour
 44120 | Vaults:2 | Identified a +2 buckler of fire resistance
 44120 | Vaults:2 | Identified a +0 dagger
 44120 | Vaults:2 | Identified a +0 shortbow
 44120 | Vaults:2 | Identified a +0 leather armour
 44120 | Vaults:2 | Identified a +0 dagger
 44120 | Vaults:2 | Identified a +0 long sword
 44131 | Vaults:2 | Identified a +0 arbalest
 44133 | Vaults:2 | Identified a +0 great mace
 44133 | Vaults:2 | Identified a +0 ring mail
 44137 | Vaults:2 | Identified a +0 trident
 44138 | Vaults:2 | Identified a +1 spear of freezing
 44138 | Vaults:2 | Identified a +0 robe
 44139 | Vaults:2 | Identified a +0 giant club
 44139 | Vaults:2 | Identified a +0 giant club
 44139 | Vaults:2 | Identified a +0 giant club
 44139 | Vaults:2 | Identified a +0 giant club
 44139 | Vaults:2 | Identified a +0 arbalest
 44286 | Vaults:2 | Identified a +3 broad axe of flaming
 44286 | Vaults:2 | Identified a +0 chain mail
 44286 | Vaults:2 | Identified a +0 giant club
 44295 | Vaults:2 | Identified a +0 giant club
 44304 | Vaults:2 | Reached skill level 2 in Evocations
 44309 | Vaults:2 | Identified a +0 giant club
 44318 | Vaults:2 | Identified a cursed -3 giant club
 44318 | Vaults:2 | Identified a +0 giant club
 44336 | Vaults:2 | Reached skill level 17 in Shields
 44376 | Vaults:2 | Identified a +3 longbow
 44446 | Vaults:2 | Identified a +0 arbalest
 44478 | Vaults:2 | Identified a +0 quarterstaff of speed
 44478 | Vaults:2 | Noticed Bai Suzhen
 44480 | Vaults:2 | Identified a +0 great mace
 44480 | Vaults:2 | Identified a +0 leather armour
 44480 | Vaults:2 | Identified a +0 dagger
 44480 | Vaults:2 | Identified a +0 leather armour
 44480 | Vaults:2 | Identified a +0 dagger
 44480 | Vaults:2 | Identified a +0 shortbow
 44480 | Vaults:2 | Identified a +0 leather armour
 44480 | Vaults:2 | Identified a +0 long sword
 44480 | Vaults:2 | Identified a +0 leather armour
 44480 | Vaults:2 | Identified a +0 dagger
 44480 | Vaults:2 | Identified a +0 leather armour
 44480 | Vaults:2 | Identified a +0 dagger
 44480 | Vaults:2 | Identified a +0 scale mail
 44480 | Vaults:2 | Noticed a deep elf demonologist
 44480 | Vaults:2 | Identified a +0 short sword
 44480 | Vaults:2 | Identified a +0 longbow
 44482 | Vaults:2 | Identified a +0 arbalest
 44489 | Vaults:2 | Noticed a Brimstone Fiend
 44493 | Vaults:2 | Reached skill level 6 in Invocations
 44498 | Vaults:2 | Killed a deep elf demonologist
 44747 | Vaults:2 | Identified a +0 great sword
 44747 | Vaults:2 | Identified a +0 plate armour
 44822 | Vaults:2 | Identified a +0 rapier
 44822 | Vaults:2 | Identified a +0 rapier
 44822 | Vaults:2 | Identified a cursed -3 short sword
 44822 | Vaults:2 | Identified a +0 ring mail
 44823 | Vaults:2 | Identified a cursed +0 great mace
 44823 | Vaults:2 | Identified a +0 ring mail
 44824 | Vaults:2 | Identified a +0 short sword
 44824 | Vaults:2 | Identified a +0 shortbow
 44824 | Vaults:2 | Identified a +0 leather armour
 44835 | Vaults:2 | Identified a +0 great mace
 44835 | Vaults:2 | Identified a +0 scale mail
 44892 | Vaults:2 | Identified a +0 great sword
 44892 | Vaults:2 | Identified a +0 chain mail
 44893 | Vaults:2 | Identified a cursed +0 long sword
 44893 | Vaults:2 | Identified a +0 scale mail
 44893 | Vaults:2 | Identified a +2 great sword of electrocution
 44893 | Vaults:2 | Identified a +0 plate armour
 44893 | Vaults:2 | Identified a +3 battleaxe of draining
 44893 | Vaults:2 | Identified a +0 plate armour
 44894 | Vaults:2 | Identified a +0 flail
 44894 | Vaults:2 | Identified a +0 scale mail
 44995 | Vaults:2 | Identified a +0 battleaxe
 44995 | Vaults:2 | Identified a +0 chain mail
 44996 | Vaults:2 | Identified a +1 great sword of electrocution
 44996 | Vaults:2 | Identified a +0 chain mail
 44997 | Vaults:2 | Identified a +0 morningstar
 44997 | Vaults:2 | Identified a +0 leather armour
 44997 | Vaults:2 | Identified a +0 dire flail of distortion
 44997 | Vaults:2 | Identified a +0 plate armour
 44998 | Vaults:2 | Identified a +0 dire flail
 44998 | Vaults:2 | Identified a +0 chain mail
 45002 | Vaults:2 | Identified a +0 arbalest
 45146 | Vaults:2 | Found Gipom's Magic Scroll Boutique.
 45156 | Vaults:2 | Bought 3 scrolls of enchant armour for 427 gold pieces
 45156 | Vaults:2 | Bought a scroll of teleportation for 57 gold pieces
 45156 | Vaults:2 | Bought a scroll of brand weapon for 380 gold pieces
 45199 | Vaults:2 | Identified a +0 giant club
 45199 | Vaults:2 | Identified a +0 giant club
 45202 | Vaults:2 | Identified a +0 arbalest
 45215 | Vaults:2 | Reached skill level 3 in Evocations
 45275 | Vaults:2 | Noticed Aizul
 45278 | Vaults:2 | Identified a +0 war axe
 45278 | Vaults:2 | Identified a +0 ring mail
 45285 | Vaults:2 | Killed Aizul
 45297 | Vaults:2 | Killed Bai Suzhen
 45298 | Vaults:2 | Identified a +2 great mace of crushing
 45298 | Vaults:2 | Identified a +0 leather armour
 45298 | Vaults:2 | Identified a +0 short sword of venom
 45299 | Vaults:2 | Identified a +0 short sword
 45299 | Vaults:2 | Noticed a deep elf demonologist
 45306 | Vaults:2 | Identified a +0 long sword
 45306 | Vaults:2 | Identified a +0 ring mail
 45308 | Vaults:2 | Identified a +0 dagger
 45308 | Vaults:2 | Identified a +0 shortbow
 45308 | Vaults:2 | Identified a +0 leather armour
 45310 | Vaults:2 | Identified a +0 long sword
 45312 | Vaults:2 | Identified a +0 dagger
 45313 | Vaults:2 | Killed a deep elf demonologist
 45367 | Vaults:2 | Identified a +0 halberd
 45367 | Vaults:2 | Identified a +0 robe
 45367 | Vaults:2 | Identified a +0 giant spiked club
 45367 | Vaults:2 | Identified a +0 giant spiked club
 45368 | Vaults:2 | Identified a +0 giant spiked club
 45368 | Vaults:2 | Identified a +0 giant spiked club
 45368 | Vaults:2 | Identified a +0 giant spiked club
 45368 | Vaults:2 | Identified a +0 giant club
 45368 | Vaults:2 | Identified a +0 giant spiked club
 45368 | Vaults:2 | Identified a +0 giant club
 45416 | Vaults:2 | Identified a +1 dagger of protection
 45416 | Vaults:2 | Identified a +0 shortbow
 45416 | Vaults:2 | Identified a +0 leather armour
 45416 | Vaults:2 | Identified a cursed +0 short sword
 45416 | Vaults:2 | Identified a +0 rapier
 45416 | Vaults:2 | Identified a +0 leather armour
 45416 | Vaults:2 | Identified a +0 short sword
 45416 | Vaults:2 | Identified a +0 longbow
 45416 | Vaults:2 | Identified a +0 leather armour
 45421 | Vaults:2 | Identified a +0 giant club
 45423 | Vaults:2 | Identified a +0 dagger
 45423 | Vaults:2 | Identified a +0 robe
 45429 | Vaults:2 | Identified a +0 giant club
 45429 | Vaults:2 | Identified a +0 giant club
 45431 | Vaults:2 | Identified a +0 giant club
 45431 | Vaults:2 | Identified a +0 giant club
 45434 | Vaults:2 | Identified a +0 giant club
 45434 | Vaults:2 | Identified a +0 giant club
 45434 | Vaults:2 | Identified a +0 whip
 45434 | Vaults:2 | Identified a +0 robe
 45437 | Vaults:2 | Identified a +0 dagger
 45437 | Vaults:2 | Identified a +0 robe
 45482 | Vaults:2 | Identified a +0 glaive
 45482 | Vaults:2 | Identified a +0 plate armour
 45482 | Vaults:2 | Identified a +0 dire flail
 45482 | Vaults:2 | Identified a +0 chain mail
 45482 | Vaults:2 | Identified a +0 dagger of venom
 45482 | Vaults:2 | Identified a cursed +0 robe
 45482 | Vaults:2 | Identified a +0 halberd
 45482 | Vaults:2 | Identified a cursed +0 plate armour
 45483 | Vaults:2 | Identified a +0 broad axe
 45483 | Vaults:2 | Identified a +0 chain mail
 45484 | Vaults:2 | Identified a +0 flail
 45484 | Vaults:2 | Identified a +0 leather armour
 45719 | Vaults:3 | Identified a +0 war axe
 45719 | Vaults:3 | Identified a cursed +0 plate armour
 45719 | Vaults:3 | Identified a +0 trident
 45719 | Vaults:3 | Identified a +0 ring mail
 45719 | Vaults:3 | Identified a +0 trident
 45719 | Vaults:3 | Identified a +0 chain mail
 45719 | Vaults:3 | Identified a +0 scimitar
 45719 | Vaults:3 | Identified a +0 plate armour
 45719 | Vaults:3 | Identified a +0 hand axe
 45720 | Vaults:3 | Identified a +0 dagger
 45720 | Vaults:3 | Identified a +0 ring mail
 45838 | Vaults:3 | Identified a +0 short sword
 45838 | Vaults:3 | Identified a +0 shortbow
 45838 | Vaults:3 | Identified a +0 leather armour
 45838 | Vaults:3 | Identified a +0 dagger
 45838 | Vaults:3 | Identified a +0 rapier
 45839 | Vaults:3 | Identified a +0 long sword
 45856 | Vaults:3 | Identified a +1 falchion of distortion
 45856 | Vaults:3 | Identified a +0 ring mail
 45869 | Vaults:3 | Reached skill level 7 in Invocations
 45869 | Vaults:3 | Identified a cursed +0 arbalest
 45874 | Vaults:3 | Identified a +0 long sword
 45874 | Vaults:3 | Identified a +0 plate armour
 45874 | Vaults:3 | Identified a +1 long sword
 45874 | Vaults:3 | Identified a +0 chain mail
 45877 | Vaults:3 | Identified a +2 flail of holy wrath
 45882 | Vaults:3 | Identified a +0 flail
 45882 | Vaults:3 | Identified a +0 plate armour
 45884 | Vaults:3 | Identified a +0 halberd
 45884 | Vaults:3 | Identified a +0 plate armour
 45890 | Vaults:3 | Identified a +0 war axe
 45890 | Vaults:3 | Identified a +0 plate armour
 45911 | Vaults:3 | Found a staircase to the Crypt.
 45997 | Vaults:3 | Identified a +0 leather armour
 45997 | Vaults:3 | Identified a cursed -2 glaive
 45997 | Vaults:3 | Identified a +0 shortbow
 45997 | Vaults:3 | Identified a +0 chain mail
 45997 | Vaults:3 | Identified a +2 war axe of flaming
 45997 | Vaults:3 | Identified a +0 chain mail
 45998 | Vaults:3 | Identified a +0 dagger of venom
 45998 | Vaults:3 | Identified a +0 scale mail
 45998 | Vaults:3 | Identified a +0 giant club
 45999 | Vaults:3 | Identified a +0 mace
 45999 | Vaults:3 | Identified a +0 club
 46008 | Vaults:3 | Identified +0 fire dragon scales
 46235 | D:13     | You paid a toll of +5 fire dragon scales to enter a
                  | treasure trove
 46236 | Trove    | Entered a treasure trove
 46239 | Trove    | Found the +8 demon trident "Rift" {distort, reach+}
 46250 | Trove    | Got a brightly glowing broad axe
 46251 | Trove    | Identified the +1 broad axe of Gluttony {elec, rPois} (You
                  | found it in a treasure trove)
 46256 | Trove    | Got a shimmering shortbow
 46259 | Trove    | Got a bloodstained mace
 46262 | Trove    | Got a pitted war axe
 46263 | Trove    | Identified the +6 war axe "Widowermaker" {chop, +Rage} (You
                  | found it in a treasure trove)
 46276 | Trove    | Identified a +0 broad axe of chopping (You found it in a
                  | treasure trove)
 46277 | Trove    | Identified a +3 broad axe of freezing (You found it in a
                  | treasure trove)
 46278 | Trove    | Identified a +6 broad axe of freezing (You found it in a
                  | treasure trove)
 46279 | Trove    | Identified a +0 war axe of freezing (You found it in a
                  | treasure trove)
 46283 | Trove    | Identified a +4 vampiric war axe (You found it in a
                  | treasure trove)
 46475 | Vaults:3 | Identified a +0 arbalest
 46476 | Vaults:3 | Identified a +0 arbalest
 46476 | Vaults:3 | Identified a +0 arbalest
 46477 | Vaults:3 | Identified a +0 war axe
 46477 | Vaults:3 | Identified a cursed +0 plate armour
 46481 | Vaults:3 | Identified a +0 falchion
 46481 | Vaults:3 | Identified a +0 chain mail
 46483 | Vaults:3 | Identified a +0 dagger
 46483 | Vaults:3 | Identified a +0 robe
 46484 | Vaults:3 | Identified a +0 long sword
 46484 | Vaults:3 | Identified a +2 plate armour of cold resistance
 46484 | Vaults:3 | Identified a +3 war axe
 46484 | Vaults:3 | Identified a +0 arbalest
 46484 | Vaults:3 | Identified a +0 chain mail
 46538 | Vaults:3 | Identified a +3 long sword
 46538 | Vaults:3 | Identified a +0 arbalest
 46538 | Vaults:3 | Identified a +0 scale mail
 46543 | Vaults:3 | Identified a +0 long sword of slicing
 46543 | Vaults:3 | Identified a +0 shortbow
 46543 | Vaults:3 | Identified a +0 war axe of chopping
 46543 | Vaults:3 | Identified a +0 plate armour
 46543 | Vaults:3 | Identified a +0 shortbow
 46543 | Vaults:3 | Identified a +3 bardiche
 46543 | Vaults:3 | Identified a +0 chain mail
 46544 | Vaults:3 | Identified a +0 long sword
 46544 | Vaults:3 | Identified a +0 scale mail
 46544 | Vaults:3 | Identified a +0 shortbow
 46545 | Vaults:3 | Identified a +2 war axe of freezing
 46545 | Vaults:3 | Identified a +0 plate armour
 46545 | Vaults:3 | Identified a +0 shortbow
 46546 | Vaults:3 | Identified a +0 great mace
 46546 | Vaults:3 | Identified a +0 scale mail
 46546 | Vaults:3 | Identified a +0 long sword
 46546 | Vaults:3 | Identified a +0 scale mail
 46547 | Vaults:3 | Identified a +0 rapier
 46547 | Vaults:3 | Identified a +0 leather armour
 46550 | Vaults:3 | Identified a +0 shortbow
 46550 | Vaults:3 | Identified a +0 short sword
 46550 | Vaults:3 | Identified a +5 shortbow
 46550 | Vaults:3 | Identified a +0 leather armour
 46559 | Vaults:3 | Identified a +0 morningstar
 46559 | Vaults:3 | Identified a cursed +0 scale mail
 46561 | Vaults:3 | Reached skill level 4 in Evocations
 46561 | Vaults:3 | Identified a +2 long sword of holy wrath
 46571 | Vaults:3 | Identified a +0 halberd
 46571 | Vaults:3 | Identified a +0 plate armour
 46571 | Vaults:3 | Identified a +0 dire flail
 46571 | Vaults:3 | Identified a +0 plate armour
 46571 | Vaults:3 | Noticed a lich
 46572 | Vaults:3 | Identified a +0 giant club
 46573 | Vaults:3 | Identified a cursed -1 great mace
 46573 | Vaults:3 | Identified a +0 ring mail
 46577 | Vaults:3 | Identified a +0 long sword
 46577 | Vaults:3 | Identified a +0 arbalest
 46577 | Vaults:3 | Identified a cursed +0 ring mail
 46578 | Vaults:3 | Killed a lich
 46578 | Vaults:3 | Reached XP level 23. HP: 161/161 MP: 28/28
 46578 | Vaults:3 | Identified a +0 whip
 46584 | Vaults:3 | Identified a +0 club
 46586 | Vaults:3 | Identified a +0 trident
 46586 | Vaults:3 | Identified a +0 ring mail
 46678 | Vaults:3 | Found Pool's Distillery.
 46686 | Vaults:3 | Bought a potion of heal wounds for 85 gold pieces
 46686 | Vaults:3 | Bought a potion of might for 68 gold pieces
 46686 | Vaults:3 | Bought a potion of curing for 51 gold pieces
 46686 | Vaults:3 | Bought a potion of curing for 51 gold pieces
 46686 | Vaults:3 | Bought a potion of curing for 51 gold pieces
 46696 | Vaults:3 | Identified a +3 battleaxe
 46696 | Vaults:3 | Identified a +2 chain mail of cold resistance
 46758 | Vaults:3 | Identified a +0 long sword
 46758 | Vaults:3 | Identified a +0 robe
 46763 | Vaults:3 | Identified a +0 trident of protection
 46763 | Vaults:3 | Identified a cursed +0 robe
 46766 | Vaults:3 | Identified a +0 giant spiked club
 46766 | Vaults:3 | Identified a +0 trident of protection
 46766 | Vaults:3 | Identified a cursed +0 robe
 46778 | Vaults:3 | Identified a +0 giant club
 46778 | Vaults:3 | Identified a +0 halberd
 46778 | Vaults:3 | Identified a +0 robe
 46779 | Vaults:3 | Identified a +0 giant club
 46810 | Vaults:3 | Identified a +4 great sword of protection
 46810 | Vaults:3 | Identified a +0 chain mail
 46810 | Vaults:3 | Identified a +0 war axe
 46810 | Vaults:3 | Identified a +0 plate armour
 46810 | Vaults:3 | Identified a +0 shield
 46814 | Vaults:3 | Identified a +0 giant club
 46816 | Vaults:3 | Identified a +0 dire flail
 46816 | Vaults:3 | Identified a +0 giant spiked club
 46819 | Vaults:3 | Identified a +0 spear
 46819 | Vaults:3 | Identified a +0 robe
 46821 | Vaults:3 | Identified a +0 giant club
 46826 | Vaults:3 | Identified a cursed -2 morningstar
 46826 | Vaults:3 | Identified a +0 leather armour
 46953 | Vaults:3 | Found a runed translucent gate.
 46953 | Vaults:3 | Found a runed translucent gate.
 46953 | Vaults:3 | Found a runed translucent gate.
 46953 | Vaults:3 | Found an ancient bone altar of Kikubaaqudgha.
 46953 | Vaults:3 | Noticed a lich
 46953 | Vaults:3 | Noticed an ancient lich
 46953 | Vaults:3 | Noticed an ancient lich
 46954 | Vaults:3 | Noticed Owio's ghost (adept MiGl)
 47032 | Vaults:3 | Identified a +0 spear
 47032 | Vaults:3 | Identified a +0 robe
 47032 | Vaults:3 | Identified a +0 giant club
 47032 | Vaults:3 | Identified a +0 giant spiked club
 47033 | Vaults:3 | Identified a +0 giant spiked club
 47033 | Vaults:3 | Identified a +0 dire flail
 47034 | Vaults:3 | Identified a +0 dire flail
 47034 | Vaults:3 | Identified a +0 giant club
 47034 | Vaults:3 | Identified a +0 giant spiked club
 47333 | Vaults:3 | Killed a lich
 47343 | Vaults:3 | Killed an ancient lich
 47348 | Vaults:3 | Killed an ancient lich
 47348 | Vaults:3 | Reached skill level 18 in Shields
 47360 | Vaults:3 | Killed Owio's ghost
 47370 | Vaults:3 | Got a smoking ivory ring
 47374 | Vaults:3 | Got a faintly glowing cloak
 47376 | Vaults:3 | Identified the cursed +0 cloak "Seask" {*Drain +Blink MR+
                  | Int+4} (You found it on level 3 of the Vaults)
 47377 | Vaults:3 | Identified the ring of Awe {Ice Int+2 Dex+2 Slay+2} (You
                  | found it on level 3 of the Vaults)
 47448 | Vaults:4 | Identified a +1 great mace of protection
 47448 | Vaults:4 | Identified a +0 ring mail
 47451 | Vaults:4 | Identified a +0 troll leather armour
 47509 | Vaults:4 | Identified a +3 morningstar
 47509 | Vaults:4 | Identified a +0 chain mail
 47542 | Vaults:4 | Identified a +0 dagger
 47542 | Vaults:4 | Identified a +0 robe
 47553 | Vaults:4 | Identified a +0 morningstar
 47553 | Vaults:4 | Identified a +0 ring mail
 47571 | Vaults:4 | Identified a +0 arbalest
 47593 | Vaults:4 | Identified a +0 war axe
 47593 | Vaults:4 | Identified a +0 arbalest
 47593 | Vaults:4 | Identified a +0 ring mail
 47616 | Vaults:4 | Identified a +1 arbalest of flaming
 47627 | Vaults:4 | Got a crude arbalest
 47673 | Vaults:4 | Identified a +0 arbalest
 47675 | Vaults:4 | Identified a +3 battleaxe
 47675 | Vaults:4 | Identified a cursed +0 ring mail
 47675 | Vaults:4 | Identified a +0 arbalest
 47679 | Vaults:4 | Identified a +0 war axe
 47679 | Vaults:4 | Identified a +2 chain mail of poison resistance
 47685 | Vaults:4 | Reached skill level 22 in Fighting
 47692 | Vaults:4 | Reached skill level 8 in Invocations
 47756 | Vaults:4 | Identified a +0 great sword
 47756 | Vaults:4 | Identified a +0 arbalest
 47756 | Vaults:4 | Identified a +0 plate armour
 47756 | Vaults:4 | Identified a +0 dire flail
 47756 | Vaults:4 | Identified a +0 ring mail
 47756 | Vaults:4 | Identified a +0 flail
 47756 | Vaults:4 | Identified a +0 ring mail
 47762 | Vaults:4 | Identified a +0 mace
 47763 | Vaults:4 | Identified a +0 spear
 47763 | Vaults:4 | Identified a +0 robe
 47763 | Vaults:4 | Identified a +0 arbalest
 47773 | Vaults:4 | Reached skill level 5 in Evocations
 47806 | Vaults:4 | Identified a +0 great sword
 47806 | Vaults:4 | Identified a +0 arbalest
 47806 | Vaults:4 | Identified a +0 chain mail
 47806 | Vaults:4 | Identified a +0 hand axe
 47806 | Vaults:4 | Identified a +0 leather armour
 47806 | Vaults:4 | Identified a +0 dagger
 47806 | Vaults:4 | Identified a cursed -2 robe
 47806 | Vaults:4 | Identified a +0 dagger
 47806 | Vaults:4 | Identified a +2 robe of cold resistance
 47806 | Vaults:4 | Identified a +0 mace
 47806 | Vaults:4 | Identified a +0 chain mail
 47836 | Vaults:4 | Identified a +0 arbalest
 47836 | Vaults:4 | Identified a +0 arbalest
 47836 | Vaults:4 | Identified a cursed -3 arbalest
 47836 | Vaults:4 | Identified a +0 arbalest
 47837 | Vaults:4 | Identified a +0 great mace
 47837 | Vaults:4 | Identified a +0 ring mail
 47845 | Vaults:4 | Identified a cursed +0 giant club
 47845 | Vaults:4 | Identified a +0 giant spiked club
 47845 | Vaults:4 | Identified a +0 arbalest
 47845 | Vaults:4 | Identified a +2 great sword of flaming
 47846 | Vaults:4 | Identified a +0 flail
 47846 | Vaults:4 | Identified a +0 ring mail
 47846 | Vaults:4 | Identified a +0 scimitar
 47846 | Vaults:4 | Identified a +0 shortbow
 47874 | Vaults:4 | Identified a +0 short sword
 47876 | Vaults:4 | Identified a +0 morningstar
 47876 | Vaults:4 | Identified a +0 scale mail
 47877 | Vaults:4 | Identified a +0 arbalest
 47877 | Vaults:4 | Identified a +0 arbalest
 47878 | Vaults:4 | Identified a +2 dire flail of holy wrath
 47878 | Vaults:4 | Identified a cursed +0 scale mail
 47879 | Vaults:4 | Identified a +0 dire flail
 47879 | Vaults:4 | Identified a +0 plate armour
 47883 | Vaults:4 | Identified a +0 arbalest
 47883 | Vaults:4 | Identified a +0 giant club
 47883 | Vaults:4 | Identified a +0 giant club
 47884 | Vaults:4 | Identified a +0 dire flail
 47884 | Vaults:4 | Identified a cursed -1 giant club
 47884 | Vaults:4 | Identified a +0 giant club
 47884 | Vaults:4 | Identified a +0 giant club
 47897 | Vaults:4 | Identified a +0 dire flail of holy wrath
 47897 | Vaults:4 | Identified a +0 dire flail
 47897 | Vaults:4 | Identified a +0 shortbow
 47898 | Vaults:4 | Identified a +0 shortbow
 47898 | Vaults:4 | Reached skill level 20 in Axes
 47901 | Vaults:4 | Reached skill level 16 in Armour
 47969 | Vaults:4 | Identified a +0 long sword
 47969 | Vaults:4 | Identified a +0 scale mail
 47969 | Vaults:4 | Identified a +0 arbalest
 47969 | Vaults:4 | Identified a +0 arbalest
 47970 | Vaults:4 | Identified a +0 dagger
 47970 | Vaults:4 | Identified a +0 shortbow
 47970 | Vaults:4 | Identified a +0 leather armour
 47970 | Vaults:4 | Identified a +0 great mace
 47970 | Vaults:4 | Identified a +0 ring mail
 47970 | Vaults:4 | Identified a +0 arbalest
 47971 | Vaults:4 | Identified a +0 war axe
 47971 | Vaults:4 | Identified a +0 scale mail
 47971 | Vaults:4 | Identified a +0 short sword
 48029 | Vaults:4 | Identified a +0 giant club
 48029 | Vaults:4 | Identified a +0 giant spiked club
 48032 | Vaults:4 | Identified a +0 great mace
 48032 | Vaults:4 | Identified a +0 ring mail
 48032 | Vaults:4 | Identified a +0 giant club
 48032 | Vaults:4 | Identified a +0 dire flail
 48034 | Vaults:4 | Identified a +0 giant club
 48034 | Vaults:4 | Identified a cursed +0 giant club
 48035 | Vaults:4 | Identified a +3 great sword of electrocution
 48035 | Vaults:4 | Identified a +0 chain mail
 48038 | Vaults:4 | Identified a +0 halberd
 48038 | Vaults:4 | Identified a +0 robe
 48040 | Vaults:4 | Identified a +0 giant club
 48040 | Vaults:4 | Identified a +0 dire flail
 48040 | Vaults:4 | Identified a +0 war axe
 48040 | Vaults:4 | Identified a +0 plate armour
 48073 | Vaults:4 | Identified a +1 dire flail of protection
 48073 | Vaults:4 | Identified a +0 leather armour
 48086 | Vaults:4 | Identified a +0 troll leather armour
 48213 | Vaults:4 | Identified a cursed +0 shield (You found it on level 4 of
                  | the Vaults)
 48272 | Vaults:4 | Identified a +0 great mace
 48272 | Vaults:4 | Identified a +0 arbalest
 48272 | Vaults:4 | Identified a +0 plate armour
 48272 | Vaults:4 | Identified a +0 short sword
 48272 | Vaults:4 | Identified a +0 trident
 48272 | Vaults:4 | Identified a +0 great mace
 48272 | Vaults:4 | Identified a +0 plate armour
 48272 | Vaults:4 | Identified a +0 hand axe
 48272 | Vaults:4 | Identified a cursed -2 hand axe
 48272 | Vaults:4 | Identified a +0 plate armour
 48275 | Vaults:4 | Identified a +0 trident
 48278 | Vaults:4 | Identified a +0 great mace
 48278 | Vaults:4 | Identified a +0 ring mail
 48390 | Vaults:4 | Identified a +0 giant club
 48390 | Vaults:4 | Identified a +0 giant club
 48390 | Vaults:4 | Identified a +0 giant club
 48390 | Vaults:4 | Identified a +0 giant spiked club
 48390 | Vaults:4 | Identified a cursed -2 giant spiked club
 48390 | Vaults:4 | Identified a +0 giant spiked club
 48411 | Vaults:4 | Identified a +0 shortbow
 48411 | Vaults:4 | Identified a +0 shortbow
 48411 | Vaults:4 | Identified a +1 shortbow of freezing
 48441 | Vaults:4 | Identified a +0 whip
 48441 | Vaults:4 | Identified a cursed +0 robe
 48441 | Vaults:4 | Identified a +0 giant club
 48441 | Vaults:4 | Identified a +0 giant club
 48441 | Vaults:4 | Identified a +0 giant club
 48441 | Vaults:4 | Identified a +0 giant club
 48441 | Vaults:4 | Identified a +0 arbalest
 48441 | Vaults:4 | Identified a +0 arbalest
 48441 | Vaults:4 | Identified a +0 arbalest
 48443 | Vaults:4 | Identified a +0 giant club
 48503 | Vaults:5 | Entered Level 5 of the Vaults
 48503 | Vaults:5 | Identified a +0 battleaxe
 48503 | Vaults:5 | Identified a +0 plate armour
 48503 | Vaults:5 | Identified a +0 battleaxe
 48503 | Vaults:5 | Identified a +0 chain mail
 48503 | Vaults:5 | Identified a +3 great sword
 48503 | Vaults:5 | Identified a +0 chain mail
 48503 | Vaults:5 | Identified a +0 great sword
 48503 | Vaults:5 | Identified a cursed +0 plate armour
 48503 | Vaults:5 | Identified a +0 halberd
 48503 | Vaults:5 | Identified a +0 chain mail
 48503 | Vaults:5 | Identified a +2 great mace of protection
 48503 | Vaults:5 | Identified a +0 plate armour
 48503 | Vaults:5 | Identified a +0 battleaxe
 48503 | Vaults:5 | Identified a +0 chain mail
 48503 | Vaults:5 | Identified a +2 glaive
 48503 | Vaults:5 | Identified a +0 plate armour
 48503 | Vaults:5 | Identified a +0 war axe
 48503 | Vaults:5 | Identified a +0 plate armour
 48503 | Vaults:5 | Identified a +1 battleaxe of electrocution
 48503 | Vaults:5 | Identified a +0 chain mail
 48503 | Vaults:5 | Identified a +0 bardiche
 48503 | Vaults:5 | Identified a +0 chain mail
 48503 | Vaults:5 | Identified a +0 great mace
 48503 | Vaults:5 | Identified a +0 chain mail
 48503 | Vaults:5 | Identified a +0 battleaxe
 48503 | Vaults:5 | Identified a +0 chain mail
 48503 | Vaults:5 | Identified a +0 war axe
 48503 | Vaults:5 | Identified a +0 plate armour
 48503 | Vaults:5 | Identified a +0 great sword of slicing
 48503 | Vaults:5 | Identified a +0 chain mail
 48503 | Vaults:5 | Identified a +0 great sword
 48503 | Vaults:5 | Identified a +0 plate armour
 48503 | Vaults:5 | Identified a +0 great sword
 48503 | Vaults:5 | Identified a +0 chain mail
 48503 | Vaults:5 | Identified a +1 great mace
 48503 | Vaults:5 | Identified a +0 chain mail
 48503 | Vaults:5 | Identified a +4 long sword
 48503 | Vaults:5 | Identified a +0 plate armour
 48503 | Vaults:5 | Identified a +0 war axe
 48503 | Vaults:5 | Identified a +0 plate armour
 48503 | Vaults:5 | Identified a +2 shield
 48503 | Vaults:5 | Identified a +0 long sword
 48503 | Vaults:5 | Identified a +0 chain mail
 48503 | Vaults:5 | Identified a +1 long sword
 48503 | Vaults:5 | Identified a +0 chain mail
 48503 | Vaults:5 | Identified a +0 shield
 48503 | Vaults:5 | Identified a +0 long sword of draining
 48503 | Vaults:5 | Identified a +0 plate armour
 48503 | Vaults:5 | Identified a +0 long sword
 48503 | Vaults:5 | Identified a +0 chain mail
 48506 | Vaults:5 | Identified a +0 rapier
 48507 | Vaults:5 | Identified a +0 war axe of draining
 48507 | Vaults:5 | Identified a +0 chain mail
 48508 | Vaults:5 | Identified a +0 short sword
 48508 | Vaults:5 | Identified a +1 great sword of flaming
 48509 | Vaults:5 | Identified a +0 war axe
 48509 | Vaults:5 | Identified a +0 chain mail
 48509 | Vaults:5 | Identified a +0 shield
 48510 | Vaults:5 | Identified a +3 dire flail
 48510 | Vaults:5 | Identified a +0 leather armour
 48514 | Vaults:5 | Noticed a golden dragon
 48517 | Vaults:5 | Identified a +0 war axe
 48517 | Vaults:5 | Identified a +0 plate armour
 48518 | Vaults:5 | Reached skill level 12 in Dodging
 48518 | Vaults:5 | Reached XP level 24. HP: 169/169 MP: 29/29
 48519 | Vaults:5 | Identified a +0 dire flail
 48522 | Vaults:5 | Identified a +0 great sword
 48522 | Vaults:5 | Identified a +0 arbalest
 48522 | Vaults:5 | Identified a +0 chain mail
 48522 | Vaults:5 | Identified a +0 dire flail
 48522 | Vaults:5 | Identified a +0 ring mail
 48525 | Vaults:5 | Identified quicksilver dragon scales
 48525 | Vaults:5 | Identified a +1 battleaxe of freezing
 48529 | Vaults:5 | Reached skill level 9 in Invocations
 48530 | Vaults:5 | Identified a +0 arbalest
 48535 | Vaults:5 | Identified a +0 morningstar
 48535 | Vaults:5 | Identified a +0 ring mail
 48537 | Vaults:5 | Identified a +4 war axe
 48537 | Vaults:5 | Identified a +0 chain mail
 48544 | Vaults:5 | Identified a +2 great sword of flaming
 48547 | Vaults:5 | Identified a +0 great mace
 48549 | Vaults:5 | Identified a +0 leather armour
 48549 | Vaults:5 | Identified a +0 long sword
 48549 | Vaults:5 | Identified a +0 chain mail
 48550 | Vaults:5 | Reached skill level 19 in Shields
 48550 | Vaults:5 | Identified a +0 giant club
 48553 | Vaults:5 | Identified a +1 great mace
 48553 | Vaults:5 | Identified a +1 ring mail of magic resistance
 48553 | Vaults:5 | Identified a +0 dire flail
 48553 | Vaults:5 | Identified a +0 giant spiked club
 48553 | Vaults:5 | Identified a +0 leather armour
 48554 | Vaults:5 | Identified a +4 dagger
 48554 | Vaults:5 | Identified a +0 robe
 48555 | Vaults:5 | Identified a +0 flail
 48555 | Vaults:5 | Identified a +0 robe
 48555 | Vaults:5 | Identified a +0 giant club
 48555 | Vaults:5 | Identified a +0 giant club
 48558 | Vaults:5 | Identified a +0 giant club
 48558 | Vaults:5 | Identified a +0 giant spiked club
 48559 | Vaults:5 | Identified a +0 giant club
 48559 | Vaults:5 | Identified a +0 giant club
 48559 | Vaults:5 | Identified a +0 giant club
 48559 | Vaults:5 | Identified a +0 giant club
 48559 | Vaults:5 | Identified a +0 morningstar
 48560 | Vaults:5 | Identified a +0 giant spiked club
 48561 | Vaults:5 | Identified a +0 giant spiked club
 48561 | Vaults:5 | Identified a +0 giant club
 48562 | Vaults:5 | Identified a +0 great mace
 48562 | Vaults:5 | Identified a +0 arbalest
 48562 | Vaults:5 | Identified a +0 plate armour
 48563 | Vaults:5 | Identified a +0 robe
 48563 | Vaults:5 | Identified a +0 arbalest
 48563 | Vaults:5 | Identified a +0 giant club
 48563 | Vaults:5 | Identified a +0 giant club
 48564 | Vaults:5 | Identified a +0 giant club
 48566 | Vaults:5 | Identified a +2 morningstar of venom
 48566 | Vaults:5 | Identified a +0 scale mail
 48566 | Vaults:5 | Identified a +0 arbalest
 48567 | Vaults:5 | Identified a +0 great mace
 48567 | Vaults:5 | Identified a +0 leather armour
 48568 | Vaults:5 | Identified a +0 battleaxe
 48568 | Vaults:5 | Identified a +0 chain mail
 48569 | Vaults:5 | Identified a +1 great sword of slicing
 48569 | Vaults:5 | Identified a cursed +0 scale mail
 48569 | Vaults:5 | Identified a +0 giant club
 48569 | Vaults:5 | Identified a +0 giant club
 48569 | Vaults:5 | Identified a cursed -3 giant club
 48569 | Vaults:5 | Identified a +0 giant club
 48570 | Vaults:5 | Identified a +0 dire flail
 48570 | Vaults:5 | Identified a +0 dire flail
 48570 | Vaults:5 | Identified a +0 great mace
 48570 | Vaults:5 | Identified a +0 giant club
 48570 | Vaults:5 | Identified a +0 giant club
 48571 | Vaults:5 | Identified a +1 antimagic great sword
 48571 | Vaults:5 | Identified a +0 chain mail
 48572 | Vaults:5 | Identified a +0 giant spiked club
 48572 | Vaults:5 | Identified a +0 giant club
 48572 | Vaults:5 | Identified a +0 long sword of electrocution
 48574 | Vaults:5 | Identified a +0 dire flail
 48574 | Vaults:5 | Identified a +0 giant spiked club
 48574 | Vaults:5 | Identified a +1 war axe of electrocution
 48574 | Vaults:5 | Identified a +0 plate armour
 48574 | Vaults:5 | Identified a +0 large shield
 48576 | Vaults:5 | Identified a +0 halberd
 48576 | Vaults:5 | Identified a +0 robe
 48576 | Vaults:5 | Identified a +0 arbalest
 48578 | Vaults:5 | Identified a +0 giant spiked club
 48578 | Vaults:5 | Identified a cursed -2 giant club
 48579 | Vaults:5 | Identified a +0 morningstar
 48579 | Vaults:5 | Identified a +0 great mace
 48579 | Vaults:5 | Identified a +0 scale mail
 48580 | Vaults:5 | Identified a +0 morningstar
 48582 | Vaults:5 | Identified a +0 club
 48582 | Vaults:5 | Identified a cursed +0 robe
 48582 | Vaults:5 | Identified a +0 giant club
 48582 | Vaults:5 | Identified a +0 giant club
 48584 | Vaults:5 | Identified a +2 great sword of flaming
 48585 | Vaults:5 | Identified a cursed -1 giant spiked club
 48587 | Vaults:5 | Identified a +0 long sword
 48587 | Vaults:5 | Identified a +0 scale mail
 48589 | Vaults:5 | Identified a +0 long sword
 48589 | Vaults:5 | Identified a +0 ring mail
 48589 | Vaults:5 | Identified a +0 buckler
 48589 | Vaults:5 | Identified a +0 giant club
 48589 | Vaults:5 | Identified a +0 giant club
 48591 | Vaults:5 | Identified a +0 giant club
 48592 | Vaults:5 | Identified a +2 long sword
 48592 | Vaults:5 | Identified a +0 plate armour
 48593 | Vaults:5 | Identified a cursed -3 giant club
 48593 | Vaults:5 | Identified a +0 giant club
 48597 | Vaults:5 | Identified a cursed -2 arbalest
 48601 | Vaults:5 | Reached skill level 23 in Fighting
 48606 | Vaults:5 | Reached skill level 10 in Invocations
 48614 | Vaults:5 | Identified +0 gold dragon scales
 48619 | Vaults:5 | Identified +0 shadow dragon scales
 48619 | Vaults:5 | Reached XP level 25. HP: 176/176 MP: 15/30
 48621 | Vaults:5 | Identified a +0 battleaxe of freezing
 48625 | Vaults:5 | Identified a +3 glaive of flaming
 48625 | Vaults:5 | Identified a +0 ring mail
 48628 | Vaults:5 | Identified a +0 arbalest
 48759 | Vaults:5 | Identified a scroll of acquirement
 48801 | Vaults:5 | Identified an amulet of magic regeneration (You found it on
                  | level 5 of the Vaults)
 48807 | Vaults:5 | Noticed a lich
 48817 | Vaults:5 | Killed a lich
 48819 | Vaults:5 | Identified a +1 battleaxe of freezing
 48842 | Vaults:5 | Identified a +3 dire flail of venom
 48842 | Vaults:5 | Identified a +2 scale mail of poison resistance
 48843 | Vaults:5 | Noticed an entropy weaver
 48844 | Vaults:5 | Identified a +0 mace
 48844 | Vaults:5 | Identified a +0 scale mail
 48851 | Vaults:5 | Killed an entropy weaver
 48852 | Vaults:5 | Identified a +0 trident
 48852 | Vaults:5 | Identified a +0 chain mail
 48854 | Vaults:5 | Identified a +3 flail of protection
 48856 | Vaults:5 | Identified a +0 great mace
 48856 | Vaults:5 | Identified a +0 leather armour
 48862 | Vaults:5 | Identified a +0 troll leather armour
 48897 | Vaults:5 | Got a spiked ring mail
 48915 | Vaults:5 | Identified a +0 troll leather armour
 48938 | Vaults:5 | Identified a +1 long sword of slicing
 48938 | Vaults:5 | Identified a +0 scale mail
 48938 | Vaults:5 | Identified a +0 buckler
 48942 | Vaults:5 | Identified a +0 falchion
 48942 | Vaults:5 | Identified a +0 scale mail
 48971 | Vaults:5 | Identified a +1 great sword of flaming
 48972 | Vaults:5 | Identified a +0 long sword
 49113 | Vaults:5 | Identified a +3 battleaxe
 49113 | Vaults:5 | Identified a +0 chain mail
 49116 | Vaults:5 | Identified a +0 flail
 49116 | Vaults:5 | Identified a +3 scale mail
 49116 | Vaults:5 | Identified a +0 short sword
 49116 | Vaults:5 | Identified a +0 plate armour
 49121 | Vaults:5 | Reached skill level 17 in Armour
 49142 | Vaults:5 | Got a pair of twisted gloves
 49153 | Vaults:5 | Identified the +2 pair of gloves of Xutukk {rC+ rN+} (You
                  | acquired it on level 5 of the Vaults)
 49278 | Vaults:5 | Got a transparent shortbow
 49364 | Vaults:5 | Got a silver rune of Zot
 49447 | Vaults:5 | Identified a cursed -2 long sword
 49447 | Vaults:5 | Identified a +0 chain mail
 49842 | Crypt:1  | Entered Level 1 of the Crypt
 49842 | Crypt:1  | Identified a +0 flail
 49842 | Crypt:1  | Identified a +0 halberd
 49842 | Crypt:1  | Identified a +0 trident
 49848 | Crypt:1  | Identified a +0 hand axe
 49853 | Crypt:1  | Reached skill level 20 in Shields
 49878 | Crypt:1  | Identified a +2 great sword
 49878 | Crypt:1  | Identified a +0 chain mail
 49902 | Crypt:1  | Found a magical portal.
 50190 | WizLab   | Identified a +0 robe
 50253 | WizLab   | Identified the Handbook of the Birds
 50256 | WizLab   | Identified the Guide on the Dark Arsonist
 50426 | Crypt:1  | Identified a +0 battleaxe
 50434 | Crypt:1  | Identified a +1 robe of cold resistance
 50443 | Crypt:1  | Identified a +0 scimitar
 50447 | Crypt:1  | Identified a +0 dagger
 50447 | Crypt:1  | Identified a +0 robe
 50453 | Crypt:1  | Identified a +0 robe
 50457 | Crypt:1  | Identified a +0 glaive
 50462 | Crypt:1  | Identified a +0 hand axe
 50469 | Crypt:1  | Identified a +0 scimitar
 50473 | Crypt:1  | Identified a +0 halberd
 50485 | Crypt:1  | Identified a +0 long sword
 50786 | Crypt:1  | Identified a +3 great mace
 50786 | Crypt:1  | Identified a +0 chain mail
 50937 | Crypt:2  | Identified a +0 dagger
 50938 | Crypt:2  | Noticed a lich
 50955 | Crypt:2  | Killed a lich
 50955 | Crypt:2  | Reached skill level 13 in Dodging
 50956 | Crypt:2  | Identified a +0 long sword
 50975 | Crypt:2  | Noticed a curse skull
 50978 | Crypt:2  | Noticed a lich
 50986 | Crypt:2  | Killed a curse skull
 50991 | Crypt:2  | Killed a lich
 51006 | Crypt:2  | Noticed a curse skull
 51012 | Crypt:2  | Killed a curse skull
 51013 | Crypt:2  | Identified a +0 long sword
 51013 | Crypt:2  | Identified a +0 plate armour
 51016 | Crypt:2  | Identified a cursed -2 glaive
 51016 | Crypt:2  | Identified a +0 halberd
 51016 | Crypt:2  | Identified a +0 trident
 51017 | Crypt:2  | Identified a +0 flail
 51208 | Crypt:2  | Identified a +0 long sword
 51208 | Crypt:2  | Identified a +0 chain mail
 51275 | Crypt:2  | Identified a +0 robe
 51537 | Crypt:3  | Entered Level 3 of the Crypt
 51649 | Crypt:3  | Identified a +2 great sword
 51649 | Crypt:3  | Identified a +0 plate armour
 51649 | Crypt:3  | Identified a +2 demon blade
 51649 | Crypt:3  | Identified a +0 plate armour
 51649 | Crypt:3  | Identified a +4 war axe of flaming
 51649 | Crypt:3  | Identified a +0 plate armour
 51671 | Crypt:3  | Identified a +0 dagger
 51671 | Crypt:3  | Identified a +0 robe
 51708 | Crypt:3  | Reached XP level 26. HP: 184/184 MP: 30/30
 51757 | Crypt:3  | Identified a +0 morningstar
 51768 | Crypt:3  | Identified a +4 hand axe of electrocution
 51768 | Crypt:3  | Identified a cursed -2 war axe
 51768 | Crypt:3  | Identified a +0 chain mail
 51768 | Crypt:3  | Identified a +2 glaive of venom
 51779 | Crypt:3  | Identified a +0 flail of protection
 51782 | Crypt:3  | Identified a +0 dagger
 51782 | Crypt:3  | Identified a +0 robe of cold resistance
 51783 | Crypt:3  | Identified a +0 scimitar
 51834 | Crypt:3  | Identified a +0 dagger
 51834 | Crypt:3  | Identified a +0 robe
 51834 | Crypt:3  | Identified a +0 scimitar
 51835 | Crypt:3  | Identified a +0 dagger
 51835 | Crypt:3  | Identified a +0 robe
 51835 | Crypt:3  | Identified a +0 battleaxe
 51835 | Crypt:3  | Identified a +1 mace of draining
 51835 | Crypt:3  | Identified a +0 trident
 51841 | Crypt:3  | Identified a +0 battleaxe
 51843 | Crypt:3  | Identified a +0 hand axe
 51853 | Crypt:3  | Reached skill level 24 in Fighting
 51881 | Crypt:3  | Identified a +0 flail
 52005 | Crypt:3  | Identified a +2 glaive of draining
 52005 | Crypt:3  | Identified a +0 plate armour
 52005 | Crypt:3  | Identified a +0 long sword of draining
 52005 | Crypt:3  | Identified a +0 chain mail
 52005 | Crypt:3  | Identified a +1 demon blade of flaming
 52005 | Crypt:3  | Identified a +0 plate armour
 52033 | Crypt:3  | Identified a +0 long sword of slicing
 52033 | Crypt:3  | Identified a +0 chain mail
 52037 | Crypt:3  | Identified a +5 hand axe of chopping
 52065 | Crypt:3  | Identified a +0 dagger
 52065 | Crypt:3  | Identified a +0 robe
 52065 | Crypt:3  | Identified a +0 trident
 52097 | Crypt:3  | Identified a +0 morningstar
 52103 | Crypt:3  | Identified a +0 halberd
 52118 | Crypt:3  | Identified a +0 glaive
 52118 | Crypt:3  | Identified a +0 dagger
 52118 | Crypt:3  | Identified a +0 robe
 52124 | Crypt:3  | Identified a +0 halberd
 52136 | Crypt:3  | Identified a +3 hand axe of venom
 52238 | Crypt:3  | Identified a +4 war axe of chopping
 52256 | Crypt:3  | Found a staircase to the Tomb.
 52264 | Crypt:3  | Identified the Incunabulum of Evil
 52315 | Crypt:3  | Noticed a lich
 52329 | Crypt:3  | Killed a lich
 52371 | Crypt:3  | Noticed a lich
 52375 | Crypt:3  | Killed a lich
 52375 | Crypt:3  | Reached skill level 21 in Shields
 52419 | Crypt:3  | Found an ancient bone altar of Kikubaaqudgha.
 52477 | Crypt:3  | Got a wavering pewter amulet
 52477 | Crypt:3  | Got a slimy wooden ring
 52477 | Crypt:3  | Got a wavering golden ring
 52481 | Crypt:3  | Identified the amulet "Quohun" {rElec Regen+ MP+9 Stlth+}
                  | (You found it on level 3 of the Crypt)
 52483 | Crypt:3  | Identified the ring "Dyimesu" {rN+ Int+7 Dex+4} (You found
                  | it on level 3 of the Crypt)
 52484 | Crypt:3  | Identified the ring "Mayc" {+Blink rF++ rN+ Str+4} (You
                  | found it on level 3 of the Crypt)
 52495 | Crypt:3  | Noticed an ancient lich
 52501 | Crypt:3  | Killed an ancient lich
 52620 | Crypt:3  | Identified a +2 morningstar of holy wrath
 52945 | Depths:1 | Identified a +0 halberd
 52945 | Depths:1 | Identified a +0 robe
 52946 | Depths:1 | Identified a +0 giant club
 52947 | Depths:1 | Identified a +0 giant club
 53014 | Depths:1 | Identified a +0 giant spiked club
 53015 | Depths:1 | Identified a cursed +0 great mace
 53015 | Depths:1 | Identified a +0 giant club
 53016 | Depths:1 | Identified a +0 giant club
 53017 | Depths:1 | Identified a +0 giant club
 53017 | Depths:1 | Identified a +0 giant club
 53017 | Depths:1 | Identified a +0 giant club
 53017 | Depths:1 | Identified a +0 giant club
 53017 | Depths:1 | Identified a +0 whip
 53017 | Depths:1 | Identified a cursed +0 robe
 53018 | Depths:1 | Identified a +0 dire flail
 53018 | Depths:1 | Identified a +0 giant spiked club
 53179 | Depths:1 | Identified a +0 rapier of venom
 53179 | Depths:1 | Identified a +0 longbow
 53179 | Depths:1 | Identified the ring of Tipomm {rN+ Dex+3 Stlth-}
 53198 | Depths:1 | Gained mutation: You are weak. (Str -2) [mutagenic glow]
 53199 | Depths:1 | Got a steaming helmet
 53256 | Depths:1 | Gained mutation: Your body sometimes deteriorates upon
                  | taking damage. [mutagenic glow]
 53267 | Depths:1 | Lost mutation: Your body sometimes deteriorates upon taking
                  | damage. [potion of mutation]
 53267 | Depths:1 | Lost mutation: Your flesh is heat resistant. (rF+) [potion
                  | of mutation]
 53267 | Depths:1 | Gained mutation: You evolve. [potion of mutation]
 53267 | Depths:1 | Gained mutation: You expend magic power (3 MP) to
                  | strengthen your wands. [potion of mutation]
 53267 | Depths:1 | Gained mutation: You are partially covered in molten
                  | scales. (AC +2) [potion of mutation]
 53289 | Depths:1 | Gained mutation: You are frail. (-10% HP) [mutagenic glow]
 53315 | Depths:1 | Identified a +0 dagger
 53315 | Depths:1 | Identified a +0 robe
 53341 | Depths:1 | Gained mutation: You are clumsy. (Dex -2) [mutagenic glow]
 53356 | Depths:1 | Identified the cursed +0 helmet of the Armadillo {rF+
                  | Str+3} (You found it on level 1 of the Depths)
 53473 | Depths:1 | Identified a +0 shortbow
 53531 | Depths:1 | Identified a +7 quick blade
 53531 | Depths:1 | Identified a +2 buckler of cold resistance
 53531 | Depths:1 | Noticed the Enchantress
 53531 | Depths:1 | Identified a +0 demon whip of electrocution
 53531 | Depths:1 | Identified a +0 robe
 53531 | Depths:1 | Identified a +0 buckler
 53531 | Depths:1 | Identified a +2 rapier of holy wrath
 53531 | Depths:1 | Identified a cursed +0 robe
 53531 | Depths:1 | Identified a +0 buckler
 53531 | Depths:1 | Identified a +0 robe
 53531 | Depths:1 | Identified a +0 robe
 53531 | Depths:1 | Identified a +0 rapier
 53531 | Depths:1 | Identified a +0 robe
 53531 | Depths:1 | Identified a +0 spear
 53531 | Depths:1 | Identified a cursed +0 robe
 53532 | Depths:1 | Identified a +0 demon whip of freezing
 53532 | Depths:1 | Identified a +0 robe
 53532 | Depths:1 | Identified a +0 buckler
 53532 | Depths:1 | Identified a +0 short sword
 53532 | Depths:1 | Identified a +0 robe
 53534 | Depths:1 | Identified a +0 short sword
 53534 | Depths:1 | Identified a +0 robe
 53534 | Depths:1 | Identified a +0 buckler
 53607 | Depths:1 | Killed the Enchantress
 53728 | Depths:1 | Found a gateway to Hell.
 53835 | Depths:1 | Identified a +0 whip
 53835 | Depths:1 | Identified a +0 robe
 53835 | Depths:1 | Identified a +0 giant spiked club
 53836 | Depths:1 | Identified a +0 giant spiked club
 53836 | Depths:1 | Identified a +0 giant club
 53837 | Depths:1 | Identified a +0 giant club
 53837 | Depths:1 | Identified a +0 giant club
 53837 | Depths:1 | Identified a +0 great mace
 53837 | Depths:1 | Identified a +0 giant spiked club
 53907 | Depths:2 | Identified a +2 battleaxe of freezing
 53909 | Depths:2 | Identified a +3 war axe
 53909 | Depths:2 | Identified a +0 ring mail
 53909 | Depths:2 | Identified a +0 shield
 53909 | Depths:2 | Identified a +0 great mace
 53909 | Depths:2 | Identified a +0 dire flail
 53910 | Depths:2 | Identified a +0 long sword
 53910 | Depths:2 | Identified a +0 robe
 53915 | Depths:2 | Reached skill level 21 in Axes
 53915 | Depths:2 | Reached skill level 18 in Armour
 53951 | Depths:2 | Identified a +0 troll leather armour
 53953 | Depths:2 | Identified a +0 dire flail
 53953 | Depths:2 | Identified a +0 dire flail
 53963 | Depths:2 | Identified a +0 shortbow
 54048 | Depths:2 | Identified a +0 dire flail of draining
 54048 | Depths:2 | Identified a +0 dire flail
 54054 | Depths:2 | Identified a +0 broad axe
 54054 | Depths:2 | Identified a +0 animal skin
 54061 | Depths:2 | Identified a +0 troll leather armour
 54103 | Depths:2 | Identified a +0 dire flail
 54103 | Depths:2 | Identified a +0 great mace
 54163 | Depths:2 | Identified a +0 arbalest
 54168 | Depths:2 | Identified a +3 broad axe
 54168 | Depths:2 | Identified a +0 chain mail
 54169 | Depths:2 | Identified a +0 arbalest
 54170 | Depths:2 | Identified a +0 arbalest
 54170 | Depths:2 | Identified a cursed -2 arbalest
 54171 | Depths:2 | Identified a cursed -1 dagger
 54171 | Depths:2 | Identified a +0 robe
 54171 | Depths:2 | Identified a +0 dagger
 54171 | Depths:2 | Identified a +0 robe
 54172 | Depths:2 | Identified a +0 war axe
 54172 | Depths:2 | Identified a +0 leather armour
 54172 | Depths:2 | Identified a +2 buckler of poison resistance
 54173 | Depths:2 | Identified a +0 dagger
 54173 | Depths:2 | Identified a cursed +0 robe
 54173 | Depths:2 | Identified a +0 dagger
 54173 | Depths:2 | Identified a +0 robe
 54176 | Depths:2 | Identified a +4 dagger of draining
 54176 | Depths:2 | Identified a +0 robe
 54176 | Depths:2 | Identified a +3 demon whip of flaming
 54176 | Depths:2 | Identified a +0 plate armour
 54177 | Depths:2 | Noticed a lich
 54177 | Depths:2 | Identified a +2 dagger of venom
 54177 | Depths:2 | Identified a +0 robe
 54178 | Depths:2 | Identified a +0 robe
 54178 | Depths:2 | Identified a +1 battleaxe of freezing
 54180 | Depths:2 | Identified a +0 arbalest
 54180 | Depths:2 | Identified a +0 arbalest
 54183 | Depths:2 | Noticed a Brimstone Fiend
 54202 | Depths:2 | Killed a lich
 54262 | Depths:2 | Got a brightly glowing helmet
 54269 | Depths:2 | Identified a +0 dire flail
 54269 | Depths:2 | Identified a +0 dire flail
 54277 | Depths:2 | Identified the +0 helmet of the Postmodern Runes {rC- Int+4
                  | Dex+2} (You found it on level 2 of the Depths)
 54296 | Depths:2 | Identified a +0 troll leather armour
 54304 | Depths:2 | Identified a +0 troll leather armour
 54348 | Depths:2 | Reached XP level 27. HP: 172/172 MP: 30/30
 54408 | Depths:2 | Identified a ring of poison resistance (You found it on
                  | level 2 of the Depths)
 54417 | Depths:2 | Identified a +0 dagger
 54417 | Depths:2 | Identified a +0 robe
 54418 | Depths:2 | Identified a +0 mace
 54418 | Depths:2 | Identified a +0 chain mail
 54418 | Depths:2 | Identified a +0 halberd
 54418 | Depths:2 | Identified a +0 chain mail
 54418 | Depths:2 | Identified a +0 giant spiked club
 54419 | Depths:2 | Identified a +0 dagger
 54419 | Depths:2 | Identified a +0 leather armour
 54419 | Depths:2 | Identified a +0 dagger
 54419 | Depths:2 | Identified a cursed +0 robe
 54419 | Depths:2 | Identified a +0 short sword
 54419 | Depths:2 | Identified a +0 plate armour
 54419 | Depths:2 | Identified a +2 battleaxe of venom
 54419 | Depths:2 | Identified a +0 chain mail
 54419 | Depths:2 | Noticed Saint Roka
 54420 | Depths:2 | Identified a +0 dagger
 54420 | Depths:2 | Identified a +0 robe
 54421 | Depths:2 | Identified a +0 glaive
 54421 | Depths:2 | Identified a +0 plate armour
 54445 | Depths:2 | Killed Saint Roka
 54506 | Depths:3 | Found a one-way gate leading to the halls of Pandemonium.
 54508 | Depths:3 | Identified a +0 robe
 54555 | Depths:3 | Identified a +0 arbalest
 54565 | Depths:3 | Found a runed translucent door.
 54567 | Depths:3 | Identified a +0 great sword of flaming
 54567 | Depths:3 | Identified a +0 rapier
 54567 | Depths:3 | Identified a +0 animal skin
 54569 | Depths:3 | Identified a +0 great sword
 54569 | Depths:3 | Identified a +0 leather armour
 54630 | Depths:3 | Found a runed translucent door.
 54649 | Depths:3 | Identified a +0 club
 54649 | Depths:3 | Identified a +0 robe
 54657 | Depths:3 | Identified a +5 vampiric halberd
 54657 | Depths:3 | Identified a +0 ring mail
 54659 | Depths:3 | Identified a +0 robe
 54660 | Depths:3 | Noticed a juggernaut
 54661 | Depths:3 | Noticed a lich
 54665 | Depths:3 | Identified a +0 robe
 54665 | Depths:3 | Identified an uncursed ring of stealth
 54675 | Depths:3 | Killed a lich
 54678 | Depths:3 | Identified quicksilver dragon scales
 54682 | Depths:3 | Killed a juggernaut
 54691 | Depths:3 | Reached skill level 22 in Shields
 54771 | Depths:3 | Identified a +0 arbalest
 54771 | Depths:3 | Identified a +1 great sword of flaming
 54840 | Depths:3 | Reached skill level 25 in Fighting
 54850 | Depths:3 | Reached skill level 14 in Dodging
 54961 | Depths:3 | Identified a +0 dire flail
 54961 | Depths:3 | Identified a +0 dire flail
 55064 | Depths:3 | Identified a +0 hand axe
 55064 | Depths:3 | Identified a cursed +0 animal skin
 55495 | Depths:4 | Identified a +0 great mace
 55495 | Depths:4 | Identified a +0 dire flail
 55512 | Depths:4 | Identified a +0 battleaxe of freezing
 55530 | Depths:4 | Found a gateway to a ziggurat.
 55645 | Depths:4 | Identified a +2 arbalest of flaming
 55646 | Depths:4 | Identified a +1 battleaxe of freezing
 55647 | Depths:4 | Identified +0 ice dragon scales
 55689 | Depths:4 | Identified a +0 dagger
 55689 | Depths:4 | Identified a cursed +0 robe
 55698 | Depths:4 | Identified a +5 great sword of flaming
 55698 | Depths:4 | Identified a +0 long sword
 55698 | Depths:4 | Identified a +0 robe
 55698 | Depths:4 | Identified a +0 short sword
 55698 | Depths:4 | Identified a +2 arbalest of velocity
 55731 | Depths:4 | Identified a +1 flail of venom
 55731 | Depths:4 | Identified a +0 robe
 55731 | Depths:4 | Identified a +0 buckler
 55736 | Depths:4 | Identified a +4 demon trident
 55736 | Depths:4 | Identified a +0 chain mail
 55736 | Depths:4 | Identified a +5 great sword of flaming
 55736 | Depths:4 | Identified a +0 plate armour
 55736 | Depths:4 | Identified a +2 demon blade of flaming
 55736 | Depths:4 | Identified a +0 chain mail
 55736 | Depths:4 | Identified a +0 demon whip of slashing
 55736 | Depths:4 | Identified a +0 chain mail
 55736 | Depths:4 | Identified a +1 glaive of pain
 55736 | Depths:4 | Identified a +0 plate armour
 55736 | Depths:4 | Identified a +0 dagger
 55736 | Depths:4 | Identified a +0 robe
 55736 | Depths:4 | Identified a +4 demon blade of flaming
 55736 | Depths:4 | Identified a +0 chain mail
 55747 | Depths:4 | Identified a +1 great sword of flaming
 55747 | Depths:4 | Identified a +0 dire flail
 55747 | Depths:4 | Identified a +0 dire flail
 56004 | Depths:4 | Identified a +0 dire flail
 56004 | Depths:4 | Identified a +0 dire flail
 56012 | Depths:4 | Found a one-way gate to the infinite horrors of the Abyss.
 56052 | Depths:4 | Identified a +0 dire flail
 56052 | Depths:4 | Identified a +0 dire flail
 56052 | Depths:4 | Identified a +0 arbalest
 56052 | Depths:4 | Identified a +0 arbalest
 56052 | Depths:4 | Identified a +0 arbalest
 56052 | Depths:4 | Identified a +0 arbalest
 56052 | Depths:4 | Identified a +0 arbalest
 56205 | Depths:4 | Found Uchuq's Gadget Shop.
 56303 | Depths:5 | Entered Level 5 of the Depths
 56330 | Depths:5 | Noticed a caustic shrike
 56335 | Depths:5 | Identified a +0 robe
 56336 | Depths:5 | Noticed a caustic shrike
 56337 | Depths:5 | Killed a caustic shrike
 56340 | Depths:5 | Noticed a caustic shrike
 56342 | Depths:5 | Noticed a caustic shrike
 56346 | Depths:5 | Killed a caustic shrike
 56355 | Depths:5 | Killed a caustic shrike
 56359 | Depths:5 | Identified a +0 troll leather armour
 56361 | Depths:5 | Killed a caustic shrike
 56361 | Depths:5 | Noticed a caustic shrike
 56376 | Depths:5 | Killed a caustic shrike
 56384 | Depths:5 | Identified a +0 troll leather armour
 56413 | Depths:5 | Gained mutation: You have a pair of small horns on your
                  | head. [evolution]
 56415 | Depths:5 | Lost mutation: You evolve. [potion of mutation]
 56415 | Depths:5 | Lost mutation: You are weak. (Str -2) [potion of mutation]
 56415 | Depths:5 | Lost mutation: You are clumsy. (Dex -2) [potion of
                  | mutation]
 56415 | Depths:5 | Gained mutation: You are partially covered in iridescent
                  | scales. (AC +2) [potion of mutation]
 56430 | Depths:5 | Identified a +0 robe
 56439 | Depths:5 | Noticed Xtahua
 56447 | Depths:5 | Killed Xtahua
 56465 | Depths:5 | Noticed a lich
 56471 | Depths:5 | Killed a lich
 56490 | Depths:5 | Identified a +0 battleaxe
 56491 | Depths:5 | Identified a +0 quarterstaff
 56491 | Depths:5 | Identified a +0 animal skin
 56495 | Depths:5 | Identified a +0 long sword
 56495 | Depths:5 | Identified a +2 ring mail of poison resistance
 56495 | Depths:5 | Identified a +0 buckler of resistance
 56498 | Depths:5 | Identified a +0 halberd
 56510 | Depths:5 | Identified a +0 battleaxe
 56513 | Depths:5 | Identified a +2 short sword of protection
 56513 | Depths:5 | Identified a +0 cloak
 56517 | Depths:5 | Identified a +3 war axe
 56517 | Depths:5 | Identified a +1 ring mail of positive energy
 56517 | Depths:5 | Identified a cursed +0 buckler
 56518 | Depths:5 | Identified a +0 scimitar
 56521 | Depths:5 | Identified a +1 great sword of slicing
 56521 | Depths:5 | Identified a +3 ring mail of cold resistance
 56521 | Depths:5 | Noticed Sojobo
 56536 | Depths:5 | Killed Sojobo
 56547 | Depths:5 | Identified a +0 short sword
 56552 | Depths:5 | Identified a +0 mace
 56603 | Depths:5 | Identified a +0 short sword
 56603 | Depths:5 | Identified a +2 glaive of venom
 56603 | Depths:5 | Identified a +0 cloak
 56604 | Depths:5 | Identified a +0 broad axe
 56604 | Depths:5 | Identified a +0 animal skin
 56638 | Depths:5 | Found a gate to the Realm of Zot.
 56647 | Depths:5 | Reached skill level 19 in Armour
 56871 | Depths:5 | Identified +0 ice dragon scales
 56874 | Depths:5 | Identified a +0 dire flail
 56874 | Depths:5 | Identified a cursed -2 dire flail
 56886 | Depths:5 | Identified a +0 troll leather armour
 56933 | Depths:5 | Identified a +2 great sword of flaming
 57011 | Depths:5 | Identified a +0 dagger
 57011 | Depths:5 | Identified a +0 ring mail
 57011 | Depths:5 | Noticed a deep elf demonologist
 57017 | Depths:5 | Killed a deep elf demonologist
 57017 | Depths:5 | Reached skill level 23 in Shields
 57401 | Depths:5 | Voluntarily entered the Abyss.
 57507 | Abyss:3  | Identified a +0 trident
 57507 | Abyss:3  | Identified a +0 trident
 57510 | Abyss:3  | Identified a +4 spear of piercing
 57663 | Abyss:5  | Entered Level 5 of the Abyss
 57663 | Abyss:5  | Entered Level 5 of the Abyss
 57705 | Abyss:5  | Identified a +0 war axe
 57712 | Abyss:5  | Identified a +0 scimitar of flaming
 57721 | Abyss:5  | Identified a +1 scythe of pain
 57797 | Abyss:5  | Lost mutation: You expend magic power (3 MP) to strengthen
                  | your wands. [a neqoxec]
 57802 | Abyss:5  | Gained mutation: You have hoof-like feet. [a neqoxec]
 57805 | Abyss:5  | Gained mutation: Your body sometimes deteriorates upon
                  | taking damage. [a neqoxec]
 57855 | Abyss:5  | Identified a +4 scimitar of flaming
 57886 | Abyss:5  | Reached skill level 26 in Fighting
 57947 | Abyss:5  | Noticed a lich
 57957 | Abyss:5  | Got an abyssal rune of Zot
 57969 | Abyss:5  | Killed a lich
 57987 | Depths:5 | Escaped the Abyss
 58091 | Hell     | Entered the Vestibule of Hell
 58091 | Hell     | Noticed Geryon
 58092 | Hell     | Identified a +1 dagger of holy wrath
 58092 | Hell     | Identified a +0 robe
 58094 | Hell     | Identified a +0 short sword
 58096 | Hell     | Identified a +0 short sword
 58099 | Hell     | Identified a +0 flail
 58099 | Hell     | Identified a cursed -1 dire flail
 58116 | Hell     | Identified a +0 trident
 58122 | Hell     | Killed Geryon
 58137 | Hell     | Identified a +0 morningstar
 58166 | Hell     | Identified a +0 great mace
 58226 | Hell     | Found a gateway to the Iron City of Dis.
 58257 | Hell     | Identified a +3 scythe of protection
 58282 | Hell     | Found a gateway to the freezing wastes of Cocytus.
 58318 | Coc:1    | Entered Level 1 of Cocytus
 58358 | Coc:1    | Noticed an Ice Fiend
 58362 | Coc:1    | Killed an Ice Fiend
 58415 | Coc:1    | Identified a +1 scythe of slicing
 58459 | Coc:2    | Identified +0 ice dragon scales
 58466 | Coc:2    | Gained mutation: Your body often deteriorates upon taking
                  | damage. [mutagenic glow]
 58472 | Coc:2    | Reached skill level 15 in Dodging
 58491 | Coc:3    | Gained mutation: You are very frail. (-20% HP) [mutagenic
                  | glow]
 58506 | Coc:3    | Identified a +0 scythe of protection
 58587 | Coc:4    | Identified a +0 glaive
 58596 | Coc:4    | Identified a +0 flail
 58602 | Coc:4    | Identified a +0 battleaxe of chopping
 58622 | Coc:4    | Identified a +0 dire flail
 58623 | Coc:4    | Identified a +0 long sword
 58651 | Coc:4    | Noticed an Ice Fiend
 58656 | Coc:4    | Killed an Ice Fiend
 58919 | Coc:4    | Identified a cursed +0 long sword
 58919 | Coc:4    | Identified a +0 robe
 58921 | Coc:4    | Identified a cursed +2 dire flail
 58921 | Coc:4    | Identified a +0 robe
 58934 | Coc:4    | Identified a +3 morningstar
 58934 | Coc:4    | Identified a +0 robe
 58968 | Coc:5    | Noticed an Ice Fiend
 58968 | Coc:5    | Identified a +0 war axe
 58968 | Coc:5    | Identified a +0 battleaxe
 58968 | Coc:5    | Identified a +0 mace
 58982 | Coc:5    | Killed an Ice Fiend
 58984 | Coc:5    | Reached skill level 24 in Shields
 59019 | Coc:5    | Identified a +0 trident
 59021 | Coc:5    | Identified a +1 scythe of freezing
 59021 | Coc:5    | Identified a +3 scythe of venom
 59026 | Coc:5    | Identified a +0 war axe
 59031 | Coc:5    | Identified a +0 halberd
 59032 | Coc:5    | Identified a +0 war axe
 59077 | Coc:6    | Identified a +0 falchion
 59077 | Coc:6    | Identified a +0 robe
 59077 | Coc:6    | Identified a cursed +0 scimitar
 59077 | Coc:6    | Identified a +0 robe
 59077 | Coc:6    | Identified a +0 hand axe
 59077 | Coc:6    | Identified a +0 robe
 59092 | Coc:6    | Reached skill level 22 in Axes
 59126 | Coc:6    | Identified a +0 hand axe
 59127 | Coc:6    | Identified a +0 flail
 59127 | Coc:6    | Identified a +0 dire flail
 59127 | Coc:6    | Identified a +0 short sword of venom
 59131 | Coc:6    | Identified a +0 trident
 59185 | Coc:6    | Noticed an Ice Fiend
 59185 | Coc:6    | Identified a +2 scythe of flaming
 59189 | Coc:6    | Killed an Ice Fiend
 59242 | Coc:6    | Identified a +2 scythe
 59356 | Coc:7    | Entered Level 7 of Cocytus
 59365 | Coc:7    | Identified a +4 battleaxe of freezing
 59430 | Coc:7    | Identified a +0 scythe of freezing
 59510 | Coc:7    | Noticed an Ice Fiend
 59511 | Coc:7    | Identified +0 ice dragon scales
 59520 | Coc:7    | Killed an Ice Fiend
 59542 | Coc:7    | Identified a +1 battleaxe of freezing
 59558 | Coc:7    | Reached skill level 20 in Armour
 59567 | Coc:7    | Identified +0 ice dragon scales
 59613 | Coc:7    | Reached skill level 27 in Fighting
 59646 | Coc:7    | Noticed an Ice Fiend
 59657 | Coc:7    | Killed an Ice Fiend
 59720 | Coc:7    | Identified an amulet of harm (You found it on level 7 of
                  | Cocytus)
 59736 | Coc:7    | Identified a +2 halberd of venom
 59736 | Coc:7    | Identified a +0 broad axe
 59736 | Coc:7    | Identified a +0 flail
 59736 | Coc:7    | Identified a +0 short sword
 59736 | Coc:7    | Identified a +0 dire flail
 59736 | Coc:7    | Identified a +0 scythe of flaming
 59892 | Coc:7    | Noticed an Ice Fiend
 59896 | Coc:7    | Killed an Ice Fiend
 59974 | Coc:7    | Identified a +4 battleaxe of freezing
 60020 | Coc:7    | Identified a +1 battleaxe of freezing
 60026 | Coc:7    | Identified +0 ice dragon scales
 60071 | Coc:7    | Identified +0 ice dragon scales
 60084 | Coc:7    | Identified a +0 mace of crushing
 60091 | Coc:7    | Identified a +0 halberd
 60099 | Coc:7    | Identified a +0 hand axe
 60100 | Coc:7    | Identified a +0 short sword
 60133 | Coc:7    | Noticed an Ice Fiend
 60133 | Coc:7    | Noticed an Ice Fiend
 60134 | Coc:7    | Identified a +1 mace of protection
 60135 | Coc:7    | Identified a +0 war axe
 60135 | Coc:7    | Identified a +0 mace
 60135 | Coc:7    | Identified a +0 halberd
 60139 | Coc:7    | Identified a +0 halberd
 60143 | Coc:7    | Killed an Ice Fiend
 60145 | Coc:7    | Killed an Ice Fiend
 60148 | Coc:7    | Noticed Antaeus
 60193 | Coc:7    | HP: 25/159 [Antaeus/flash freeze (27)]
 60199 | Coc:7    | Killed Antaeus
 60199 | Coc:7    | Reached skill level 25 in Shields
 60207 | Coc:7    | HP: 36/159 [ice statue/shard of ice (7)]
 60214 | Coc:7    | HP: 22/159 [ice statue] (1)]
 60221 | Coc:7    | HP: 32/159 [ice statue] (1)]
 60230 | Coc:7    | Got an icy rune of Zot
 60280 | Coc:7    | HP: 30/159 [something (23)]
 60677 | Dis:1    | Entered Level 1 of the Iron City of Dis
 60714 | Dis:1    | Identified a cursed +4 halberd of freezing
 60714 | Dis:1    | Identified a +0 robe
 60714 | Dis:1    | Identified a +0 mace of crushing
 60714 | Dis:1    | Identified a +0 robe
 60714 | Dis:1    | Identified a +4 scimitar
 60714 | Dis:1    | Identified a cursed +0 robe
 60714 | Dis:1    | Identified a +6 morningstar
 60714 | Dis:1    | Identified a +0 robe
 60717 | Dis:1    | Identified a +0 trident
 60736 | Dis:1    | Identified a cursed +0 great sword
 60736 | Dis:1    | Identified a +0 robe
 60813 | Dis:1    | Identified a +0 short sword
 60813 | Dis:1    | Identified a +0 short sword
 60840 | Dis:1    | Identified a +1 scythe of slicing
 60920 | Dis:1    | Identified a +0 trident
 60946 | Dis:2    | Identified a cursed +3 halberd
 60946 | Dis:2    | Identified a +2 robe of magic resistance
 60947 | Dis:2    | Identified a +0 spear
 60947 | Dis:2    | Identified a +1 robe of resistance
 60947 | Dis:2    | Identified a +0 flail
 60947 | Dis:2    | Identified a +0 robe
 60947 | Dis:2    | Identified a +6 scythe of venom
 60948 | Dis:2    | Identified a +2 long sword
 60948 | Dis:2    | Identified a +0 robe
 60949 | Dis:2    | Identified a +4 hand axe
 60949 | Dis:2    | Identified a +0 robe
 60964 | Dis:2    | Identified a +3 falchion of freezing
 60964 | Dis:2    | Identified a cursed -2 robe
 60966 | Dis:2    | Identified a +0 trident
 60967 | Dis:2    | Identified a +3 war axe
 60967 | Dis:2    | Identified a +0 robe
 60969 | Dis:2    | Identified a cursed +3 scimitar
 60969 | Dis:2    | Identified a +0 robe
 60971 | Dis:3    | Identified a +0 trident
 61048 | Dis:3    | Identified a +0 falchion
 61048 | Dis:3    | Identified a +0 robe
 61049 | Dis:3    | Identified a +0 dagger
 61049 | Dis:3    | Identified a +0 robe
 61050 | Dis:3    | Identified a +0 morningstar
 61050 | Dis:3    | Identified a +0 robe
 61069 | Dis:4    | Identified a +2 trident of venom
 61081 | Dis:4    | Identified a +0 giant club
 61081 | Dis:4    | Identified a +2 battleaxe of draining
 61081 | Dis:4    | Identified a +0 plate armour
 61081 | Dis:4    | Identified a +1 great sword of flaming
 61081 | Dis:4    | Identified a +0 chain mail
 61092 | Dis:4    | Reached skill level 16 in Dodging
 61225 | Dis:5    | Identified a +1 antimagic scythe
 61294 | Dis:5    | Noticed a Tzitzimitl
 61301 | Dis:5    | Killed a Tzitzimitl
 61421 | Dis:5    | Identified a +0 hand axe
 61421 | Dis:5    | Identified a +0 scimitar
 61421 | Dis:5    | Identified a +0 short sword
 61421 | Dis:5    | Identified a +0 mace
 61421 | Dis:5    | Identified a +0 hand axe
 61527 | Dis:5    | Identified a +0 trident
 61587 | Dis:5    | Identified a +3 trident
 61587 | Dis:5    | Identified a +0 robe
 61587 | Dis:5    | Identified a +3 flail of freezing
 61587 | Dis:5    | Identified a +0 robe
 61587 | Dis:5    | Identified a cursed +2 flail
 61587 | Dis:5    | Identified a +0 robe
 61638 | Dis:6    | Identified a +0 scythe of venom
 61670 | Dis:6    | Identified a +2 battleaxe of pain
 61670 | Dis:6    | Identified a +0 plate armour
 61671 | Dis:6    | Identified a +2 great sword
 61671 | Dis:6    | Identified a +0 plate armour
 61704 | Dis:6    | Identified a +0 giant club
 61741 | Dis:7    | Entered Level 7 of the Iron City of Dis
 61751 | Dis:7    | Identified a +1 scythe of flaming
 61855 | Dis:7    | Identified a +4 dire flail of protection
 61855 | Dis:7    | Identified a +0 morningstar
 61894 | Dis:7    | Identified a +0 dire flail of protection
 61894 | Dis:7    | Identified a +5 morningstar of protection
 61940 | Dis:7    | Noticed a Brimstone Fiend
 61940 | Dis:7    | Identified a +2 scythe of protection
 61948 | Dis:7    | Killed a Brimstone Fiend
 61975 | Dis:7    | Identified a +2 dire flail of protection
 61975 | Dis:7    | Identified a cursed +0 glaive
 61975 | Dis:7    | Identified a +1 flail of crushing
 61975 | Dis:7    | Identified a +0 long sword
 62007 | Dis:7    | Identified a +0 morningstar
 62007 | Dis:7    | Identified a cursed -3 flail
 62065 | Dis:7    | Noticed an Ice Fiend
 62067 | Dis:7    | Identified a +2 morningstar of protection
 62068 | Dis:7    | Identified a +2 morningstar of protection
 62068 | Dis:7    | Identified a +0 great mace
 62070 | Dis:7    | Identified quicksilver dragon scales
 62071 | Dis:7    | Identified a +0 morningstar of freezing
 62075 | Dis:7    | Identified a +0 morningstar
 62077 | Dis:7    | Identified a +1 scythe of flaming
 62078 | Dis:7    | Killed an Ice Fiend
 62096 | Dis:7    | Reached skill level 21 in Armour
 62100 | Dis:7    | Noticed a Brimstone Fiend
 62102 | Dis:7    | Identified a +0 dire flail
 62103 | Dis:7    | Identified quicksilver dragon scales
 62114 | Dis:7    | Killed a Brimstone Fiend
 62132 | Dis:7    | Noticed a Brimstone Fiend
 62151 | Dis:7    | Killed a Brimstone Fiend
 62177 | Dis:7    | Identified a +2 scythe of venom
 62188 | Dis:7    | Reached skill level 26 in Shields
 62225 | Dis:7    | Identified a +0 giant club
 62242 | Dis:7    | Noticed a Brimstone Fiend
 62249 | Dis:7    | Identified a +0 flail
 62254 | Dis:7    | Identified a +0 troll leather armour
 62254 | Dis:7    | Identified quicksilver dragon scales
 62258 | Dis:7    | Killed a Brimstone Fiend
 62277 | Dis:7    | Noticed the Serpent of Hell
 62279 | Dis:7    | Identified a +0 dire flail
 62280 | Dis:7    | Identified a +4 lajatang
 62281 | Dis:7    | Identified a +0 flail
 62287 | Dis:7    | Noticed an Ice Fiend
 62290 | Dis:7    | Identified a +0 dire flail
 62296 | Dis:7    | Identified quicksilver dragon scales
 62300 | Dis:7    | Killed the Serpent of Hell
 62303 | Dis:7    | Killed an Ice Fiend
 62308 | Dis:7    | Identified a +0 giant spiked club
 62309 | Dis:7    | Identified a +0 troll leather armour
 62309 | Dis:7    | Identified a +0 troll leather armour
 62309 | Dis:7    | Identified a +0 trident
 62310 | Dis:7    | Identified a +2 great sword of draining
 62310 | Dis:7    | Identified a +0 plate armour
 62315 | Dis:7    | Identified a +3 great sword
 62315 | Dis:7    | Identified a +0 chain mail
 62354 | Dis:7    | Identified a +0 great mace
 62380 | Dis:7    | Reached skill level 23 in Axes
 62393 | Dis:7    | Identified a +2 scythe of slicing
 62398 | Dis:7    | Identified a +0 troll leather armour
 62454 | Dis:7    | Identified a +3 morningstar of protection
 62570 | Dis:7    | Got a scorched iron ring
 62571 | Dis:7    | Identified the ring "Vetzog" {+Blink MR- Dex+3 SInv Stlth+}
                  | (You found it on level 7 of the Iron City of Dis)
 62600 | Dis:7    | Noticed an Ice Fiend
 62608 | Dis:7    | Killed an Ice Fiend
 62610 | Dis:7    | Identified a +1 great mace of draining
 62610 | Dis:7    | Identified a +0 plate armour
 62613 | Dis:7    | Identified a +2 great mace
 62613 | Dis:7    | Identified a +0 chain mail
 62613 | Dis:7    | Identified a +0 giant club
 62653 | Dis:7    | Identified a +5 scythe of protection
 62668 | Dis:7    | Identified the +4 staff of Dispater
 62668 | Dis:7    | Noticed Dispater
 62669 | Dis:7    | Identified a +2 demon whip of draining
 62689 | Dis:7    | Noticed a Tzitzimitl
 62700 | Dis:7    | Noticed a Tzitzimitl
 62705 | Dis:7    | Killed Dispater
 62753 | Dis:7    | Got an iron rune of Zot
 62818 | Dis:7    | Identified quicksilver dragon scales
 62882 | Dis:7    | Identified a +0 morningstar
 62907 | Dis:7    | Identified a +6 flail of crushing
 62966 | Dis:7    | Identified a +1 vampiric scythe
 63012 | Hell     | Found a gateway to the ashen valley of Gehenna.
 63030 | Geh:1    | Entered Level 1 of Gehenna
 63030 | Geh:1    | Identified a cursed -1 trident
 63097 | Geh:1    | Identified a ring of intelligence (You found it on level 7
                  | of the Iron City of Dis)
 63099 | Geh:1    | Lost mutation: You are very frail. (-20% HP) [potion of
                  | mutation]
 63099 | Geh:1    | Lost mutation: You have hoof-like feet. [potion of
                  | mutation]
 63099 | Geh:1    | Lost mutation: Your body often deteriorates upon taking
                  | damage. [potion of mutation]
 63099 | Geh:1    | Lost mutation: You are partially covered in molten scales.
                  | (AC +2) [potion of mutation]
 63099 | Geh:1    | Gained mutation: You are partially covered in slimy green
                  | scales. (AC +2) [potion of mutation]
 63099 | Geh:1    | Gained mutation: You possess an exceptional clarity of
                  | mind. [potion of mutation]
 63100 | Geh:1    | Lost mutation: You are frail. (-10% HP) [potion of
                  | mutation]
 63100 | Geh:1    | Lost mutation: You have large cloven feet. [potion of
                  | mutation]
 63100 | Geh:1    | Gained mutation: You are robust. (+10% HP) [potion of
                  | mutation]
 63100 | Geh:1    | Gained mutation: Your muscles are strong. (Str +2) [potion
                  | of mutation]
 63129 | Geh:1    | Noticed a Brimstone Fiend
 63134 | Geh:1    | Killed a Brimstone Fiend
 63134 | Geh:1    | Reached skill level 17 in Dodging
 63179 | Geh:2    | Identified a +1 scimitar of flaming
 63201 | Geh:3    | Identified a +6 scythe of protection
 63201 | Geh:3    | Identified a +0 demon whip
 63201 | Geh:3    | Identified a +0 demon trident
 63201 | Geh:3    | Identified a +1 long sword of flaming
 63201 | Geh:3    | Identified a +0 plate armour
 63201 | Geh:3    | Identified a +0 trident
 63201 | Geh:3    | Identified a +0 trident
 63202 | Geh:3    | Identified a +0 trident
 63204 | Geh:4    | Identified a +2 scythe of slicing
 63206 | Geh:4    | Identified a +4 great mace of flaming
 63206 | Geh:4    | Identified a +0 chain mail
 63206 | Geh:4    | Identified a +1 demon whip of flaming
 63206 | Geh:4    | Identified a +0 plate armour
 63207 | Geh:4    | Identified a +1 scimitar of flaming
 63207 | Geh:4    | Identified a +0 plate armour
 63207 | Geh:4    | Identified a +3 demon blade of flaming
 63207 | Geh:4    | Identified a +0 plate armour
 63207 | Geh:4    | Identified a +5 great sword of flaming
 63207 | Geh:4    | Identified a +0 chain mail
 63207 | Geh:4    | Identified a +1 great mace of flaming
 63207 | Geh:4    | Identified a +0 chain mail
 63211 | Geh:4    | Identified a +5 scimitar of flaming
 63211 | Geh:4    | Identified a +0 chain mail
 63214 | Geh:4    | Identified a +2 demon trident of electrocution
 63216 | Geh:4    | Identified a +2 morningstar
 63216 | Geh:4    | Identified a +0 robe
 63218 | Geh:4    | Identified a cursed +1 dire flail of draining
 63218 | Geh:4    | Identified a +0 robe
 63238 | Geh:4    | Identified a +6 antimagic scythe
 63262 | Geh:4    | Identified a +0 hand axe
 63262 | Geh:4    | Identified a +0 robe
 63274 | Geh:4    | Noticed a lich
 63287 | Geh:4    | Killed a lich
 63287 | Geh:4    | Identified a +0 vampiric scythe
 63327 | Geh:4    | You are sucked into a shaft and drop 2 floors!
 63327 | Geh:6    | Identified a +0 demon whip
 63327 | Geh:6    | Identified a +0 trident
 63328 | Geh:6    | Identified a +3 scythe of slicing
 63382 | Geh:7    | Entered Level 7 of Gehenna
 63390 | Geh:7    | Reached skill level 27 in Shields
 63392 | Geh:7    | Identified a +0 morningstar
 63394 | Geh:7    | Identified a +0 morningstar of draining
 63394 | Geh:7    | Identified a +1 flail of protection
 63397 | Geh:7    | Identified a +0 morningstar of protection
 63428 | Geh:7    | Identified a +0 morningstar
 63461 | Geh:7    | Identified a +0 great sword of flaming
 63480 | Geh:7    | Identified a +0 trident
 63502 | Geh:7    | Noticed a Brimstone Fiend
 63502 | Geh:7    | Identified a +0 demon whip of venom
 63506 | Geh:7    | Killed a Brimstone Fiend
 63528 | Geh:7    | Identified a +5 demon whip
 63528 | Geh:7    | Identified a +0 chain mail
 63528 | Geh:7    | Identified a +2 glaive of flaming
 63528 | Geh:7    | Identified a +0 plate armour
 63528 | Geh:7    | Identified a +0 dagger
 63528 | Geh:7    | Identified a +0 robe
 63528 | Geh:7    | Identified a +5 war axe of chopping
 63528 | Geh:7    | Identified a +0 plate armour
 63528 | Geh:7    | Identified a +5 halberd
 63528 | Geh:7    | Identified a +2 chain mail of cold resistance
 63528 | Geh:7    | Identified a +2 great sword of flaming
 63528 | Geh:7    | Identified a +0 chain mail
 63528 | Geh:7    | Identified a +1 great mace
 63528 | Geh:7    | Identified a +0 chain mail
 63561 | Geh:7    | Got a transparent ring mail
 63562 | Geh:7    | Identified the +3 ring mail of the Eagle {rF- rN+ Str+2
                  | Stlth+} (You found it on level 7 of Gehenna)
 63570 | Geh:7    | Noticed a Brimstone Fiend
 63575 | Geh:7    | Killed a Brimstone Fiend
 63596 | Geh:7    | Reached skill level 22 in Armour
 63603 | Geh:7    | Identified a +1 great sword of flaming
 63606 | Geh:7    | Identified a +0 trident
 63628 | Geh:7    | Identified a +1 demon whip of electrocution
 63628 | Geh:7    | Noticed a Brimstone Fiend
 63635 | Geh:7    | Killed a Brimstone Fiend
 63667 | Geh:7    | Identified a +2 demon whip of freezing
 63672 | Geh:7    | Identified a +1 demon whip of pain
 63697 | Geh:7    | Identified a +2 scythe of flaming
 63709 | Geh:7    | Identified a +0 demon whip of flaming
 63724 | Geh:7    | Identified a +2 vampiric demon whip
 63734 | Geh:7    | Got an encrusted spear
 63738 | Geh:7    | Noticed a Brimstone Fiend
 63747 | Geh:7    | Killed a Brimstone Fiend
 63785 | Geh:7    | Identified the +7 sceptre of Asmodeus
 63785 | Geh:7    | Noticed Asmodeus
 63802 | Geh:7    | Noticed a Brimstone Fiend
 63809 | Geh:7    | Killed a Brimstone Fiend
 63814 | Geh:7    | Identified a +3 demon whip of electrocution
 63833 | Geh:7    | HP: 54/218 [Asmodeus] (1)]
 63838 | Geh:7    | Killed Asmodeus
 63854 | Geh:7    | Got an obsidian rune of Zot
 63911 | Geh:7    | Identified a +4 scythe of protection
 63936 | Geh:7    | Identified a ring of protection from cold (You found it on
                  | level 7 of Gehenna)
 63940 | Geh:7    | Got a jewelled mace
 63976 | Geh:7    | Noticed a Brimstone Fiend
 63976 | Geh:7    | Identified a +2 demon whip of venom
 63981 | Geh:7    | Killed a Brimstone Fiend
 64003 | Geh:7    | Identified a +4 great sword of flaming
 64003 | Geh:7    | Identified a +0 plate armour
 64003 | Geh:7    | Identified a +3 great sword of slicing
 64003 | Geh:7    | Identified a +0 plate armour
 64003 | Geh:7    | Identified a +2 great mace
 64003 | Geh:7    | Identified a +0 plate armour
 64003 | Geh:7    | Identified a +0 dagger
 64003 | Geh:7    | Identified a +0 robe
 64003 | Geh:7    | Identified a +2 demon whip of slashing
 64003 | Geh:7    | Identified a +0 plate armour
 64003 | Geh:7    | Identified a +3 battleaxe
 64003 | Geh:7    | Identified a +0 chain mail
 64003 | Geh:7    | Identified a +0 dagger
 64003 | Geh:7    | Identified a +0 robe
 64034 | Geh:7    | Identified a +0 trident
 64066 | Geh:7    | Identified a +0 demon whip
 64068 | Geh:7    | Identified a +0 mace
 64080 | Geh:7    | Identified a +0 flail
 64094 | Geh:7    | Identified a +1 scythe of protection
 64095 | Geh:7    | Identified a +0 mace
 64099 | Geh:7    | Identified a +0 demon trident of draining
 64248 | Geh:7    | Identified a +5 war axe of pain
 64248 | Geh:7    | Identified a +0 chain mail
 64248 | Geh:7    | Identified a +0 battleaxe
 64248 | Geh:7    | Identified a +0 plate armour
 64248 | Geh:7    | Identified a +5 demon whip
 64248 | Geh:7    | Identified a +0 plate armour
 64248 | Geh:7    | Identified a +1 scimitar of flaming
 64248 | Geh:7    | Identified a +0 plate armour
 64249 | Geh:7    | Identified a +4 demon whip
 64249 | Geh:7    | Identified a +0 plate armour
 64272 | Geh:7    | Identified a +4 scythe of flaming
 64308 | Geh:7    | Noticed a Brimstone Fiend
 64312 | Geh:7    | Killed a Brimstone Fiend
 64354 | Geh:7    | Identified a +0 halberd
 64354 | Geh:7    | Identified a +0 robe
 64354 | Geh:7    | Identified a +3 morningstar
 64354 | Geh:7    | Identified a +0 robe
 64354 | Geh:7    | Identified a cursed +0 scimitar
 64354 | Geh:7    | Identified a +0 robe
 64354 | Geh:7    | Identified a cursed +4 mace
 64354 | Geh:7    | Identified a +0 robe
 64387 | Hell     | Identified a +3 great mace
 64387 | Hell     | Identified a +0 plate armour
 64387 | Hell     | Identified a +0 glaive
 64387 | Hell     | Identified a +1 battleaxe of draining
 64387 | Hell     | Identified a +0 plate armour
 64387 | Hell     | Identified a +0 trident
 64387 | Hell     | Identified a +0 glaive
 64387 | Hell     | Identified a +0 scimitar
 64387 | Hell     | Identified a +4 demon blade
 64387 | Hell     | Identified a +0 plate armour
 64387 | Hell     | Identified a +4 glaive of flaming
 64387 | Hell     | Identified a +0 plate armour
 64387 | Hell     | Identified a +4 halberd of flaming
 64387 | Hell     | Identified a +0 chain mail
 64387 | Hell     | Identified a +5 halberd
 64387 | Hell     | Identified a +0 chain mail
 64391 | Hell     | Identified a +0 mace
 64406 | Hell     | Identified a +0 dire flail
 64411 | Hell     | Identified a +0 mace of crushing
 64413 | Hell     | Found a gateway to the decaying netherworld of Tartarus.
 64430 | Hell     | Identified a +0 dire flail
 64438 | Hell     | Identified a +0 broad axe
 64439 | Hell     | Identified a +0 long sword
 64459 | Tar:1    | Entered Level 1 of Tartarus
 64459 | Tar:1    | Identified a +0 scythe of slicing
 64481 | Tar:1    | Identified a +0 mace
 64481 | Tar:1    | Identified a +0 robe
 64481 | Tar:1    | Identified a cursed +2 war axe
 64481 | Tar:1    | Identified a +0 robe
 64486 | Tar:1    | Identified a cursed +0 spear
 64486 | Tar:1    | Identified a +0 robe
 64521 | Tar:1    | Identified a +0 long sword
 64521 | Tar:1    | Identified a +0 chain mail
 64561 | Tar:1    | Identified a +6 scythe of protection
 64563 | Tar:1    | Identified a +2 scythe of venom
 64578 | Tar:1    | Noticed a Tzitzimitl
 64579 | Tar:1    | Reached skill level 18 in Dodging
 64580 | Tar:1    | Identified a +0 dire flail
 64580 | Tar:1    | Identified a +0 chain mail
 64583 | Tar:1    | Killed a Tzitzimitl
 64635 | Tar:1    | Identified a +0 flail
 64635 | Tar:1    | Identified a +0 flail
 64635 | Tar:1    | Identified a +0 scimitar
 64636 | Tar:1    | Identified a +0 vampiric scythe
 64637 | Tar:1    | Identified a +0 halberd
 64637 | Tar:1    | Identified a +0 dire flail
 64637 | Tar:1    | Identified a +0 glaive
 64638 | Tar:1    | Identified a +0 dire flail
 64639 | Tar:1    | Identified a +0 war axe
 64648 | Tar:1    | Identified a +0 halberd
 64648 | Tar:1    | Identified a +0 hand axe
 64648 | Tar:1    | Identified a +0 war axe
 64648 | Tar:1    | Identified a +0 long sword
 64648 | Tar:1    | Identified a +0 mace
 64648 | Tar:1    | Identified a +2 robe of magic resistance
 64648 | Tar:1    | Identified a +3 scimitar
 64648 | Tar:1    | Identified a +2 robe of the Archmagi
 64648 | Tar:1    | Identified a +3 battleaxe
 64648 | Tar:1    | Identified a +0 robe
 64738 | Tar:1    | Reached skill level 24 in Axes
 64774 | Tar:1    | Identified a +0 scythe of slicing
 64807 | Tar:1    | Reached skill level 23 in Armour
 64816 | Tar:1    | Noticed a Tzitzimitl
 64817 | Tar:1    | Identified a +0 trident
 64817 | Tar:1    | Identified a +0 war axe
 64817 | Tar:1    | Identified a +0 scimitar
 64820 | Tar:1    | Killed a Tzitzimitl
 64821 | Tar:1    | Identified +0 shadow dragon scales
 64853 | Tar:1    | Noticed a Tzitzimitl
 64861 | Tar:1    | Killed a Tzitzimitl
 64872 | Tar:1    | Identified a +0 trident
 64873 | Tar:1    | Identified a +0 scimitar
 64882 | Tar:1    | Identified a +0 scimitar
 64923 | Tar:2    | Noticed a Tzitzimitl
 64928 | Tar:2    | Killed a Tzitzimitl
 65020 | Tar:3    | You are sucked into a shaft and drop 3 floors!
 65046 | Tar:6    | Identified a +0 war axe
 65047 | Tar:6    | Identified a +0 battleaxe
 65047 | Tar:6    | Identified a +0 battleaxe
 65128 | Tar:6    | Noticed a Tzitzimitl
 65139 | Tar:6    | Killed a Tzitzimitl
 65148 | Tar:7    | Entered Level 7 of Tartarus
 65151 | Tar:7    | Noticed a Tzitzimitl
 65163 | Tar:7    | Killed a Tzitzimitl
 65173 | Tar:7    | Noticed a Tzitzimitl
 65187 | Tar:7    | Killed a Tzitzimitl
 65220 | Tar:7    | Noticed a lich
 65225 | Tar:7    | Killed a lich
 65228 | Tar:7    | Identified a +1 scythe of freezing
 65240 | Tar:7    | Identified a +0 vampiric scythe
 65272 | Tar:7    | Identified a +1 scythe of flaming
 65275 | Tar:7    | Identified a +0 battleaxe
 65281 | Tar:7    | Identified a +0 war axe
 65281 | Tar:7    | Identified a +0 halberd
 65351 | Tar:7    | Identified a +1 scythe of slicing
 65383 | Tar:7    | Identified a +2 scythe of venom
 65433 | Tar:7    | Identified a +2 war axe of electrocution
 65433 | Tar:7    | Identified a +0 chain mail
 65433 | Tar:7    | Identified a +4 antimagic scythe
 65500 | Tar:7    | Identified a +5 scythe of venom
 65500 | Tar:7    | Identified a +2 scythe of venom
 65544 | Tar:7    | Noticed a Tzitzimitl
 65544 | Tar:7    | Identified a +2 scythe of venom
 65555 | Tar:7    | Killed a Tzitzimitl
 65569 | Tar:7    | Identified a +4 scythe of flaming
 65585 | Tar:7    | Identified a +1 trident
 65585 | Tar:7    | Identified a +0 glaive
 65585 | Tar:7    | Identified a +0 halberd
 65585 | Tar:7    | Identified a +1 flail
 65585 | Tar:7    | Identified a +0 war axe
 65585 | Tar:7    | Identified a +4 short sword of electrocution
 65585 | Tar:7    | Identified a +0 long sword
 65585 | Tar:7    | Identified a +0 short sword
 65622 | Tar:7    | Identified the Disquisition on Virous Hexes
 65624 | Tar:7    | Identified the Almanac of Snow and Lightness
 65630 | Tar:7    | Identified a ring of wizardry (You found it on level 7 of
                  | Tartarus)
 65631 | Tar:7    | Identified a ring of protection from magic (You found it on
                  | level 7 of Tartarus)
 65668 | Tar:7    | Identified a +0 scythe of venom
 65700 | Tar:7    | Noticed a lich
 65704 | Tar:7    | Killed a lich
 65771 | Tar:7    | Identified a +1 scythe of slicing
 65774 | Tar:7    | Noticed a Tzitzimitl
 65774 | Tar:7    | Identified a +4 scythe of pain
 65781 | Tar:7    | Killed a Tzitzimitl
 65785 | Tar:7    | Identified a +3 scythe of slicing
 65820 | Tar:7    | Identified a +0 scythe of protection
 65834 | Tar:7    | Identified a +3 scythe of freezing
 65836 | Tar:7    | Identified a +0 hand axe
 65836 | Tar:7    | Identified a +0 long sword
 65836 | Tar:7    | Identified a +0 battleaxe
 65838 | Tar:7    | Identified a +0 trident
 65894 | Tar:7    | Noticed a Tzitzimitl
 65906 | Tar:7    | Reached skill level 19 in Dodging
 65918 | Tar:7    | Killed a Tzitzimitl
 65964 | Tar:7    | Identified a +2 scythe of venom
 65965 | Tar:7    | Identified a +3 vampiric scythe
 65969 | Tar:7    | Noticed a Tzitzimitl
 65971 | Tar:7    | Identified a +2 scythe of protection
 65988 | Tar:7    | Killed a Tzitzimitl
 66007 | Tar:7    | Identified a +2 scythe of freezing
 66010 | Tar:7    | Noticed a Tzitzimitl
 66010 | Tar:7    | Noticed Ereshkigal
 66011 | Tar:7    | Noticed a Tzitzimitl
 66012 | Tar:7    | Identified a +0 trident
 66012 | Tar:7    | Noticed a Tzitzimitl
 66024 | Tar:7    | Identified a +0 scythe of protection
 66024 | Tar:7    | Killed a Tzitzimitl
 66024 | Tar:7    | Reached skill level 24 in Armour
 66026 | Tar:7    | Killed a Tzitzimitl
 66029 | Tar:7    | Killed a Tzitzimitl
 66031 | Tar:7    | Identified a +0 battleaxe
 66031 | Tar:7    | Identified a +0 chain mail
 66047 | Tar:7    | Identified a +0 scythe of distortion
 66048 | Tar:7    | Noticed a lich
 66048 | Tar:7    | Killed Ereshkigal
 66069 | Tar:7    | Got a faintly glowing falchion
 66070 | Tar:7    | Identified Icueh's Reference Book on Hexes and Enhancements
 66077 | Tar:7    | Got a bone rune of Zot
 66084 | Tar:7    | Got a warped robe
 66131 | Tar:7    | Identified a +4 scythe of protection
 66133 | Tar:7    | Identified a +2 scythe of slicing
 66139 | Tar:7    | Identified a +2 scythe of venom
 66185 | Tar:7    | Identified a +6 vampiric scythe
 66698 | Vaults:4 | Identified the +6 arbalest of Omugut {venom, Int+3 SInv}
                  | (You found it on level 4 of the Vaults)
 67048 | Vaults:1 | Identified a +0 hand crossbow (You found it on level 1 of
                  | the Vaults)
 67312 | Pan      | Entered Pandemonium
 67478 | Pan      | Identified a +0 demon whip
 67482 | Pan      | Identified a +0 trident
 67482 | Pan      | Identified a +0 ring mail
 67506 | Pan      | Reached skill level 1 in Crossbows
 67527 | Pan      | Noticed Beont the pandemonium lord
 67541 | Pan      | Reached skill level 25 in Axes
 67543 | Pan      | Identified a +0 trident
 67543 | Pan      | Identified a +0 robe
 67559 | Pan      | Killed Beont the pandemonium lord
 67559 | Pan      | Reached skill level 2 in Crossbows
 67708 | Pan      | Identified a +0 scimitar
 67708 | Pan      | Identified a +0 plate armour
 67708 | Pan      | Identified a cursed +0 shield
 67715 | Pan      | Identified a +2 demon whip of venom
 67723 | Pan      | Identified a +0 trident
 67725 | Pan      | Identified a +0 demon trident
 67742 | Pan      | Identified a +0 demon whip
 67759 | Pan      | Identified a cursed -1 trident
 67769 | Pan      | Identified a +0 trident
 67775 | Pan      | Identified a +0 scale mail
 67878 | Pan      | Lost mutation: You possess an exceptional clarity of mind.
                  | [a cacodemon]
 67879 | Pan      | Identified a +2 scimitar of electrocution
 67879 | Pan      | Identified a +0 plate armour
 67885 | Pan      | Reached skill level 3 in Crossbows
 67892 | Pan      | Identified a +2 demon whip of electrocution
 67897 | Pan      | Noticed Mitoodoa the pandemonium lord
 67898 | Pan      | Noticed a Brimstone Fiend
 67943 | Pan      | Identified a +0 morningstar
 67943 | Pan      | Identified a +0 plate armour
 67947 | Pan      | Identified a +0 dire flail
 67947 | Pan      | Identified a +0 scale mail
 67947 | Pan      | Identified a +0 trident
 67947 | Pan      | Identified a +3 leather armour of poison resistance
 67947 | Pan      | Identified a +0 great sword
 67947 | Pan      | Identified a +0 scale mail
 68014 | Pan      | Killed a Brimstone Fiend
 68020 | Pan      | Got a demonic rune of Zot
 68101 | Pan      | Entered the realm of Lom Lobon.
 68377 | Pan      | Identified a +0 dagger
 68377 | Pan      | Identified a +0 robe
 68378 | Pan      | Identified a +2 long sword of holy wrath
 68380 | Pan      | Identified a +0 whip
 68380 | Pan      | Identified a +0 robe
 68422 | Pan      | Identified a +0 dagger
 68422 | Pan      | Identified a +0 robe
 68427 | Pan      | Identified a +0 whip
 68427 | Pan      | Identified a +0 robe
 68441 | Pan      | Noticed Lom Lobon
 68475 | Pan      | Killed Lom Lobon
 68475 | Pan      | Reached skill level 4 in Crossbows
 68491 | Pan      | Got a magical rune of Zot
 68755 | Pan      | Identified a +0 long sword
 68755 | Pan      | Identified a +0 leather armour
 68758 | Pan      | Identified a +0 long sword
 68758 | Pan      | Identified a +0 robe
 68762 | Pan      | Identified a +0 dagger
 68762 | Pan      | Identified a +0 robe
 68765 | Pan      | Noticed a lich
 68778 | Pan      | Killed a lich
 68840 | Pan      | Identified a +4 demon whip of draining
 68840 | Pan      | Identified a +2 longbow of flaming
 68840 | Pan      | Identified a +1 plate armour of fire resistance
 68840 | Pan      | Identified a +1 scythe of venom
 68840 | Pan      | Identified a +1 demon whip of pain
 68840 | Pan      | Identified a +0 chain mail
 68845 | Pan      | Identified a +1 demon whip of electrocution
 68852 | Pan      | Identified a cursed -1 dagger
 68852 | Pan      | Identified a +2 robe of cold resistance
 68946 | Pan      | Identified a +0 trident
 68946 | Pan      | Identified a +1 demon trident of flaming
 68946 | Pan      | Identified a +1 antimagic demon whip
 68947 | Pan      | Identified a +0 trident
 68953 | Pan      | Gained mutation: Scrolls take you a little longer to read.
                  | [a cacodemon]
 68994 | Pan      | Entered the realm of Gloorx Vloq.
 68996 | Pan      | Identified a +0 demon trident
 68996 | Pan      | Identified a +0 scale mail
 68997 | Pan      | Identified a +0 ring mail
 69198 | Pan      | Identified a scarf of repulsion (You found it in
                  | Pandemonium)
 69418 | Pan      | Noticed a curse skull
 69420 | Pan      | Noticed Gloorx Vloq
 69428 | Pan      | Reached skill level 6 in Evocations
 69428 | Pan      | Noticed a curse skull
 69432 | Pan      | Killed a curse skull
 69433 | Pan      | Reached skill level 25 in Armour
 69436 | Pan      | Killed Gloorx Vloq
 69436 | Pan      | Identified a cursed +2 long sword
 69436 | Pan      | Identified a +0 robe
 69448 | Pan      | Killed a curse skull
 69475 | Pan      | Got a dark rune of Zot
 69635 | Pan      | Identified a +0 trident
 69639 | Pan      | Identified a +0 demon whip of venom
 69639 | Pan      | Identified a +0 leather armour
 69641 | Pan      | Identified a potion of experience
 69654 | Pan      | Noticed Qaciym the pandemonium lord
 69656 | Pan      | Identified a +4 scythe
 69674 | Pan      | Killed Qaciym the pandemonium lord
 69674 | Pan      | Reached skill level 7 in Evocations
 69676 | Pan      | Identified a +0 glaive
 69676 | Pan      | Identified a +0 chain mail
 69677 | Pan      | Identified a +0 quarterstaff
 69677 | Pan      | Identified a +0 robe
 69677 | Pan      | Identified a +3 demon whip of venom
 69677 | Pan      | Identified a +0 demon whip
 69677 | Pan      | Identified a +1 demon trident of electrocution
 69677 | Pan      | Identified a +0 scale mail
 69682 | Pan      | Identified a +0 demon blade
 69682 | Pan      | Identified a cursed +0 scale mail
 69686 | Pan      | Identified a +0 trident
 69692 | Pan      | Identified a +0 trident
 69692 | Pan      | Identified a +0 scale mail
 69692 | Pan      | Identified a +0 trident
 69793 | Pan      | Noticed a Tzitzimitl
 69806 | Pan      | Killed a Tzitzimitl
 69830 | Pan      | Identified a +0 morningstar
 69830 | Pan      | Identified a +0 chain mail
 69831 | Pan      | Noticed Fyadan the pandemonium lord
 69853 | Pan      | Identified a +4 longbow of velocity
 69853 | Pan      | Identified a +0 plate armour
 69853 | Pan      | Identified a +2 scythe of freezing
 69853 | Pan      | Identified a +0 scythe of venom
 69855 | Pan      | Identified a +0 robe
 69855 | Pan      | Identified a +3 demon whip of draining
 69855 | Pan      | Killed Fyadan the pandemonium lord
 69855 | Pan      | Reached skill level 8 in Evocations
 70171 | Pan      | Identified a +0 eveningstar
 70171 | Pan      | Identified a +0 leather armour
 70171 | Pan      | Identified a +0 glaive
 70171 | Pan      | Identified a +0 scale mail
 70179 | Pan      | Identified a cursed -1 trident
 70262 | Pan      | Identified a +0 chain mail
 70263 | Pan      | Noticed Letiwn the pandemonium lord
 70269 | Pan      | Identified a +2 battleaxe of chopping
 70269 | Pan      | Identified a +3 chain mail of poison resistance
 70269 | Pan      | Identified a +1 scythe of venom
 70269 | Pan      | Identified a +1 scythe of protection
 70274 | Pan      | Identified a +0 plate armour
 70274 | Pan      | Identified a +2 shield of protection
 70277 | Pan      | Identified a +0 scythe of protection
 70279 | Pan      | Identified a +8 executioner's axe of electrocution
 70279 | Pan      | Identified a +0 leather armour
 70306 | Pan      | Identified a +1 trident of protection
 70306 | Pan      | Killed Letiwn the pandemonium lord
 70322 | Pan      | Entered the realm of Mnoleg.
 70329 | Pan      | Lost mutation: Your muscles are strong. (Str +2) [a
                  | neqoxec]
 70335 | Pan      | Gained mutation: Armour fits poorly on your strangely
                  | shaped body. [a neqoxec]
 70376 | Pan      | Lost mutation: Scrolls take you a little longer to read. [a
                  | neqoxec]
 70394 | Pan      | Noticed Mnoleg
 70403 | Pan      | Gained mutation: Scrolls take you a little longer to read.
                  | [Mnoleg's mutagenic touch]
 70406 | Pan      | Gained mutation: You do not regenerate when monsters are
                  | visible. [Mnoleg's mutagenic touch]
 70426 | Pan      | Gained mutation: Your spells are a little easier to cast,
                  | but a little less powerful. [Mnoleg's mutagenic touch]
 70427 | Pan      | Gained mutation: Scrolls take you longer to read. [a
                  | cacodemon]
 70428 | Pan      | Gained mutation: You are dopey. (Int -2) [Mnoleg's
                  | mutagenic touch]
 70442 | Pan      | Killed Mnoleg
 70446 | Pan      | Gained mutation: Your body often deteriorates upon taking
                  | damage. [a cacodemon]
 70446 | Pan      | Gained mutation: You are very dopey. (Int -4) [a neqoxec]
 70484 | Pan      | Got a glowing rune of Zot
 70549 | Pan      | Reached skill level 9 in Evocations
 70563 | Pan      | Reached skill level 26 in Axes
 70606 | Pan      | Lost mutation: You do not regenerate when monsters are
                  | visible. [a neqoxec]
 70616 | Pan      | Gained mutation: Your spells are easier to cast, but less
                  | powerful. [a neqoxec]
 70619 | Pan      | Gained mutation: You occasionally shout uncontrollably at
                  | your foes. [a neqoxec]
 70756 | Pan      | Paralysed by a floating eye for 2 turns
 70794 | Pan      | Entered the realm of Cerebov.
 70876 | Pan      | Identified a +0 demon whip of draining
 70898 | Pan      | Identified a +2 great sword of protection
 70903 | Pan      | Identified a +2 demon whip of draining
 71003 | Pan      | Identified a ring of teleportation (You found it in
                  | Pandemonium)
 71006 | Pan      | Identified a +1 glaive of protection
 71079 | Pan      | Got a crude scale mail
 71094 | Pan      | Identified the cursed +0 scale mail of the Orb {Int+4} (You
                  | found it in Pandemonium)
 71109 | Pan      | Identified a +1 demon whip of freezing
 71109 | Pan      | Identified the +6 sword of Cerebov {flame}
 71109 | Pan      | Noticed Cerebov
 71109 | Pan      | Identified a +2 demon whip of electrocution
 71109 | Pan      | Noticed a Brimstone Fiend
 71121 | Pan      | Killed a Brimstone Fiend
 71147 | Pan      | Killed Cerebov
 71384 | Pan      | Got a pair of heavily runed gloves
 71428 | Pan      | Got a fiery rune of Zot
 71500 | Pan      | Identified a +0 demon whip of electrocution
 71501 | Pan      | Identified a +1 demon trident of draining
 71506 | Pan      | Reached skill level 10 in Evocations
 71513 | Pan      | Reached skill level 20 in Dodging
 71531 | Pan      | Identified a +0 trident
 71531 | Pan      | Identified a +0 demon whip
 71634 | Pan      | Identified a +3 demon whip of venom
 71635 | Pan      | Identified a +3 scimitar of flaming
 71708 | Pan      | Reached skill level 26 in Armour
 71728 | Pan      | Identified a +1 demon trident of freezing
 71728 | Pan      | Identified a +0 scale mail
 71739 | Pan      | Identified a +7 demon whip of draining
 71739 | Pan      | Identified a +1 longbow of velocity
 71739 | Pan      | Identified a +0 chain mail
 71755 | Pan      | Identified a +2 longbow of velocity
 71755 | Pan      | Identified a +2 chain mail of poison resistance
 71755 | Pan      | Identified a +0 vampiric demon trident
 71755 | Pan      | Identified a +0 chain mail
 71757 | Pan      | Identified a +0 demon trident
 71757 | Pan      | Identified a +0 scale mail
 71757 | Pan      | Identified a +0 buckler
 71763 | Pan      | Identified a +0 eveningstar
 71763 | Pan      | Identified a +0 scale mail
 71881 | Pan      | Identified a +0 demon trident of electrocution
 71881 | Pan      | Identified a +0 scale mail
 71886 | Pan      | Identified a +0 scale mail
 71888 | Pan      | Identified a +0 glaive
 71888 | Pan      | Identified a +0 plate armour
 71916 | Pan      | Identified a +0 scythe of distortion
 71962 | Pan      | Noticed a Tzitzimitl
 72001 | Pan      | Killed a Tzitzimitl
 72095 | Pan      | Noticed Wammef the pandemonium lord
 72114 | Pan      | Killed Wammef the pandemonium lord
 72422 | Pan      | Identified a +0 double sword
 72422 | Pan      | Identified a +2 plate armour of poison resistance
 72422 | Pan      | Identified a +0 shield of protection
 72425 | Pan      | Identified a +0 leather armour
 72426 | Pan      | Identified a +0 scythe of venom
 72426 | Pan      | Identified a +3 scythe of venom
 72527 | Pan      | HP: 54/218 [hellion/damnation (34)]
 73341 | Pan      | Identified the Compendium of Hexes and the Glacier
 73408 | Pan      | Reached skill level 5 in Crossbows
 73447 | Pan      | Noticed a Tzitzimitl
 73462 | Pan      | Killed a Tzitzimitl
 73524 | Pan      | Noticed a Tzitzimitl
 73539 | Pan      | Killed a Tzitzimitl
 73557 | Pan      | Identified a +0 demon whip of venom
 73614 | Pan      | Noticed an Ice Fiend
 73620 | Pan      | Killed an Ice Fiend
 73621 | Pan      | Noticed an Ice Fiend
 73621 | Pan      | Identified a +0 long sword
 73621 | Pan      | Identified a +2 scale mail of cold resistance
 73622 | Pan      | Identified a +0 demon blade
 73622 | Pan      | Identified a +0 chain mail
 73623 | Pan      | Found an exit through the horrors of the Abyss.
 73625 | Pan      | Identified a +1 spear of piercing
 73625 | Pan      | Identified a +0 leather armour
 73625 | Pan      | Identified a +0 antimagic spear
 73625 | Pan      | Identified a +3 leather armour
 73625 | Pan      | Identified a +0 spear
 73625 | Pan      | Identified a +0 leather armour
 73629 | Pan      | Identified a +0 glaive
 73629 | Pan      | Identified a +0 scale mail
 73629 | Pan      | Identified a +2 demon whip of flaming
 73629 | Pan      | Identified a cursed +0 scale mail
 73629 | Pan      | Identified a +0 demon blade of draining
 73629 | Pan      | Identified a +0 leather armour
 73631 | Pan      | Noticed a Tzitzimitl
 73633 | Pan      | Killed an Ice Fiend
 73654 | Pan      | Noticed an Ice Fiend
 73663 | Pan      | Killed an Ice Fiend
 73674 | Pan      | Reached skill level 6 in Crossbows
 73700 | Pan      | Identified a +0 glaive
 73700 | Pan      | Identified a +0 scale mail
 73739 | Pan      | Identified a +2 spear of piercing
 73739 | Pan      | Identified a +0 leather armour
 73797 | Pan      | Noticed Cyhaum the pandemonium lord
 73816 | Pan      | Killed Cyhaum the pandemonium lord
 73855 | Depths:3 | Escaped Pandemonium
 73942 | Zig:1    | Entered Level 1 of a ziggurat
 73942 | Zig:1    | Identified a +0 short sword
 73942 | Zig:1    | Identified a +0 leather armour
 73979 | Zig:1    | Identified the +2 pair of gloves of Syndicalism {rPois rF-
                  | rCorr Int+2} (You found it in Pandemonium)
 73999 | Zig:1    | Identified a scarf of resistance (You found it on level 1
                  | of a ziggurat)
 74012 | Zig:2    | Entered Level 2 of a ziggurat
 74012 | Zig:2    | Identified a +0 spear of piercing
 74012 | Zig:2    | Identified a +0 robe
 74013 | Zig:2    | Identified a +0 spear
 74013 | Zig:2    | Identified a +0 robe
 74013 | Zig:2    | Identified a +0 halberd
 74013 | Zig:2    | Identified a +2 arbalest of flaming
 74013 | Zig:2    | Identified a +0 robe
 74033 | Zig:2    | Got an opalescent robe
 74043 | Zig:3    | Entered Level 3 of a ziggurat
 74043 | Zig:3    | Identified a +0 robe
 74044 | Zig:3    | Identified a +0 dagger of venom
 74044 | Zig:3    | Identified a +0 robe
 74044 | Zig:3    | Identified a -3 scimitar
 74044 | Zig:3    | Identified a +0 shortbow
 74044 | Zig:3    | Identified a +0 robe of positive energy
 74080 | Zig:4    | Entered Level 4 of a ziggurat
 74109 | Zig:4    | HP: 51/218 [acid[an orange crystal statue] (7)]
 74114 | Zig:4    | HP: 32/218 [acid[an orange crystal statue] (10)]
 74115 | Zig:5    | Entered Level 5 of a ziggurat
 74644 | Zig:5    | Lost mutation: You occasionally shout uncontrollably at
                  | your foes. [potion of mutation]
 74644 | Zig:5    | Lost mutation: You are partially covered in large bone
                  | plates. (SH +4) [potion of mutation]
 74644 | Zig:5    | Lost mutation: You are very dopey. (Int -4) [potion of
                  | mutation]
 74644 | Zig:5    | Lost mutation: Your body often deteriorates upon taking
                  | damage. [potion of mutation]
 74644 | Zig:5    | Lost mutation: Your body sometimes deteriorates upon taking
                  | damage. [potion of mutation]
 74644 | Zig:5    | Gained mutation: You possess an exceptional clarity of
                  | mind. [potion of mutation]
 74647 | Zig:6    | Entered Level 6 of a ziggurat
 74651 | Zig:6    | Identified a +0 mace
 74651 | Zig:6    | Identified a +2 long sword
 74651 | Zig:6    | Identified a +0 cloak
 74651 | Zig:6    | Identified a +0 shield
 74651 | Zig:6    | Identified a +0 long sword
 74651 | Zig:6    | Identified a +0 hand axe
 74651 | Zig:6    | Identified a +0 flail
 74652 | Zig:6    | Identified a +0 long sword
 74661 | Zig:6    | Reached skill level 7 in Crossbows
 74691 | Zig:6    | Identified an amulet of guardian spirit (You found it on
                  | level 6 of a ziggurat)
 74698 | Zig:7    | Entered Level 7 of a ziggurat
 74703 | Zig:7    | Gained mutation: You are very dopey. (Int -4) [a shining
                  | eye]
 74704 | Zig:7    | Gained mutation: Scrolls take you much longer to read. [a
                  | shining eye]
 74713 | Zig:7    | Lost mutation: You are robust. (+10% HP) [a shining eye]
 74720 | Zig:7    | Lost mutation: You possess an exceptional clarity of mind.
                  | [a shining eye]
 74745 | Zig:8    | Entered Level 8 of a ziggurat
 74749 | Zig:8    | Identified a +3 battleaxe of draining
 74749 | Zig:8    | Identified a +0 plate armour
 74750 | Zig:8    | Identified a +1 great sword
 74750 | Zig:8    | Identified a +0 chain mail
 74752 | Zig:8    | Identified a +0 robe
 74752 | Zig:8    | Noticed a curse skull
 74753 | Zig:8    | Noticed a curse skull
 74753 | Zig:8    | Identified a +0 long sword
 74753 | Zig:8    | Identified a +0 plate armour
 74757 | Zig:8    | Identified a +0 flail
 74757 | Zig:8    | Identified a +0 robe
 74762 | Zig:8    | Killed a curse skull
 74771 | Zig:8    | Killed a curse skull
 74797 | Zig:8    | Got a jewelled scimitar
 74809 | Zig:9    | Entered Level 9 of a ziggurat
 74820 | Zig:9    | Identified a +0 dagger
 74820 | Zig:9    | Noticed a deep elf demonologist
 74821 | Zig:9    | Cast into level 3 of the Abyss (spatial maelstrom)
 74882 | Zig:9    | Escaped the Abyss
 74885 | Zig:9    | Paralysed by accursed screaming for 2 turns
 74894 | Zig:9    | Killed a deep elf demonologist
 74914 | Zig:9    | Got an amethyst-encrusted chain mail
 74935 | Zig:9    | Identified the +4 chain mail "Fonn" {rElec} (You found it
                  | on level 9 of a ziggurat)
 74951 | Zig:10   | Entered Level 10 of a ziggurat
 74959 | Zig:10   | Identified a +0 demon whip of electrocution
 74959 | Zig:10   | Identified a +0 demon whip
 74959 | Zig:10   | Identified a +4 scimitar of flaming
 74960 | Zig:10   | Noticed an orb of fire
 74961 | Zig:10   | Identified a +0 scimitar of flaming
 74961 | Zig:10   | Identified a +2 great sword of flaming
 74961 | Zig:10   | Identified a +4 scimitar of flaming
 74963 | Zig:10   | Identified a +4 scimitar of flaming
 74968 | Zig:10   | Reached skill level 8 in Crossbows
 74977 | Zig:10   | Gained mutation: You are clumsy. (Dex -2) [an orb of fire]
 74980 | Zig:10   | Killed an orb of fire
 74980 | Zig:10   | Identified +0 fire dragon scales
 74988 | Zig:10   | Identified the Volume of Unholy Arts and Attacks
 74998 | Zig:10   | Got a warped garnet amulet
 75017 | Zig:10   | Identified the amulet "Acleipuse" {+Rage Dex+2} (You found
                  | it on level 10 of a ziggurat)
 75025 | Zig:11   | Entered Level 11 of a ziggurat
 75036 | Zig:11   | Identified a +0 robe
 75036 | Zig:11   | Identified a +1 great mace of draining
 75036 | Zig:11   | Identified a +0 plate armour
 75036 | Zig:11   | Identified a +0 dire flail
 75036 | Zig:11   | Identified a +1 chain mail of magic resistance
 75036 | Zig:11   | Noticed a lich
 75046 | Zig:11   | Noticed a curse skull
 75051 | Zig:11   | Identified a +0 short sword
 75051 | Zig:11   | Identified a +0 robe
 75054 | Zig:11   | Identified a +1 whip
 75057 | Zig:11   | Identified a +0 great mace of pain
 75057 | Zig:11   | Identified a +0 plate armour
 75060 | Zig:11   | Killed a curse skull
 75069 | Zig:11   | Noticed an Ice Fiend
 75079 | Zig:11   | Reached skill level 9 in Crossbows
 75082 | Zig:11   | Killed a lich
 75099 | Zig:11   | Found the cursed necklace of Bloodlust {*Rage +Rage MR++
                  | Int-3 Slay+6 *Curse}
 75108 | Zig:11   | Identified Tedaij's Beginning Course on Witchery
 75111 | Zig:11   | Got a pitted turquoise ring
 75122 | Zig:11   | Got a shimmering diamond amulet
 75128 | Zig:11   | Identified the amulet "Tarat" {Inacc +Inv} (You found it on
                  | level 11 of a ziggurat)
 75131 | Zig:11   | Identified the ring "Lehuroj" {*Contam MR+ Dex+6} (You
                  | found it on level 11 of a ziggurat)
 75137 | Zig:12   | Entered Level 12 of a ziggurat
 75147 | Zig:12   | Identified a +5 glaive of chopping
 75147 | Zig:12   | Identified a +0 chain mail
 75147 | Zig:12   | Identified a +2 demon whip of venom
 75148 | Zig:12   | Identified a +5 long sword of draining
 75148 | Zig:12   | Identified a +0 plate armour
 75148 | Zig:12   | Noticed a lich
 75148 | Zig:12   | Identified a +4 demon whip
 75149 | Zig:12   | Noticed a Brimstone Fiend
 75149 | Zig:12   | Identified a cursed +0 mace
 75149 | Zig:12   | Identified a +0 robe
 75160 | Zig:12   | Killed a lich
 75171 | Zig:12   | Killed a Brimstone Fiend
 75198 | Zig:12   | Got a transparent scale mail
 75213 | Zig:12   | Identified the cursed +0 scale mail "Ehimos" {+Fly} (You
                  | found it on level 12 of a ziggurat)
 75230 | Zig:13   | Entered Level 13 of a ziggurat
 75236 | Zig:13   | Identified a +0 dire flail
 75236 | Zig:13   | Identified a cursed +0 ring mail
 75237 | Zig:13   | Noticed an ancient lich
 75237 | Zig:13   | Identified a cursed -2 club
 75237 | Zig:13   | Identified a +0 robe
 75237 | Zig:13   | Identified a +0 flail
 75237 | Zig:13   | Identified a +0 robe
 75237 | Zig:13   | Identified a +0 morningstar
 75237 | Zig:13   | Identified a +0 ring mail
 75239 | Zig:13   | Identified a +0 flail
 75239 | Zig:13   | Identified a cursed +0 ring mail
 75241 | Zig:13   | Identified a cursed +0 dire flail
 75241 | Zig:13   | Identified a +0 great sword
 75241 | Zig:13   | Identified a cursed -1 arbalest
 75241 | Zig:13   | Identified a +0 chain mail
 75241 | Zig:13   | Identified a +2 great sword
 75241 | Zig:13   | Identified a +0 chain mail
 75241 | Zig:13   | Identified a +0 morningstar
 75241 | Zig:13   | Identified a +0 arbalest
 75241 | Zig:13   | Identified a +0 scale mail
 75241 | Zig:13   | Identified a +0 arbalest
 75241 | Zig:13   | Identified a +0 mace
 75241 | Zig:13   | Identified a +0 ring mail
 75241 | Zig:13   | Identified a +0 dagger
 75241 | Zig:13   | Identified a cursed +0 robe
 75243 | Zig:13   | Identified a +0 long sword
 75243 | Zig:13   | Identified a cursed +0 ring mail
 75243 | Zig:13   | Identified a +0 dire flail
 75243 | Zig:13   | Identified a +0 plate armour
 75243 | Zig:13   | Identified a +2 great mace of draining
 75243 | Zig:13   | Identified a +4 scale mail
 75245 | Zig:13   | Identified a +1 glaive of protection
 75245 | Zig:13   | Identified a +2 scale mail of cold resistance
 75249 | Zig:13   | Killed an ancient lich
 75249 | Zig:13   | Reached skill level 27 in Armour
 75254 | Zig:13   | Reached skill level 27 in Axes
 75255 | Zig:13   | Reached skill level 10 in Crossbows
 75315 | Zig:13   | Got a faintly humming leather armour
 75322 | Zig:13   | Got a smoking trident
 75334 | Zig:14   | Entered Level 14 of a ziggurat
 75343 | Zig:14   | Identified a +0 trident
 75344 | Zig:14   | Identified a +0 battleaxe
 75344 | Zig:14   | Identified a +0 cloak
 75345 | Zig:14   | Identified a +0 short sword
 75345 | Zig:14   | Identified a +0 cloak
 75345 | Zig:14   | Identified a +1 dagger of speed
 75345 | Zig:14   | Identified a +0 cloak
 75345 | Zig:14   | Identified a cursed +0 battleaxe
 75345 | Zig:14   | Identified a +0 long sword
 75345 | Zig:14   | Identified a +1 cloak
 75345 | Zig:14   | Identified a +0 halberd
 75346 | Zig:14   | Identified a +0 cloak
 75346 | Zig:14   | Identified a cursed -1 cloak
 75346 | Zig:14   | Identified a +0 scimitar
 75346 | Zig:14   | Identified a +0 great mace
 75346 | Zig:14   | Identified a +1 cloak
 75346 | Zig:14   | Identified a +2 great sword of venom
 75346 | Zig:14   | Identified a +0 cloak
 75346 | Zig:14   | Identified a +0 long sword
 75346 | Zig:14   | Identified a cursed +0 cloak
 75347 | Zig:14   | Identified a +0 glaive
 75347 | Zig:14   | Identified a +0 trident
 75347 | Zig:14   | Identified a cursed -2 mace
 75347 | Zig:14   | Identified a +0 long sword
 75347 | Zig:14   | Identified a +2 cloak of invisibility
 75347 | Zig:14   | Identified a +0 flail
 75347 | Zig:14   | Identified a +0 dire flail
 75347 | Zig:14   | Identified a +0 scimitar
 75347 | Zig:14   | Identified a +2 mace of holy wrath
 75364 | Zig:14   | Reached skill level 11 in Crossbows
 75391 | Zig:14   | Got a smoking bronze ring
 75395 | Zig:14   | Got an ancient battleaxe
 75399 | Zig:14   | Got an ancient broad axe
 75412 | Zig:14   | Identified the +7 broad axe "Xuhugh" {drain, rElec rPois
                  | MR+} (You found it on level 14 of a ziggurat)
 75422 | Zig:14   | Got a shimmering ring mail
 75425 | Zig:14   | Got an ichor-stained robe
 75433 | Zig:14   | Identified the ring of Xom's Amusement {rC+ rCorr Slay+5}
                  | (You found it on level 14 of a ziggurat)
 75439 | Zig:15   | Entered Level 15 of a ziggurat
 75449 | Zig:15   | Noticed a caustic shrike
 75454 | Zig:15   | Identified a +0 quarterstaff
 75454 | Zig:15   | Identified a +0 robe
 75471 | Zig:15   | Killed a caustic shrike
 75471 | Zig:15   | Reached skill level 12 in Crossbows
 75540 | Zig:15   | Got a brightly glowing amethyst amulet
 75553 | Zig:15   | Identified Qaciudi's Disquisition on Unholy Rituals
 75577 | Zig:15   | Identified the amulet of Wayf {Faith MR+ SInv} (You found
                  | it on level 15 of a ziggurat)
 75582 | Zig:15   | Identified a +4 hand crossbow of flaming (You found it on
                  | level 15 of a ziggurat)
 75592 | Zig:16   | Entered Level 16 of a ziggurat
 75602 | Zig:16   | Identified a cursed -1 glaive
 75604 | Zig:16   | Identified a +2 scythe of slicing
 75605 | Zig:16   | Identified a +3 scythe of freezing
 75607 | Zig:16   | Noticed a lich
 75608 | Zig:16   | Noticed a lich
 75609 | Zig:16   | Reached skill level 13 in Crossbows
 75609 | Zig:16   | Reached skill level 21 in Dodging
 75614 | Zig:16   | Identified a +3 scythe of venom
 75626 | Zig:16   | Noticed an Ice Fiend
 75631 | Zig:16   | Identified a +1 vampiric demon whip
 75631 | Zig:16   | Killed a lich
 75639 | Zig:16   | Killed a lich
 75658 | Zig:16   | Found the +10 zealot's sword {holy, *Rage rN+ EV+3}
 75658 | Zig:16   | Found the ring of Shadows {Umbra +Inv Stlth+}
 75669 | Zig:16   | Got a transparent plate armour
 75693 | Zig:16   | Identified the cursed +0 plate armour of the Blessed Realm
                  | {Int+4} (You found it on level 16 of a ziggurat)
 75698 | Zig:17   | Entered Level 17 of a ziggurat
 75706 | Zig:17   | Identified a +1 morningstar of freezing
 75707 | Zig:17   | Identified a +3 battleaxe of freezing
 75708 | Zig:17   | Identified a +0 morningstar
 75708 | Zig:17   | Identified a +0 leather armour
 75709 | Zig:17   | Identified a +0 morningstar
 75709 | Zig:17   | Identified a +0 leather armour
 75709 | Zig:17   | Identified a +4 great sword of flaming
 75709 | Zig:17   | Identified a +0 morningstar
 75709 | Zig:17   | Identified a +0 scale mail
 75709 | Zig:17   | Identified a +1 great sword of holy wrath
 75709 | Zig:17   | Identified a +0 chain mail
 75709 | Zig:17   | Identified a +0 long sword
 75709 | Zig:17   | Identified a +4 arbalest
 75709 | Zig:17   | Identified a cursed +0 ring mail
 75709 | Zig:17   | Identified a +0 arbalest
 75710 | Zig:17   | Identified a +2 battleaxe of freezing
 75711 | Zig:17   | Identified a +0 mace
 75711 | Zig:17   | Identified a +0 ring mail
 75711 | Zig:17   | Identified a +2 falchion of freezing
 75711 | Zig:17   | Identified a +0 ring mail
 75711 | Zig:17   | Identified a +0 dire flail
 75711 | Zig:17   | Identified a +0 scale mail
 75711 | Zig:17   | Identified a +4 arbalest
 75712 | Zig:17   | Identified a +0 arbalest
 75712 | Zig:17   | Identified a +0 long sword
 75712 | Zig:17   | Identified a +0 ring mail
 75712 | Zig:17   | Identified a +0 long sword
 75712 | Zig:17   | Identified a +2 chain mail of poison resistance
 75714 | Zig:17   | Noticed an ancient lich
 75717 | Zig:17   | Identified a +3 dire flail
 75717 | Zig:17   | Identified a +0 plate armour
 75722 | Zig:17   | Reached skill level 14 in Crossbows
 75735 | Zig:17   | Killed an ancient lich
 75743 | Zig:17   | Identified a +0 troll leather armour
 75760 | Zig:17   | Found the +3 giant club "Skullcrusher" {speed, Str+7}
 75780 | Zig:17   | Identified the Disquisition on Snow
 75788 | Zig:17   | Got a fine golden ring
 75791 | Zig:17   | Identified the ring "Omonkome" {-Tele +Inv rC++ Dex+2
                  | Stlth-} (You found it on level 17 of a ziggurat)
 75800 | Zig:18   | Entered Level 18 of a ziggurat
 75818 | Zig:18   | Noticed a greater mummy
 75822 | Zig:18   | Noticed a greater mummy
 75825 | Zig:18   | Identified a +0 mace
 75825 | Zig:18   | Identified a +0 robe
 75829 | Zig:18   | Identified a +1 demon trident of freezing
 75830 | Zig:18   | Noticed a greater mummy
 75830 | Zig:18   | Noticed a greater mummy
 75832 | Zig:18   | Noticed a greater mummy
 75833 | Zig:18   | HP: 49/199 [greater mummy/divine providence (11)]
 75835 | Zig:18   | Identified a +7 trident
 75835 | Zig:18   | HP: 22/199 [??? (3)]
 75836 | Zig:18   | HP: 2/199 [emperor scorpion[a greater mummy] (11)]
 75843 | Zig:18   | Identified a +0 trident
 75843 | Zig:18   | HP: 54/298 [greater mummy/divine providence (12)]
 75847 | Zig:18   | Killed a greater mummy
 75847 | Zig:18   | Reached skill level 15 in Crossbows
 75848 | Zig:18   | HP: 73/298 [greater mummy/divine providence (13)]
 75856 | Zig:18   | Identified a cursed +0 halberd
 75856 | Zig:18   | Identified a +0 robe
 75856 | Zig:18   | Killed a greater mummy
 75856 | Zig:18   | Identified a +0 vampiric scythe
 75860 | Zig:18   | Found the +2 Maxwell's thermic engine {flame, freeze}
 75865 | Zig:18   | Killed a greater mummy
 75865 | Zig:18   | HP: 47/199 [mummy priest/divine providence (15)]
 75871 | Zig:18   | HP: 43/199 [greater mummy/divine providence (12)]
 75876 | Zig:18   | HP: 49/199 [deep elf sorcerer skeleton/exploding inner
                  | flame[the player character] (1)]
 75880 | Zig:18   | Killed a greater mummy
 75882 | Zig:18   | Found the +3 Elemental Staff {rElec rF++ rC++ MR++ AC+5}
 75884 | Zig:18   | Killed a greater mummy
 75937 | Zig:18   | gohu56: Nice immolation!
 75937 | Zig:18   | motoroller71: )
 76075 | Zig:19   | Entered Level 19 of a ziggurat
 76086 | Zig:19   | Identified a +0 battleaxe
 76086 | Zig:19   | Identified a +0 plate armour
 76086 | Zig:19   | Identified a +3 glaive
 76086 | Zig:19   | Identified a +0 chain mail
 76086 | Zig:19   | Identified a +1 great sword of flaming
 76087 | Zig:19   | Noticed an ancient lich
 76087 | Zig:19   | Identified a +2 battleaxe of freezing
 76087 | Zig:19   | Identified a +0 short sword
 76087 | Zig:19   | Identified a +3 leather armour
 76088 | Zig:19   | Identified a +0 arbalest
 76088 | Zig:19   | Noticed an entropy weaver
 76089 | Zig:19   | Identified a +2 morningstar of draining
 76089 | Zig:19   | Identified a +0 scale mail
 76089 | Zig:19   | Noticed a lich
 76094 | Zig:19   | Identified a +0 club
 76094 | Zig:19   | Identified a +0 robe
 76094 | Zig:19   | Identified a +0 flail
 76094 | Zig:19   | Identified a +1 leather armour of magic resistance
 76095 | Zig:19   | Killed an ancient lich
 76095 | Zig:19   | Reached skill level 16 in Crossbows
 76096 | Zig:19   | Identified a +4 battleaxe
 76096 | Zig:19   | Identified a +0 chain mail
 76096 | Zig:19   | Identified a +0 broad axe
 76096 | Zig:19   | Identified a +0 plate armour
 76096 | Zig:19   | Identified a +0 flail
 76096 | Zig:19   | Identified a +0 ring mail
 76098 | Zig:19   | Identified a +0 spear
 76098 | Zig:19   | Identified a +0 robe
 76098 | Zig:19   | Identified a +0 great mace
 76098 | Zig:19   | Identified a +0 leather armour
 76099 | Zig:19   | Identified a +1 dire flail
 76099 | Zig:19   | Identified a +0 plate armour
 76099 | Zig:19   | Noticed an ancient lich
 76101 | Zig:19   | Identified a +0 dire flail
 76101 | Zig:19   | Identified a +0 leather armour
 76102 | Zig:19   | Identified a +1 arbalest of flaming
 76108 | Zig:19   | Cast into level 4 of the Abyss (a lich)
 76144 | Abyss:5  | Entered Level 5 of the Abyss
 76144 | Abyss:5  | Entered Level 5 of the Abyss
 76191 | Abyss:5  | Gained mutation: Your magical capacity is low. (-10% MP) [a
                  | neqoxec]
 76273 | Zig:19   | Escaped the Abyss
 76276 | Zig:19   | Killed a lich
 76277 | Zig:19   | Killed an entropy weaver
 76290 | Zig:19   | Reached skill level 17 in Crossbows
 76291 | Zig:19   | Killed an ancient lich
 76333 | Zig:19   | Got an encrusted plate armour
 76334 | Zig:19   | Identified the Collected Works on Earth and Transformation
 76339 | Zig:19   | Got a transparent pewter ring
 76345 | Zig:19   | Identified the ring "Meadghuda" {*Tele rElec Int+2 Dex+8
                  | Stlth-} (You found it on level 19 of a ziggurat)
 76357 | Zig:19   | Identified the cursed +1 plate armour of the Doldrums
                  | {-Tele rElec rPois Str+4} (You found it on level 19 of a
                  | ziggurat)
 76379 | Zig:19   | motoroller71: i need reflect shield :O
 76381 | Zig:20   | Entered Level 20 of a ziggurat
 76396 | Zig:20   | Identified a +0 spear
 76396 | Zig:20   | Identified a +0 buckler
 76399 | Zig:20   | Identified a +0 quarterstaff
 76399 | Zig:20   | Identified a +0 robe
 76401 | Zig:20   | gohu56: Why don't you enchant your dragon armour fully?
 76405 | Zig:20   | Identified a +0 quarterstaff
 76405 | Zig:20   | Identified a cursed +0 robe
 76415 | Zig:20   | Identified +0 gold dragon scales
 76436 | Zig:20   | Reached skill level 22 in Dodging
 76440 | Zig:20   | Identified a +0 quarterstaff
 76440 | Zig:20   | Identified a +0 robe
 76443 | Zig:20   | Reached skill level 18 in Crossbows
 76446 | Zig:20   | Identified +0 swamp dragon scales
 76544 | Zig:20   | Identified a +1 cloak of invisibility (You found it on
                  | level 20 of a ziggurat)
 76567 | Zig:20   | Got a smoking plate armour
 76578 | Zig:20   | Identified the +1 plate armour "Seafaq" {*Corrode rF+ rC++
                  | rN+} (You acquired it on level 20 of a ziggurat)
 76590 | Zig:20   | Reached skill level 1 in Spellcasting
 76593 | Zig:20   | Reached skill level 19 in Crossbows
 76604 | Zig:21   | Entered Level 21 of a ziggurat
 76615 | Zig:21   | Identified a +0 battleaxe of freezing
 76616 | Zig:21   | Noticed an Ice Fiend
 76616 | Zig:21   | Identified a +2 battleaxe of freezing
 76621 | Zig:21   | Identified a +0 great mace
 76621 | Zig:21   | Identified a +0 cloak
 76624 | Zig:21   | Noticed an Ice Fiend
 76624 | Zig:21   | Identified a +1 long sword of protection
 76624 | Zig:21   | Identified a +2 cloak
 76630 | Zig:21   | Identified a +1 halberd of chopping
 76630 | Zig:21   | Identified a +0 cloak
 76631 | Zig:21   | Noticed an Ice Fiend
 76631 | Zig:21   | Identified a +2 battleaxe of freezing
 76632 | Zig:21   | Killed an Ice Fiend
 76635 | Zig:21   | Identified a +0 battleaxe of freezing
 76638 | Zig:21   | Noticed an Ice Fiend
 76638 | Zig:21   | Identified a cursed -2 long sword
 76638 | Zig:21   | Identified a +0 cloak
 76640 | Zig:21   | Identified +0 ice dragon scales
 76640 | Zig:21   | Killed an Ice Fiend
 76650 | Zig:21   | Killed an Ice Fiend
 76657 | Zig:21   | Killed an Ice Fiend
 76679 | Zig:21   | Found the +12 glaive of Prune {chop}
 76679 | Zig:21   | Found the +9 staff of Wucad Mu {channel}
 76699 | Zig:21   | Identified the Disquisition on Helpful Contamination
 76711 | Zig:21   | Got a smoking arbalest
 76717 | Zig:22   | Entered Level 22 of a ziggurat
 76724 | Zig:22   | motoroller71: saving scrolls for tower shield
 76732 | Zig:22   | Noticed a curse skull
 76736 | Zig:22   | Identified a +1 great sword of draining
 76736 | Zig:22   | Identified a cursed +0 robe
 76736 | Zig:22   | Identified a +0 short sword of holy wrath
 76736 | Zig:22   | Identified a +0 ring mail
 76736 | Zig:22   | Identified a +0 scythe of pain
 76739 | Zig:22   | Killed a curse skull
 76745 | Zig:22   | Identified a +0 robe
 76746 | Zig:22   | Identified a +2 war axe
 76746 | Zig:22   | Identified a cursed +0 chain mail
 76746 | Zig:22   | Identified a +0 war axe
 76746 | Zig:22   | Identified a +0 plate armour
 76746 | Zig:22   | Identified a +3 battleaxe of draining
 76746 | Zig:22   | Identified a +0 plate armour
 76746 | Zig:22   | Identified a +2 halberd
 76746 | Zig:22   | Identified a +0 chain mail
 76749 | Zig:22   | Noticed a lich
 76751 | Zig:22   | Identified a +1 scythe of pain
 76753 | Zig:22   | Identified a +3 demon whip
 76755 | Zig:22   | Noticed a lich
 76756 | Zig:22   | Identified a +5 long sword
 76756 | Zig:22   | Identified a +0 robe of positive energy
 76756 | Zig:22   | Noticed a lich
 76759 | Zig:22   | Identified a +0 robe
 76760 | Zig:22   | Identified a +2 great sword of draining
 76760 | Zig:22   | Identified a +0 chain mail
 76762 | Zig:22   | Paralysed by a lich for 2 turns
 76762 | Zig:22   | Identified a +0 great sword
 76762 | Zig:22   | Identified a +0 plate armour
 76763 | Zig:22   | Identified a +0 dire flail
 76763 | Zig:22   | Identified a +0 chain mail
 76764 | Zig:22   | Identified a +0 robe
 76764 | Zig:22   | Identified a +0 great sword
 76764 | Zig:22   | Identified a +0 plate armour
 76765 | Zig:22   | Identified a +2 great mace
 76765 | Zig:22   | Identified a +0 plate armour
 76765 | Zig:22   | Noticed a lich
 76765 | Zig:22   | Identified a +0 robe
 76767 | Zig:22   | Identified a +0 morningstar
 76767 | Zig:22   | Identified a +0 mace
 76767 | Zig:22   | Identified a +0 mace
 76767 | Zig:22   | Identified a +1 great mace
 76767 | Zig:22   | Identified a +3 chain mail
 76767 | Zig:22   | Identified a +0 robe
 76770 | Zig:22   | Identified a +0 robe
 76772 | Zig:22   | Noticed a Tzitzimitl
 76772 | Zig:22   | Killed a lich
 76772 | Zig:22   | Reached skill level 20 in Crossbows
 76775 | Zig:22   | Killed a lich
 76775 | Zig:22   | Killed a lich
 76779 | Zig:22   | Killed a lich
 76792 | Zig:22   | Reached skill level 23 in Dodging
 76801 | Zig:22   | Identified a +4 short sword
 76801 | Zig:22   | Identified a +0 robe
 76813 | Zig:22   | Lost mutation: Armour fits poorly on your strangely shaped
                  | body. [potion of mutation]
 76813 | Zig:22   | Lost mutation: Your magical capacity is low. (-10% MP)
                  | [potion of mutation]
 76813 | Zig:22   | Gained mutation: You expend magic power (3 MP) to
                  | strengthen your wands. [potion of mutation]
 76814 | Zig:22   | gohu56: Ok!
 76814 | Zig:22   | motoroller71: those annoying horns :O
 76819 | Zig:22   | Found the cursed +14 obsidian axe {chop, +Fly SInv *Curse}
 76819 | Zig:22   | Found the +8 arc blade {discharge, rElec}
 76819 | Zig:22   | Lost mutation: You have a pair of small horns on your head.
                  | [potion of mutation]
 76819 | Zig:22   | Lost mutation: Your spells are easier to cast, but less
                  | powerful. [potion of mutation]
 76819 | Zig:22   | Lost mutation: Your spells are a little easier to cast, but
                  | a little less powerful. [potion of mutation]
 76819 | Zig:22   | Lost mutation: You are very dopey. (Int -4) [potion of
                  | mutation]
 76819 | Zig:22   | Gained mutation: You are partially covered in yellow
                  | scales. (AC +2) [potion of mutation]
 76827 | Zig:22   | Found the +8 glaive of the Guard {elec, +Rage AC+5 SInv}
 76831 | Zig:22   | Got a smoking cloak
 76868 | Zig:22   | Identified the +3 cloak "Arogh" {MR+ Str+7} (You found it
                  | on level 22 of a ziggurat)
 76868 | Zig:22   | motoroller71: cloack :pogchamp:
 76881 | Zig:23   | Entered Level 23 of a ziggurat
 76897 | Zig:23   | Identified a +2 demon trident of venom
 76913 | Zig:23   | Reached skill level 21 in Crossbows
 76936 | Zig:23   | Gained mutation: Your spells are a little easier to cast,
                  | but a little less powerful. [a shining eye]
 76938 | Zig:23   | Paralysed by a floating eye for 4 turns
 76947 | Zig:23   | Gained mutation: You are occasionally teleported next to
                  | monsters. [a shining eye]
 76948 | Zig:23   | Gained mutation: You are very dopey. (Int -4) [a shining
                  | eye]
 76963 | Zig:23   | Found the +3 hat of Pondering {ponderous, MR+ MP+10 Int+5}
 77095 | Zig:23   | Identified Kikubaaqudgha's Guide on Unholy Magic
 77101 | Zig:23   | Identified the Catalogue of Flamy Enhancements
 77110 | Zig:23   | Identified Jycoal's Volume of Weightlessness and Evil
 77124 | Zig:24   | Entered Level 24 of a ziggurat
 77140 | Zig:24   | Noticed a curse skull
 77142 | Zig:24   | Identified a cursed -2 robe
 77146 | Zig:24   | Identified a +0 great mace
 77146 | Zig:24   | Identified a +0 chain mail
 77146 | Zig:24   | Identified a +0 robe
 77147 | Zig:24   | Identified a cursed +2 mace of freezing
 77147 | Zig:24   | Identified a +0 robe
 77147 | Zig:24   | Identified a +0 long sword
 77147 | Zig:24   | Identified a +0 chain mail of poison resistance
 77147 | Zig:24   | Identified a +0 robe
 77148 | Zig:24   | Killed a curse skull
 77148 | Zig:24   | Identified a +1 trident of freezing
 77149 | Zig:24   | Identified a +1 dire flail of protection
 77149 | Zig:24   | Identified a +0 chain mail
 77149 | Zig:24   | Identified a +0 long sword
 77149 | Zig:24   | Identified a +2 leather armour of cold resistance
 77149 | Zig:24   | Noticed a curse skull
 77152 | Zig:24   | Identified a +0 long sword
 77152 | Zig:24   | Identified a +0 plate armour
 77152 | Zig:24   | Identified a +0 robe
 77152 | Zig:24   | Noticed a lich
 77152 | Zig:24   | Noticed a curse skull
 77153 | Zig:24   | Noticed a curse skull
 77155 | Zig:24   | Identified a +2 whip
 77155 | Zig:24   | Identified a +3 battleaxe
 77155 | Zig:24   | Identified a +0 chain mail
 77155 | Zig:24   | Identified a +0 robe
 77156 | Zig:24   | Noticed a lich
 77157 | Zig:24   | Identified a +0 robe
 77157 | Zig:24   | Identified a +0 robe
 77157 | Zig:24   | Noticed an ancient lich
 77158 | Zig:24   | Identified a +0 antimagic demon trident
 77160 | Zig:24   | Reached skill level 22 in Crossbows
 77160 | Zig:24   | Killed a curse skull
 77164 | Zig:24   | Identified a +2 great mace of crushing
 77164 | Zig:24   | Identified a cursed +0 chain mail
 77165 | Zig:24   | Identified a +2 robe of cold resistance
 77165 | Zig:24   | Noticed a lich
 77167 | Zig:24   | Killed a lich
 77171 | Zig:24   | Killed a curse skull
 77180 | Zig:24   | Killed a lich
 77181 | Zig:24   | Killed an ancient lich
 77185 | Zig:24   | Killed a lich
 77187 | Zig:24   | Killed a curse skull
 77231 | Zig:24   | Got a pair of faintly glowing boots
 77235 | Zig:24   | Identified the Papyrus of Enchanting Snow
 77271 | Zig:24   | Identified the -4 pair of boots of the Gastropod {Str+2
                  | Int+7} (You found it on level 24 of a ziggurat)
 77288 | Zig:25   | Entered Level 25 of a ziggurat
 77320 | Zig:25   | Noticed a caustic shrike
 77326 | Zig:25   | Killed a caustic shrike
 77331 | Zig:25   | Reached skill level 23 in Crossbows
 77332 | Zig:25   | Noticed a caustic shrike
 77341 | Zig:25   | Noticed a caustic shrike
 77345 | Zig:25   | Killed a caustic shrike
 77348 | Zig:25   | Identified a +0 trident
 77356 | Zig:25   | Killed a caustic shrike
 77361 | Zig:25   | Identified a +1 trident of protection
 77430 | Zig:25   | Found the +7 lajatang of Order {silver, rMut}
 77431 | Zig:25   | Found the ring of Phasing {EV+8}
 77441 | Zig:25   | Identified the Guide on Boosting Conjuration
 77446 | Zig:25   | Identified Ydaociof's Compendium of the Feathery Entourage
 77449 | Zig:25   | Got a polished chain mail
 77468 | Zig:25   | Got a flickering golden ring
 77471 | Zig:25   | Identified the Collected Works on Unstable Ice
 77478 | Zig:25   | Identified the +8 chain mail of the Known World {+Inv rF+
                  | Dex+2} (You found it on level 25 of a ziggurat)
 77482 | Zig:25   | Identified the ring of Orior {Wiz Int+6} (You found it on
                  | level 25 of a ziggurat)
 77492 | Zig:26   | Entered Level 26 of a ziggurat
 77509 | Zig:26   | Identified a +0 dagger
 77509 | Zig:26   | Identified a +0 cloak
 77510 | Zig:26   | Identified a +0 short sword
 77510 | Zig:26   | Identified a +0 cloak
 77511 | Zig:26   | Identified a +2 flail of protection
 77512 | Zig:26   | Identified a +0 scimitar
 77512 | Zig:26   | Identified a +0 dagger
 77512 | Zig:26   | Identified a +1 cloak
 77513 | Zig:26   | Identified a +2 long sword of distortion
 77513 | Zig:26   | Identified a +0 whip
 77513 | Zig:26   | Identified a +1 cloak
 77513 | Zig:26   | Identified a +0 cloak
 77513 | Zig:26   | Identified a +0 short sword of speed
 77513 | Zig:26   | Identified a +1 cloak
 77513 | Zig:26   | Identified a +0 long sword
 77513 | Zig:26   | Identified a +0 cloak
 77514 | Zig:26   | Identified a +0 cloak
 77514 | Zig:26   | Identified a +2 great mace
 77514 | Zig:26   | Identified a +0 cloak
 77514 | Zig:26   | Identified a +0 bardiche
 77514 | Zig:26   | Identified a +0 cloak
 77514 | Zig:26   | Identified a +0 great sword
 77514 | Zig:26   | Identified a +0 cloak
 77514 | Zig:26   | Identified a +2 cloak
 77514 | Zig:26   | Identified a +0 whip
 77514 | Zig:26   | Identified a +0 cloak
 77515 | Zig:26   | Identified a +0 short sword
 77515 | Zig:26   | Identified a +0 cloak
 77515 | Zig:26   | Identified a +0 dire flail
 77515 | Zig:26   | Identified a +0 whip
 77515 | Zig:26   | Identified a +0 cloak
 77515 | Zig:26   | Identified a +0 cloak
 77515 | Zig:26   | Identified a +1 long sword of distortion
 77515 | Zig:26   | Identified a +0 cloak
 77516 | Zig:26   | Identified a +0 long sword
 77516 | Zig:26   | Identified a +0 cloak of magic resistance
 77516 | Zig:26   | Identified a +0 mace
 77516 | Zig:26   | Identified a +0 rapier
 77516 | Zig:26   | Identified a +0 cloak
 77517 | Zig:26   | Identified a +0 demon trident
 77517 | Zig:26   | Identified a +2 vampiric glaive
 77517 | Zig:26   | Identified a +0 cloak
 77518 | Zig:26   | Identified a +0 war axe
 77519 | Zig:26   | Identified a cursed -2 short sword
 77519 | Zig:26   | Identified a cursed +0 cloak
 77520 | Zig:26   | Identified a +1 cloak
 77520 | Zig:26   | Identified a +0 rapier
 77520 | Zig:26   | Identified a +0 cloak
 77520 | Zig:26   | Identified a +0 cloak
 77521 | Zig:26   | Identified a +0 war axe
 77521 | Zig:26   | Identified a +0 cloak
 77521 | Zig:26   | Identified a +0 scimitar
 77521 | Zig:26   | Identified a +0 dagger
 77521 | Zig:26   | Identified a +0 cloak
 77522 | Zig:26   | Identified a +0 cloak
 77523 | Zig:26   | Reached skill level 24 in Dodging
 77523 | Zig:26   | Identified a +0 trident
 77523 | Zig:26   | Identified a +0 cloak
 77523 | Zig:26   | Identified a +0 long sword
 77523 | Zig:26   | Identified a +0 cloak
 77524 | Zig:26   | Identified a +0 trident
 77524 | Zig:26   | Identified a +0 long sword of electrocution
 77524 | Zig:26   | Identified a +0 cloak
 77524 | Zig:26   | Identified a +2 cloak of invisibility
 77526 | Zig:26   | Identified a +0 cloak
 77526 | Zig:26   | Identified a +0 long sword
 77526 | Zig:26   | Identified a +2 cloak
 77526 | Zig:26   | Identified a +0 rapier
 77526 | Zig:26   | Identified a +0 cloak
 77526 | Zig:26   | Identified a +0 rapier
 77526 | Zig:26   | Identified a +2 cloak of magic resistance
 77527 | Zig:26   | Identified a +0 broad axe
 77527 | Zig:26   | Identified a +0 cloak
 77527 | Zig:26   | Identified a +0 large shield
 77527 | Zig:26   | Identified a +0 cloak
 77528 | Zig:26   | Identified a +0 rapier
 77528 | Zig:26   | Identified a +1 cloak
 77530 | Zig:26   | Identified a +0 cloak
 77532 | Zig:26   | Identified a +2 trident of piercing
 77533 | Zig:26   | Identified a +0 demon trident of electrocution
 77533 | Zig:26   | Identified a +0 mace
 77535 | Zig:26   | Identified a +0 battleaxe
 77535 | Zig:26   | Identified a +0 war axe
 77535 | Zig:26   | Identified a +1 cloak
 77535 | Zig:26   | Identified a +0 shield
 77536 | Zig:26   | Identified a +0 mace
 77536 | Zig:26   | Identified a +0 hand axe
 77537 | Zig:26   | Identified a cursed -2 war axe
 77537 | Zig:26   | Identified a +0 cloak
 77537 | Zig:26   | Identified a +0 cloak
 77538 | Zig:26   | Identified a +0 dagger
 77538 | Zig:26   | Identified a +0 cloak
 77538 | Zig:26   | Identified a +1 dagger of speed
 77538 | Zig:26   | Identified a +0 cloak
 77553 | Zig:26   | Identified a cursed -3 trident
 77555 | Zig:26   | Reached skill level 24 in Crossbows
 77568 | Zig:26   | Identified a +3 demon trident of venom
 77577 | Zig:26   | Identified a +0 demon trident
 77606 | Zig:26   | Found the amulet of the Four Winds {rN+ MR+++ Clar}
 77612 | Zig:26   | Got a faintly glowing silver ring
 77629 | Zig:26   | Got a bloodstained helmet
 77644 | Zig:26   | Got a wavering silver ring
 77656 | Zig:26   | Identified the +1 helmet "Cirrotof" {rF+ Str+4} (You found
                  | it on level 26 of a ziggurat)
 77659 | Zig:26   | Identified the ring of Ceargh Xeuh {rElec rF- rN+ Str+8
                  | Dex-5} (You found it on level 26 of a ziggurat)
 77662 | Zig:26   | Identified the cursed ring "Assuozao" {rF+ AC-2 Int+3} (You
                  | found it on level 26 of a ziggurat)
 77678 | Zig:27   | Entered Level 27 of a ziggurat
 77694 | Zig:27   | motoroller71: last level
 77699 | Zig:27   | Identified a +1 demon trident of flaming
 77701 | Zig:27   | Identified a +0 demon whip
 77703 | Zig:27   | Identified a +0 demon whip
 77715 | Zig:27   | Reached skill level 25 in Crossbows
 77715 | Zig:27   | Identified a +1 demon whip of electrocution
 77723 | Zig:27   | Identified a +0 vampiric demon whip
 77730 | Zig:27   | Identified a +0 demon whip of draining
 77735 | Zig:27   | Identified a +4 demon blade
 77735 | Zig:27   | Identified a +0 chain mail
 77737 | Zig:27   | Identified a +4 halberd
 77737 | Zig:27   | Identified a +0 robe
 77749 | Zig:27   | Identified a +0 demon trident of electrocution
 77751 | Zig:27   | Identified a +0 trident
 77755 | Zig:27   | Identified a +0 trident
 77762 | Zig:27   | Identified a +1 demon whip of electrocution
 77763 | Zig:27   | Identified a +1 scythe of venom
 77765 | Zig:27   | Identified a +0 demon whip
 77771 | Zig:27   | Identified a +2 vampiric demon trident
 77817 | Zig:27   | Found the +7 Spriggan's Knife {stab, EV+4 Stlth+}
 77850 | Zig:27   | Identified the Papyrus of Freezing Envenoming
 77855 | Zig:27   | Got a polished chain mail
 77861 | Zig:27   | Identified the Collected Works on the Burning Voyage
 77885 | Depths:4 | Identified the +0 chain mail of Sauviuts {rN+ Str+4} (You
                  | found it on level 27 of a ziggurat)
 77885 | Depths:4 | gohu56: Very powerful char that you have there!
 77896 | Depths:4 | Identified a +1 shield of reflection (You found it on level
                  | 27 of a ziggurat)
 77896 | Depths:4 | gohu56: Did not think that makhleb would work this well is
                  | zigs
 77896 | Depths:4 | gohu56: Also, immolation
 77896 | Depths:4 | motoroller71: first time passed ziggurat
 77896 | Depths:4 | motoroller71: still worrying about tombs
 77896 | Depths:4 | motoroller71: :\
 77896 | Depths:4 | gohu56: Thanks for the ride. Back to work now!
 77896 | Depths:4 | motoroller71: see ya
 77896 | Depths:4 | gohu56: Ah tombs,
 77897 | Depths:4 | gohu56: Got there once after having 14 runes
 77915 | Depths:4 | gohu56: was destroyed by the 2nd floor
 77934 | Depths:4 | gohu56: Good luck!
 78446 | Crypt:3  | motoroller71: ty
 78446 | Crypt:3  | motoroller71: )
 78447 | Tomb:1   | Entered Level 1 of the Tomb of the Ancients
 78483 | Tomb:1   | Identified a +0 trident
 78562 | Tomb:1   | Identified a +4 battleaxe
 78562 | Tomb:1   | Identified a +0 robe
 78609 | Tomb:1   | Identified a +1 great mace
 78609 | Tomb:1   | Identified a +0 chain mail
 78759 | Tomb:1   | Identified a +2 battleaxe of draining
 78759 | Tomb:1   | Identified a +0 plate armour
 78766 | Tomb:1   | Noticed a greater mummy
 78771 | Tomb:1   | Identified a +0 trident
 78773 | Tomb:1   | Identified a +0 scythe of venom
 78777 | Tomb:1   | Noticed a greater mummy
 78794 | Tomb:1   | Identified a +2 scythe of protection
 78795 | Tomb:1   | Killed a greater mummy
 78796 | Tomb:1   | Killed a greater mummy
 78810 | Tomb:1   | Got a crude lead ring
 78922 | Tomb:1   | Identified +0 fire dragon scales
 78998 | Tomb:1   | Identified a +0 trident
 79010 | Tomb:1   | Reached skill level 26 in Crossbows
 79021 | Tomb:1   | Identified a +0 trident
 79021 | Tomb:1   | Identified the cursed +0 plate armour of Midsummer {rPois
                  | rC+}
 79067 | Tomb:1   | Lost mutation: Scrolls take you much longer to read.
                  | [potion of mutation]
 79067 | Tomb:1   | Lost mutation: Scrolls take you longer to read. [potion of
                  | mutation]
 79067 | Tomb:1   | Lost mutation: You are occasionally teleported next to
                  | monsters. [potion of mutation]
 79067 | Tomb:1   | Lost mutation: You are clumsy. (Dex -2) [potion of
                  | mutation]
 79067 | Tomb:1   | Lost mutation: You expend magic power (3 MP) to strengthen
                  | your wands. [potion of mutation]
 79067 | Tomb:1   | Gained mutation: Your muscles are strong. (Str +2) [potion
                  | of mutation]
 79067 | Tomb:1   | Gained mutation: You are somewhat resistant to further
                  | mutation. [potion of mutation]
 79068 | Tomb:1   | Lost mutation: Scrolls take you a little longer to read.
                  | [potion of mutation]
 79068 | Tomb:1   | Lost mutation: You are partially covered in iridescent
                  | scales. (AC +2) [potion of mutation]
 79068 | Tomb:1   | Lost mutation: You are somewhat resistant to further
                  | mutation. [potion of mutation]
 79068 | Tomb:1   | Lost mutation: You are very dopey. (Int -4) [potion of
                  | mutation]
 79068 | Tomb:1   | Gained mutation: You have a pair of small antennae on your
                  | head. [potion of mutation]
 79068 | Tomb:1   | Gained mutation: You possess an exceptional clarity of
                  | mind. [potion of mutation]
 79121 | Tomb:1   | Lost mutation: Your muscles are strong. (Str +2) [potion of
                  | mutation]
 79121 | Tomb:1   | Lost mutation: You are dopey. (Int -2) [potion of mutation]
 79121 | Tomb:1   | Gained mutation: You are frail. (-10% HP) [potion of
                  | mutation]
 79121 | Tomb:1   | Gained mutation: You expend magic power (3 MP) to
                  | strengthen your wands. [potion of mutation]
 79122 | Tomb:1   | Lost mutation: You are frail. (-10% HP) [potion of
                  | mutation]
 79122 | Tomb:1   | Lost mutation: You expend magic power (3 MP) to strengthen
                  | your wands. [potion of mutation]
 79122 | Tomb:1   | Lost mutation: You possess an exceptional clarity of mind.
                  | [potion of mutation]
 79122 | Tomb:1   | Gained mutation: Your body sometimes deteriorates upon
                  | taking damage. [potion of mutation]
 79122 | Tomb:1   | Gained mutation: You have a somewhat thin skeletal
                  | structure. (Dex +2, Stealth) [potion of mutation]
 79122 | Tomb:1   | Gained mutation: You evolve. [potion of mutation]
 79123 | Tomb:1   | Lost mutation: Your body sometimes deteriorates upon taking
                  | damage. [potion of mutation]
 79123 | Tomb:1   | Lost mutation: You have a pair of small antennae on your
                  | head. [potion of mutation]
 79123 | Tomb:1   | Lost mutation: Your spells are a little easier to cast, but
                  | a little less powerful. [potion of mutation]
 79123 | Tomb:1   | Lost mutation: You are partially covered in slimy green
                  | scales. (AC +2) [potion of mutation]
 79123 | Tomb:1   | Gained mutation: You are robust. (+10% HP) [potion of
                  | mutation]
 79123 | Tomb:1   | Gained mutation: Your muscles are strong. (Str +2) [potion
                  | of mutation]
 79209 | Tomb:2   | Identified a +1 great mace of draining
 79209 | Tomb:2   | Identified a +0 plate armour
 79209 | Tomb:2   | Identified a +0 flail
 79212 | Tomb:2   | Noticed a greater mummy
 79213 | Tomb:2   | Noticed a greater mummy
 79214 | Tomb:2   | Noticed a greater mummy
 79215 | Tomb:2   | Noticed a greater mummy
 79247 | Tomb:2   | Identified a +0 battleaxe
 79250 | Tomb:2   | Killed a greater mummy
 79269 | Tomb:2   | Killed a greater mummy
 79284 | Tomb:2   | Identified a +2 scythe of protection
 79285 | Tomb:2   | Identified a +5 battleaxe
 79285 | Tomb:2   | Identified a +0 robe
 79287 | Tomb:2   | Identified a +2 demon trident of venom
 79287 | Tomb:2   | Killed a greater mummy
 79303 | Tomb:2   | Killed a greater mummy
 79303 | Tomb:2   | Reached skill level 25 in Dodging
 79310 | Tomb:2   | Paralysed by the power of Zot for 2 turns
 79354 | Tomb:2   | Identified the ring of Anteup Amp {+Fly Int+4} (You found
                  | it on level 1 of the Tomb of the Ancients)
 79587 | Tomb:2   | Identified a +0 battleaxe
 79587 | Tomb:2   | Identified a +0 plate armour
 80069 | Tomb:1   | Noticed a greater mummy
 80069 | Tomb:1   | Noticed a greater mummy
 80069 | Tomb:1   | Noticed a greater mummy
 80082 | Tomb:1   | Killed a greater mummy
 80094 | Tomb:1   | Killed a greater mummy
 80094 | Tomb:1   | Killed a greater mummy
 80111 | Tomb:1   | Noticed a greater mummy
 80121 | Tomb:1   | Killed a greater mummy
 80122 | Tomb:1   | Noticed a greater mummy
 80123 | Tomb:1   | Noticed a greater mummy
 80132 | Tomb:1   | Killed a greater mummy
 80135 | Tomb:1   | Killed a greater mummy
 80429 | Tomb:1   | Noticed a greater mummy
 80448 | Tomb:1   | Killed a greater mummy
 80484 | Tomb:1   | Noticed a greater mummy
 80498 | Tomb:1   | Killed a greater mummy
 80635 | Tomb:1   | Noticed a greater mummy
 80645 | Tomb:1   | Killed a greater mummy
 80646 | Tomb:1   | Noticed a greater mummy
 80672 | Tomb:1   | Noticed a greater mummy
 80702 | Tomb:1   | Killed a greater mummy
 80702 | Tomb:1   | Reached skill level 27 in Crossbows
 80940 | Tomb:1   | Noticed a greater mummy
 80950 | Tomb:1   | Noticed a greater mummy
 80959 | Tomb:1   | Killed a greater mummy
 80974 | Tomb:1   | Killed a greater mummy
 81039 | Tomb:1   | Noticed a greater mummy
 81052 | Tomb:1   | Killed a greater mummy
 81094 | Tomb:2   | Identified a +2 great mace
 81094 | Tomb:2   | Identified a +0 chain mail
 81309 | Tomb:2   | Gained mutation: Your spells are a little harder to cast,
                  | but a little more powerful. [evolution]
 81332 | Tomb:3   | Entered Level 3 of the Tomb of the Ancients
 81339 | Tomb:3   | Identified a +0 war axe
 81342 | Tomb:3   | Identified a +1 battleaxe of flaming
 81342 | Tomb:3   | Identified a +0 chain mail
 81342 | Tomb:3   | Identified a +0 long sword
 81342 | Tomb:3   | Identified a +0 glaive
 81342 | Tomb:3   | Identified a +0 long sword
 81344 | Tomb:3   | Identified a +1 great sword of slicing
 81344 | Tomb:3   | Identified a +0 plate armour
 81344 | Tomb:3   | Identified a +2 great mace
 81344 | Tomb:3   | Identified a +0 plate armour
 81345 | Tomb:3   | Identified a +1 great sword of draining
 81345 | Tomb:3   | Identified a +0 chain mail
 81345 | Tomb:3   | Identified a +0 glaive
 81363 | Tomb:3   | Identified a +0 scimitar
 81382 | Tomb:3   | Noticed a greater mummy
 81388 | Tomb:3   | Identified a cursed +1 short sword
 81388 | Tomb:3   | Identified a +0 robe
 81388 | Tomb:3   | Identified a +3 battleaxe
 81388 | Tomb:3   | Identified a +0 robe
 81394 | Tomb:3   | Identified a +0 ring mail
 81394 | Tomb:3   | Noticed a greater mummy
 81394 | Tomb:3   | Identified a +2 demon blade of freezing
 81394 | Tomb:3   | Identified a +0 robe
 81394 | Tomb:3   | Noticed Mara
 81394 | Tomb:3   | Noticed a greater mummy
 81395 | Tomb:3   | Identified a +0 dagger
 81395 | Tomb:3   | Identified a +0 robe
 81396 | Tomb:3   | motoroller71: explosion!!!!!!1
 81397 | Tomb:3   | Identified a +4 scythe of venom
 81398 | Tomb:3   | Identified a cursed +0 halberd
 81398 | Tomb:3   | Identified a +0 robe
 81399 | Tomb:3   | Noticed an Ice Fiend
 81401 | Tomb:3   | Paralysed by the power of Zot for 2 turns
 81405 | Tomb:3   | Noticed motoroller71's illusion
 81405 | Tomb:3   | Reached skill level 26 in Dodging
 81406 | Tomb:3   | Identified a +2 scythe of flaming
 81406 | Tomb:3   | Killed Mara
 81406 | Tomb:3   | Killed an Ice Fiend
 81406 | Tomb:3   | Killed a greater mummy
 81406 | Tomb:3   | Identified a +3 scythe of freezing
 81407 | Tomb:3   | Killed a greater mummy
 81407 | Tomb:3   | Identified a +5 scythe
 81408 | Tomb:3   | Identified a +1 scythe of venom
 81408 | Tomb:3   | Noticed a greater mummy
 81414 | Tomb:3   | Identified a cursed +0 short sword
 81414 | Tomb:3   | Identified a +0 robe
 81416 | Tomb:3   | Killed a greater mummy
 81417 | Tomb:3   | Identified a +5 scythe of venom
 81433 | Tomb:3   | Killed a greater mummy
 81444 | Tomb:3   | motoroller71: phew
 81463 | Tomb:3   | gohu56: Yay! Congrats!
 81477 | Tomb:3   | motoroller71: ty)
 81494 | Tomb:3   | Noticed a greater mummy
 81507 | Tomb:3   | gohu56: Ok, now I go back to work
 81507 | Tomb:3   | Killed a greater mummy
 81510 | Tomb:3   | gohu56: :)
 81510 | Tomb:3   | motoroller71: ')
 81510 | Tomb:3   | motoroller71: :)
 81510 | Tomb:3   | motoroller71: goodl uck
 81510 | Tomb:3   | motoroller71: luck*
 81521 | Tomb:3   | Noticed a greater mummy
 81533 | Tomb:3   | Killed a greater mummy
 81549 | Tomb:3   | Noticed a greater mummy
 81552 | Tomb:3   | Identified a +2 robe of cold resistance
 81552 | Tomb:3   | Noticed Boris
 81560 | Tomb:3   | Identified a +3 spear
 81560 | Tomb:3   | Identified a +0 robe
 81562 | Tomb:3   | Killed a greater mummy
 81563 | Tomb:3   | Noticed a greater mummy
 81567 | Tomb:3   | Killed Boris
 81568 | Tomb:3   | Identified a +0 trident
 81568 | Tomb:3   | Identified a +4 antimagic scythe
 81578 | Tomb:3   | Killed a greater mummy
 81677 | Tomb:3   | Got a brightly glowing falchion
 81782 | Tomb:3   | Found the +7 captain's cutlass {speed, disarm}
 81782 | Tomb:3   | Found the +10 morningstar "Eos" {elec, Halo rElec}
 81783 | Tomb:3   | Found the +8 demon blade "Bloodbane" {slice, *Rage +Rage
                  | Stlth-}
 81808 | Tomb:3   | Got a slimy brass ring
 81856 | Tomb:3   | Got a smoking lapis lazuli ring
 81857 | Tomb:3   | Identified Sif Muna's Collected Works on Unstable Fire
 81927 | Tomb:3   | Got a golden rune of Zot
 82074 | Tomb:1   | Killed a greater mummy
 82528 | Zig:1    | Entered Level 1 of a ziggurat
 82542 | Zig:1    | Got a heavily runed hat
 82549 | Zig:1    | Identified the cursed +0 hat "Doetenou" {rF++ rCorr MP-9
                  | Dex+3} (You found it on level 1 of a ziggurat)
 82551 | Zig:1    | Identified the ring "Joriapt" {rElec rF+ MR+ Dex+4} (You
                  | found it on level 3 of the Tomb of the Ancients)
 82554 | Zig:1    | Identified the ring "Liehuf" {rF+ Int+2 Dex+2} (You found
                  | it on level 3 of the Tomb of the Ancients)
 82560 | Zig:2    | Entered Level 2 of a ziggurat
 82560 | Zig:2    | Identified a +0 arbalest
 82561 | Zig:2    | Identified a +0 arbalest
 82561 | Zig:2    | Identified a +0 arbalest
 82651 | Zig:3    | Entered Level 3 of a ziggurat
 82653 | Zig:3    | Identified a +1 battleaxe of freezing
 82654 | Zig:3    | Identified a +0 great sword
 82654 | Zig:3    | Identified a +0 cloak
 82681 | Zig:4    | Entered Level 4 of a ziggurat
 82682 | Zig:4    | Identified a +0 dagger
 82682 | Zig:4    | Identified a +1 longbow of flaming
 82682 | Zig:4    | Identified a cursed +0 leather armour
 82682 | Zig:4    | Identified a +0 short sword
 82682 | Zig:4    | Identified a +0 ring mail
 82682 | Zig:4    | Identified a +2 short sword of protection
 82682 | Zig:4    | Identified a +0 short sword
 82683 | Zig:4    | Identified a +0 short sword
 82683 | Zig:4    | Identified a +0 leather armour
 82683 | Zig:4    | Identified a +0 dagger
 82683 | Zig:4    | Identified a +0 longbow
 82683 | Zig:4    | Identified a +0 leather armour
 82683 | Zig:4    | Identified a +0 long sword
 82683 | Zig:4    | Identified a +0 long sword
 82683 | Zig:4    | Identified a cursed -1 dagger
 82687 | Zig:4    | Identified a +0 long sword
 82687 | Zig:4    | Identified a +0 leather armour
 82687 | Zig:4    | Identified a +0 short sword
 82690 | Zig:4    | Identified a +0 long sword
 82690 | Zig:4    | Identified a +0 dagger
 82690 | Zig:4    | Identified a +0 shortbow
 82690 | Zig:4    | Identified a +0 leather armour
 82690 | Zig:4    | Identified a +0 short sword
 82690 | Zig:4    | Identified a +0 ring mail of poison resistance
 82690 | Zig:4    | Identified a +2 dagger of flaming
 82690 | Zig:4    | Identified a +2 long sword of slicing
 82690 | Zig:4    | Noticed a deep elf sorcerer
 82690 | Zig:4    | Identified a +0 long sword
 82690 | Zig:4    | Identified a +0 dagger
 82690 | Zig:4    | Identified a +0 shortbow
 82690 | Zig:4    | Identified a +0 leather armour
 82705 | Zig:4    | Identified Soppig's Guide on Sinister Cold
 82737 | Zig:5    | Entered Level 5 of a ziggurat
 82741 | Zig:5    | Identified a +0 hand axe
 82741 | Zig:5    | Identified a +0 plate armour
 82742 | Zig:5    | Identified a +3 war axe
 82742 | Zig:5    | Identified a +3 plate armour of cold resistance
 82742 | Zig:5    | Identified a +2 great sword of pain
 82742 | Zig:5    | Identified a +0 chain mail
 82742 | Zig:5    | Identified a +0 mace
 82742 | Zig:5    | Identified a +0 plate armour
 82742 | Zig:5    | Identified a +0 giant spiked club
 82743 | Zig:5    | Identified a +1 war axe of pain
 82743 | Zig:5    | Identified a +0 chain mail
 82743 | Zig:5    | Identified a +0 large shield
 82743 | Zig:5    | Identified a +0 dire flail
 82743 | Zig:5    | Identified a +0 arbalest
 82743 | Zig:5    | Identified a +0 chain mail
 82751 | Zig:5    | Identified a +0 troll leather armour
 82751 | Zig:5    | Reached skill level 27 in Dodging
 82753 | Zig:5    | Identified a +0 troll leather armour
 82755 | Zig:5    | Reached skill level 2 in Spellcasting
 82755 | Zig:5    | Reached skill level 11 in Evocations
 82785 | Zig:5    | Got a scintillating crystal amulet
 82796 | Zig:5    | Identified the amulet "Hugisadgh" {Reflect rPois SH+2} (You
                  | found it on level 5 of a ziggurat)
 82802 | Zig:5    | Identified a +2 broad axe of flaming (You acquired it on
                  | level 5 of a ziggurat)
 82809 | Zig:6    | Entered Level 6 of a ziggurat
 82813 | Zig:6    | Noticed a greater mummy
 82814 | Zig:6    | Found the +9 sword of Zonguldrok {reap}
 82823 | Zig:6    | Killed a greater mummy
 82840 | Zig:6    | Reached skill level 3 in Spellcasting
 82862 | Zig:7    | Entered Level 7 of a ziggurat
 82967 | Zig:7    | Noticed an entropy weaver
 82967 | Zig:7    | Noticed an entropy weaver
 82968 | Zig:7    | Identified a +0 war axe
 82968 | Zig:7    | Identified a +0 robe
 82977 | Zig:7    | Killed an entropy weaver
 82977 | Zig:7    | Killed an entropy weaver
 82994 | Zig:7    | Reached skill level 11 in Invocations
 83095 | Zig:7    | Identified Qerore Diudd's Reference Book on Burning Toxins
 83104 | Zig:7    | Got a fine robe
 83109 | Zig:8    | Entered Level 8 of a ziggurat
 83115 | Zig:8    | Identified a +0 dire flail
 83115 | Zig:8    | Identified a +0 dire flail
 83115 | Zig:8    | Identified a +1 vampiric morningstar
 83115 | Zig:8    | Identified a +0 ring mail
 83116 | Zig:8    | Identified a +0 long sword
 83116 | Zig:8    | Identified a +0 scale mail
 83116 | Zig:8    | Identified a +0 falchion
 83116 | Zig:8    | Identified a +0 ring mail of positive energy
 83116 | Zig:8    | Identified a +0 whip
 83116 | Zig:8    | Identified a +0 robe
 83116 | Zig:8    | Identified a +0 club
 83116 | Zig:8    | Identified a cursed +0 robe
 83117 | Zig:8    | Identified a +0 robe
 83117 | Zig:8    | Identified a +0 dire flail
 83117 | Zig:8    | Identified a +4 dire flail
 83118 | Zig:8    | Identified a +0 morningstar
 83118 | Zig:8    | Identified a +0 chain mail
 83123 | Zig:8    | Reached skill level 4 in Spellcasting
 83170 | Zig:9    | Entered Level 9 of a ziggurat
 83179 | Zig:9    | Identified a +0 flail
 83179 | Zig:9    | Identified a +0 dagger of speed
 83179 | Zig:9    | Identified a +1 cloak
 83179 | Zig:9    | Identified a +0 rapier
 83179 | Zig:9    | Identified a +0 cloak
 83179 | Zig:9    | Identified a +0 flail
 83179 | Zig:9    | Identified a +0 hand axe
 83179 | Zig:9    | Identified a +0 long sword
 83179 | Zig:9    | Identified a +0 cloak
 83180 | Zig:9    | Identified a +0 cloak
 83180 | Zig:9    | Identified a +0 trident
 83180 | Zig:9    | Identified a +0 great sword
 83180 | Zig:9    | Identified a +0 cloak
 83180 | Zig:9    | Identified a +0 battleaxe
 83180 | Zig:9    | Identified a +0 halberd
 83180 | Zig:9    | Identified a cursed +0 long sword
 83180 | Zig:9    | Identified a cursed +0 cloak
 83180 | Zig:9    | Identified a +0 scimitar
 83180 | Zig:9    | Identified a +0 dagger
 83180 | Zig:9    | Identified a +0 cloak
 83181 | Zig:9    | Identified a +0 halberd
 83181 | Zig:9    | Identified a +0 dire flail
 83181 | Zig:9    | Identified a +0 whip
 83181 | Zig:9    | Identified a +0 cloak
 83182 | Zig:9    | Found the +7 Singing Sword {slice, sonic wave}
 83196 | Zig:9    | Reached skill level 5 in Spellcasting
 83208 | Zig:9    | Reached skill level 12 in Evocations
 83226 | Zig:10   | Entered Level 10 of a ziggurat
 83227 | Zig:10   | Upgraded the game from 0.24-a0-736-g4e6fe308c7 to
                  | 0.24-a0-762-gca426f56c8
 83233 | Zig:10   | Identified a +0 giant club
 83233 | Zig:10   | Identified a +0 battleaxe
 83233 | Zig:10   | Identified a +0 arbalest
 83233 | Zig:10   | Identified a +0 plate armour
 83233 | Zig:10   | Identified a +0 short sword
 83233 | Zig:10   | Identified a +0 plate armour
 83233 | Zig:10   | Identified a +2 long sword of pain
 83233 | Zig:10   | Identified a +0 chain mail
 83233 | Zig:10   | Identified a +0 dagger
 83233 | Zig:10   | Identified a +0 robe
 83233 | Zig:10   | Identified a +0 dagger
 83233 | Zig:10   | Identified a +2 robe of fire resistance
 83233 | Zig:10   | Identified a +3 dagger
 83233 | Zig:10   | Identified a +0 robe
 83233 | Zig:10   | Identified a +3 trident of flaming
 83233 | Zig:10   | Identified a +0 chain mail
 83233 | Zig:10   | Identified a cursed +0 scimitar
 83233 | Zig:10   | Identified a +0 chain mail
 83233 | Zig:10   | Identified a +0 giant club
 83233 | Zig:10   | Identified a cursed -2 giant spiked club
 83234 | Zig:10   | Identified a +0 long sword
 83234 | Zig:10   | Identified a +1 chain mail of cold resistance
 83234 | Zig:10   | Identified a +0 giant spiked club
 83234 | Zig:10   | Identified a cursed +0 flail
 83234 | Zig:10   | Identified a +0 chain mail
 83234 | Zig:10   | Identified a +0 hand axe of distortion
 83234 | Zig:10   | Identified a +0 plate armour
 83234 | Zig:10   | Identified a +0 flail
 83234 | Zig:10   | Identified a +0 chain mail
 83234 | Zig:10   | Identified a +0 giant spiked club
 83234 | Zig:10   | Identified a +0 giant spiked club
 83234 | Zig:10   | Identified a +0 scimitar
 83234 | Zig:10   | Identified a +0 chain mail
 83234 | Zig:10   | Identified a +0 dagger
 83234 | Zig:10   | Identified a +0 robe
 83235 | Zig:10   | Identified a cursed -3 battleaxe
 83235 | Zig:10   | Identified a +0 giant spiked club
 83235 | Zig:10   | Identified a +0 scimitar
 83235 | Zig:10   | Identified a +0 plate armour
 83235 | Zig:10   | Identified a +1 mace of protection
 83235 | Zig:10   | Identified a +0 chain mail
 83235 | Zig:10   | Identified a +0 giant spiked club
 83235 | Zig:10   | Identified a +0 glaive
 83235 | Zig:10   | Identified a +0 chain mail
 83235 | Zig:10   | Identified a +5 long sword of electrocution
 83235 | Zig:10   | Identified a +0 plate armour
 83235 | Zig:10   | Identified a cursed +0 war axe
 83235 | Zig:10   | Identified a +0 chain mail
 83235 | Zig:10   | Identified a +0 scimitar
 83235 | Zig:10   | Identified a +0 plate armour
 83236 | Zig:10   | Identified a +0 halberd
 83237 | Zig:10   | Identified a +2 hand axe of venom
 83237 | Zig:10   | Identified a +0 hand axe of chopping
 83237 | Zig:10   | Identified a +0 ring mail
 83237 | Zig:10   | Identified a +0 dagger
 83237 | Zig:10   | Identified a +1 robe of resistance
 83238 | Zig:10   | Identified a +0 glaive
 83238 | Zig:10   | Identified a +0 plate armour
 83239 | Zig:10   | Identified a +0 halberd
 83239 | Zig:10   | Identified a +0 plate armour
 83240 | Zig:10   | Identified a +0 hand axe
 83240 | Zig:10   | Identified a +0 plate armour
 83243 | Zig:10   | Identified a +0 halberd
 83243 | Zig:10   | Identified a +0 chain mail
 83243 | Zig:10   | Identified a +0 war axe
 83243 | Zig:10   | Identified a +0 plate armour of poison resistance
 83243 | Zig:10   | Identified a +0 dagger
 83243 | Zig:10   | Identified a +0 robe
 83244 | Zig:10   | Identified a +0 trident
 83244 | Zig:10   | Identified a +1 glaive of freezing
 83244 | Zig:10   | Identified a +0 plate armour
 83244 | Zig:10   | Identified a cursed -2 flail
 83244 | Zig:10   | Identified a +0 leather armour
 83248 | Zig:10   | Reached skill level 12 in Invocations
 83267 | Zig:10   | Identified a +0 trident
 83267 | Zig:10   | Reached skill level 6 in Spellcasting
 83316 | Zig:10   | Identified Dogul's Almanac of Snow and the Compass
 83325 | Zig:10   | Reached skill level 2 in Transmutations
 83330 | Zig:10   | Learned a level 3 spell: Mephitic Cloud
 83332 | Zig:10   | Reached skill level 7 in Spellcasting
 83332 | Zig:10   | Reached skill level 2 in Conjurations
 83332 | Zig:10   | Reached skill level 1 in Air Magic
 83332 | Zig:10   | Reached skill level 1 in Poison Magic
 83333 | Zig:10   | Reached skill level 6 in Stealth
 83348 | Zig:10   | Got a pair of twisted boots
 83359 | Zig:10   | Identified the +0 pair of boots "Ishusuu" {rN++ Str-3 Int-2
                  | Slay+4} (You acquired it on level 10 of a ziggurat)
 83373 | Zig:11   | Entered Level 11 of a ziggurat
 83377 | Zig:11   | Identified a +1 short sword of venom
 83378 | Zig:11   | Identified a +0 short sword
 83378 | Zig:11   | Identified a +0 ring mail
 83378 | Zig:11   | Identified a +0 long sword
 83378 | Zig:11   | Identified a +0 long sword
 83379 | Zig:11   | Identified a +0 rapier
 83379 | Zig:11   | Identified a +0 longbow
 83379 | Zig:11   | Identified a +0 leather armour
 83379 | Zig:11   | Identified a +0 dagger
 83380 | Zig:11   | Identified a +1 short sword of draining
 83380 | Zig:11   | Identified a +2 buckler
 83380 | Zig:11   | Identified a +4 short sword
 83380 | Zig:11   | Identified a +0 dagger
 83380 | Zig:11   | Identified a +0 shortbow
 83380 | Zig:11   | Identified a +0 leather armour
 83380 | Zig:11   | Identified a +0 short sword of venom
 83380 | Zig:11   | Identified a +0 flail of protection
 83380 | Zig:11   | Identified a +0 dagger
 83380 | Zig:11   | Identified a +0 rapier
 83380 | Zig:11   | Identified a +0 short sword
 83380 | Zig:11   | Identified a +0 rapier
 83380 | Zig:11   | Identified a cursed +0 chain mail
 83380 | Zig:11   | Noticed a deep elf demonologist
 83380 | Zig:11   | Identified a +2 rapier of flaming
 83380 | Zig:11   | Identified a +0 leather armour
 83381 | Zig:11   | Noticed a deep elf demonologist
 83381 | Zig:11   | Identified a +0 long sword
 83381 | Zig:11   | Identified a +0 leather armour
 83381 | Zig:11   | Identified a +0 buckler
 83381 | Zig:11   | Identified a +0 long sword
 83381 | Zig:11   | Identified a +0 leather armour
 83381 | Zig:11   | Identified a +0 buckler
 83381 | Zig:11   | Identified a +0 long sword
 83381 | Zig:11   | Identified a cursed -3 long sword
 83381 | Zig:11   | Identified a +6 short sword of speed
 83381 | Zig:11   | Identified a +0 dagger
 83381 | Zig:11   | Identified a +0 shortbow
 83381 | Zig:11   | Identified a +0 leather armour
 83381 | Zig:11   | Identified a +0 rapier
 83381 | Zig:11   | Identified a +0 short sword
 83382 | Zig:11   | Identified a +0 long sword
 83382 | Zig:11   | Identified a +2 glaive of freezing
 83383 | Zig:11   | Reached skill level 2 in Poison Magic
 83386 | Zig:11   | Identified a +0 trident
 83391 | Zig:11   | Noticed a Brimstone Fiend
 83394 | Zig:11   | Identified a +0 demon whip
 83394 | Zig:11   | Killed a deep elf demonologist
 83396 | Zig:11   | Killed a deep elf demonologist
 83398 | Zig:11   | Reached skill level 2 in Air Magic
 83401 | Zig:11   | Reached skill level 3 in Conjurations
 83424 | Zig:11   | Identified the Guide on Supportive Ignition
 83429 | Zig:11   | Identified the Papyrus of Augmentations
 83432 | Zig:11   | Got a pitted scale mail
 83440 | Zig:11   | Identified the cursed +1 scale mail of Catatonia {rPois
                  | MR+} (You found it on level 11 of a ziggurat)
 83453 | Zig:12   | Entered Level 12 of a ziggurat
 83461 | Zig:12   | Got a scorched cloak
 83472 | Zig:12   | Identified the +3 cloak of Xuosa {+Inv rElec rC+ Str+2}
                  | (You acquired it on level 12 of a ziggurat)
 83490 | Zig:12   | Noticed an entropy weaver
 83499 | Zig:12   | Reached skill level 3 in Poison Magic
 83517 | Zig:12   | Killed an entropy weaver
 83525 | Zig:12   | Reached skill level 4 in Conjurations
 83590 | Zig:12   | Identified the Volume of Conjuration and Summoning
 83599 | Zig:13   | Entered Level 13 of a ziggurat
 83606 | Zig:13   | Identified a +0 scimitar
 83613 | Zig:13   | Identified a +1 scythe of distortion
 83614 | Zig:13   | Identified a +0 long sword
 83617 | Zig:13   | Identified a +0 robe
 83618 | Zig:13   | Identified a +2 scythe of venom
 83619 | Zig:13   | Reached skill level 3 in Air Magic
 83620 | Zig:13   | Reached skill level 13 in Invocations
 83630 | Zig:13   | Reached skill level 4 in Poison Magic
 83632 | Zig:13   | Identified a +0 flail
 83639 | Zig:13   | Identified a +0 trident
 83650 | Zig:13   | Identified a +0 scimitar
 83653 | Zig:13   | Identified a +0 scythe of protection
 83655 | Zig:13   | Identified a +0 mace
 83659 | Zig:13   | Identified a +0 great sword
 83659 | Zig:13   | Identified a +0 chain mail
 83669 | Zig:13   | Reached skill level 8 in Spellcasting
 83692 | Zig:13   | Identified a +0 scythe of slicing
 83692 | Zig:13   | Reached skill level 5 in Conjurations
 83695 | Zig:13   | Reached skill level 13 in Evocations
 83705 | Zig:13   | Learned a level 3 spell: Inner Flame
 83708 | Zig:13   | Learned a level 2 spell: Song of Slaying
 83723 | Zig:13   | Identified First Steps in Magic
 83729 | Zig:13   | Got a smoking marble ring
 83730 | Zig:13   | Identified the Volume of Unstable Evil
 83740 | Zig:13   | Reached skill level 1 in Hexes
 83740 | Zig:13   | Reached skill level 1 in Charms
 83740 | Zig:13   | Reached skill level 1 in Fire Magic
 83740 | Zig:13   | Reached skill level 4 in Air Magic
 83740 | Zig:13   | Reached skill level 5 in Poison Magic
 83741 | Zig:13   | Reached skill level 6 in Conjurations
 83741 | Zig:13   | Reached skill level 2 in Hexes
 83741 | Zig:13   | Reached skill level 2 in Charms
 83741 | Zig:13   | Reached skill level 2 in Fire Magic
 83742 | Zig:13   | Reached skill level 3 in Fire Magic
 83743 | Zig:13   | Reached skill level 9 in Spellcasting
 83743 | Zig:13   | Reached skill level 3 in Hexes
 83743 | Zig:13   | Reached skill level 3 in Charms
 83743 | Zig:13   | Reached skill level 5 in Air Magic
 83743 | Zig:13   | Reached skill level 6 in Poison Magic
 83744 | Zig:13   | Identified the ring of Afueruth {rC+ MR+ Dex+2} (You found
                  | it on level 13 of a ziggurat)
 83748 | Zig:14   | Entered Level 14 of a ziggurat
 83761 | Zig:14   | Identified a +2 scimitar of flaming
 83762 | Zig:14   | Identified a +2 scimitar of flaming
 83762 | Zig:14   | Noticed an orb of fire
 83762 | Zig:14   | Identified a +3 great sword of flaming
 83762 | Zig:14   | Identified a +1 demon whip of electrocution
 83762 | Zig:14   | Identified a +1 demon whip of electrocution
 83763 | Zig:14   | Noticed an orb of fire
 83763 | Zig:14   | Identified a +0 great sword of flaming
 83763 | Zig:14   | Noticed an orb of fire
 83763 | Zig:14   | Identified a +1 vampiric demon whip
 83763 | Zig:14   | Identified a +0 demon whip of venom
 83763 | Zig:14   | Noticed an orb of fire
 83763 | Zig:14   | Noticed an orb of fire
 83765 | Zig:14   | Identified a +0 great sword of flaming
 83765 | Zig:14   | Identified a +1 demon whip of freezing
 83765 | Zig:14   | Identified a +1 demon whip of flaming
 83765 | Zig:14   | Identified a +3 scimitar of flaming
 83766 | Zig:14   | Noticed an orb of fire
 83767 | Zig:14   | Gained mutation: Armour fits poorly on your strangely
                  | shaped body. [an orb of fire]
 83769 | Zig:14   | Gained mutation: You tend to lose your temper in combat.
                  | [an orb of fire]
 83772 | Zig:14   | Gained mutation: You often lose your temper in combat. [an
                  | orb of fire]
 83774 | Zig:14   | Killed an orb of fire
 83774 | Zig:14   | Reached skill level 7 in Conjurations
 83774 | Zig:14   | Reached skill level 4 in Fire Magic
 83774 | Zig:14   | Lost mutation: You are robust. (+10% HP) [an orb of fire]
 83777 | Zig:14   | Gained mutation: Scrolls take you a little longer to read.
                  | [an orb of fire]
 83777 | Zig:14   | Gained mutation: You occasionally shout uncontrollably at
                  | your foes. [an orb of fire]
 83778 | Zig:14   | Killed an orb of fire
 83784 | Zig:14   | Killed an orb of fire
 83784 | Zig:14   | Reached skill level 4 in Hexes
 83784 | Zig:14   | Reached skill level 4 in Charms
 83786 | Zig:14   | Gained mutation: Scrolls take you longer to read. [an orb
                  | of fire]
 83787 | Zig:14   | Killed an orb of fire
 83789 | Zig:14   | Reached skill level 7 in Poison Magic
 83793 | Zig:14   | Killed an orb of fire
 83794 | Zig:14   | Reached skill level 5 in Fire Magic
 83795 | Zig:14   | Killed an orb of fire
 83800 | Zig:14   | Identified +0 fire dragon scales
 83811 | Zig:14   | Got a blackened cloak
 83815 | Zig:14   | Got a fine platinum amulet
 83836 | Zig:14   | Got a bloodstained hand crossbow
 83843 | Zig:14   | Got a crystal hand crossbow
 83846 | Zig:14   | Identified the +1 cloak "Gefoef" {Int+2 SInv} (You found it
                  | on level 14 of a ziggurat)
 83848 | Zig:14   | Identified the amulet of the Komtur {Gourm rF+ rC+ Str-5}
                  | (You found it on level 14 of a ziggurat)
 83852 | Zig:14   | Identified the +7 hand crossbow of the Traitor {venom,
                  | SInv} (You acquired it on level 14 of a ziggurat)
 83854 | Zig:14   | Identified the +7 hand crossbow of Reason {elec, rC+} (You
                  | acquired it on level 14 of a ziggurat)
 83867 | Zig:15   | Entered Level 15 of a ziggurat
 83934 | Zig:15   | Identified a +0 trident
 83934 | Zig:15   | Identified a +0 demon whip
 83934 | Zig:15   | Identified a +0 trident
 83936 | Zig:15   | Noticed a Brimstone Fiend
 83936 | Zig:15   | Identified a +2 long sword of flaming
 83936 | Zig:15   | Identified a +0 plate armour
 83936 | Zig:15   | Identified a +1 great mace
 83936 | Zig:15   | Identified a +0 chain mail
 83938 | Zig:15   | Identified a +0 demon whip
 83938 | Zig:15   | Identified a +1 scythe of distortion
 83938 | Zig:15   | Identified a +0 demon trident
 83943 | Zig:15   | Reached skill level 8 in Conjurations
 83943 | Zig:15   | Reached skill level 6 in Air Magic
 83956 | Zig:15   | Reached skill level 5 in Hexes
 83960 | Zig:15   | Killed a Brimstone Fiend
 83964 | Zig:15   | Reached skill level 5 in Charms
 84001 | Zig:15   | Got a pair of slimy gloves
 84003 | Zig:15   | Got a scintillating marble ring
 84013 | Zig:15   | Identified the Catalogue of Helpful Transmutation
 84016 | Zig:15   | Got an encrusted scale mail
 84046 | Zig:15   | Identified the +4 scale mail of Theory {MR+ Dex+4} (You
                  | found it on level 15 of a ziggurat)
 84048 | Zig:15   | Identified the +2 pair of gloves of the Ecumenical Temple
                  | {+Inv rElec MR++} (You found it on level 15 of a ziggurat)
 84052 | Zig:15   | Identified the cursed ring "Wego" {*Drain Str-3 Dex+4} (You
                  | found it on level 15 of a ziggurat)
 84070 | Zig:16   | Entered Level 16 of a ziggurat
 84080 | Zig:16   | Noticed an entropy weaver
 84081 | Zig:16   | Noticed an entropy weaver
 84082 | Zig:16   | Noticed an entropy weaver
 84086 | Zig:16   | Noticed an entropy weaver
 84099 | Zig:16   | Killed an entropy weaver
 84106 | Zig:16   | Killed an entropy weaver
 84109 | Zig:16   | Reached skill level 6 in Fire Magic
 84109 | Zig:16   | Reached skill level 8 in Poison Magic
 84110 | Zig:16   | Reached skill level 10 in Spellcasting
 84113 | Zig:16   | Identified a +0 demon whip of venom
 84119 | Zig:16   | Killed an entropy weaver
 84120 | Zig:16   | Killed an entropy weaver
 84322 | Zig:16   | Got an ominously black robe
 84327 | Zig:17   | Entered Level 17 of a ziggurat
 84342 | Zig:17   | Identified a +0 war axe of chopping
 84342 | Zig:17   | Identified a +0 chain mail
 84342 | Zig:17   | Identified a +0 giant club
 84342 | Zig:17   | Identified a +0 giant club
 84342 | Zig:17   | Identified a +0 dire flail
 84342 | Zig:17   | Identified a +0 chain mail
 84342 | Zig:17   | Identified a +3 dire flail
 84342 | Zig:17   | Identified a +0 chain mail
 84342 | Zig:17   | Identified a +0 dagger
 84342 | Zig:17   | Identified a +0 robe
 84342 | Zig:17   | Identified a +0 club
 84342 | Zig:17   | Identified a +0 trident
 84342 | Zig:17   | Identified a +0 chain mail
 84342 | Zig:17   | Identified a +0 long sword
 84342 | Zig:17   | Identified a +0 plate armour
 84342 | Zig:17   | Identified a +0 shield
 84343 | Zig:17   | Identified a +0 vampiric trident
 84343 | Zig:17   | Identified a +0 plate armour
 84343 | Zig:17   | Noticed a juggernaut
 84343 | Zig:17   | Identified a +0 dire flail
 84343 | Zig:17   | Identified a +0 chain mail
 84343 | Zig:17   | Identified a +0 great mace
 84343 | Zig:17   | Identified a +0 dire flail
 84343 | Zig:17   | Identified a +0 halberd
 84343 | Zig:17   | Identified a +0 plate armour
 84343 | Zig:17   | Identified a +0 mace
 84343 | Zig:17   | Identified a +0 chain mail
 84343 | Zig:17   | Identified a +0 dagger of venom
 84343 | Zig:17   | Identified a +0 robe
 84343 | Zig:17   | Identified a +0 mace
 84343 | Zig:17   | Identified a +0 plate armour
 84344 | Zig:17   | Identified a +0 giant club
 84344 | Zig:17   | Identified a +0 giant spiked club
 84344 | Zig:17   | Identified a +0 giant club
 84344 | Zig:17   | Identified a +0 dagger
 84344 | Zig:17   | Identified a +0 robe
 84344 | Zig:17   | Identified a +0 mace
 84344 | Zig:17   | Identified a +0 chain mail
 84344 | Zig:17   | Identified a +2 hand axe of venom
 84344 | Zig:17   | Identified a +0 plate armour
 84344 | Zig:17   | Identified a +0 trident of flaming
 84344 | Zig:17   | Identified a +0 plate armour
 84344 | Zig:17   | Identified a +0 giant spiked club
 84344 | Zig:17   | Identified a +0 dagger
 84344 | Zig:17   | Identified a +0 robe
 84344 | Zig:17   | Identified a +0 giant club
 84344 | Zig:17   | Identified a +0 mace
 84346 | Zig:17   | Identified a +0 war axe
 84346 | Zig:17   | Identified a +0 plate armour
 84346 | Zig:17   | Identified a +0 battleaxe
 84346 | Zig:17   | Identified a +2 plate armour of magic resistance
 84347 | Zig:17   | Identified a +1 battleaxe of electrocution
 84347 | Zig:17   | Identified a +0 plate armour
 84348 | Zig:17   | Identified a +0 short sword
 84348 | Zig:17   | Identified a +0 leather armour
 84348 | Zig:17   | Identified a +0 mace
 84348 | Zig:17   | Identified a +0 plate armour
 84348 | Zig:17   | Identified a +0 flail
 84348 | Zig:17   | Identified a +0 battleaxe
 84348 | Zig:17   | Identified a cursed +0 chain mail
 84348 | Zig:17   | Identified a +0 scimitar
 84348 | Zig:17   | Identified a +0 chain mail
 84348 | Zig:17   | Identified a +0 battleaxe
 84348 | Zig:17   | Identified a +1 plate armour of poison resistance
 84348 | Zig:17   | Identified a +0 dagger
 84348 | Zig:17   | Identified a +0 robe of fire resistance
 84348 | Zig:17   | Identified a +0 trident
 84348 | Zig:17   | Identified a +0 scale mail
 84349 | Zig:17   | Identified a +0 broad axe
 84349 | Zig:17   | Identified a +0 plate armour
 84349 | Zig:17   | Identified a +0 shield
 84349 | Zig:17   | Identified a +0 trident
 84349 | Zig:17   | Identified a +0 plate armour
 84351 | Zig:17   | Identified a +0 trident
 84351 | Zig:17   | Identified a +0 plate armour
 84352 | Zig:17   | Identified a +0 giant spiked club
 84352 | Zig:17   | Identified a +0 mace of crushing
 84352 | Zig:17   | Identified a +0 plate armour
 84353 | Zig:17   | Identified a +0 giant spiked club
 84353 | Zig:17   | Identified a +1 dagger of venom
 84354 | Zig:17   | Identified a +0 long sword
 84354 | Zig:17   | Identified a +0 plate armour
 84354 | Zig:17   | Identified a +0 long sword
 84354 | Zig:17   | Identified a +0 chain mail
 84355 | Zig:17   | Identified a +1 war axe
 84355 | Zig:17   | Identified a +1 chain mail of cold resistance
 84355 | Zig:17   | Identified a +1 battleaxe of draining
 84355 | Zig:17   | Identified a +0 chain mail
 84356 | Zig:17   | Identified a +4 dire flail of protection
 84356 | Zig:17   | Identified a +0 plate armour
 84357 | Zig:17   | Identified a +0 halberd
 84357 | Zig:17   | Identified a +0 plate armour
 84357 | Zig:17   | Identified a +0 giant spiked club
 84357 | Zig:17   | Identified a +0 long sword
 84358 | Zig:17   | Identified a +0 giant spiked club
 84359 | Zig:17   | Reached skill level 9 in Conjurations
 84359 | Zig:17   | Identified a +0 dagger
 84359 | Zig:17   | Identified a +1 robe of fire resistance
 84361 | Zig:17   | Identified a +2 halberd of venom
 84361 | Zig:17   | Identified a +0 chain mail
 84361 | Zig:17   | Killed a juggernaut
 84361 | Zig:17   | Reached skill level 6 in Hexes
 84361 | Zig:17   | Reached skill level 6 in Charms
 84361 | Zig:17   | Identified a +0 trident
 84361 | Zig:17   | Identified a +0 chain mail
 84366 | Zig:17   | Identified a +0 giant spiked club
 84366 | Zig:17   | Identified a +0 giant spiked club
 84370 | Zig:17   | Identified a +0 dagger
 84370 | Zig:17   | Identified a +2 robe of cold resistance
 84371 | Zig:17   | Identified a +0 short sword
 84371 | Zig:17   | Identified a +0 plate armour
 84373 | Zig:17   | Identified a +0 dagger
 84373 | Zig:17   | Identified a +0 robe
 84374 | Zig:17   | Reached skill level 7 in Air Magic
 84375 | Zig:17   | Identified a +0 giant club
 84375 | Zig:17   | Identified a +0 giant club
 84376 | Zig:17   | Identified a +0 glaive
 84376 | Zig:17   | Identified a +0 chain mail
 84376 | Zig:17   | Identified a cursed -3 giant spiked club
 84378 | Zig:17   | Identified a +0 trident
 84379 | Zig:17   | Identified a +0 trident
 84381 | Zig:17   | Identified a cursed -2 long sword
 84388 | Zig:17   | Identified a +0 trident
 84389 | Zig:17   | Identified a +0 trident
 84392 | Zig:17   | Identified a +0 demon trident
 84400 | Zig:17   | Reached skill level 7 in Fire Magic
 84415 | Zig:17   | Identified a +0 troll leather armour
 84444 | Zig:17   | Got a steaming turquoise ring
 84448 | Zig:17   | Got an ancient ruby amulet
 84449 | Zig:17   | Identified the Tome of the Vitriolic Birds
 84460 | Zig:18   | Entered Level 18 of a ziggurat
 84481 | Zig:18   | Identified a +0 arbalest
 84482 | Zig:18   | Identified a +0 battleaxe of freezing
 84482 | Zig:18   | Identified a +0 arbalest
 84491 | Zig:18   | Identified a +0 morningstar
 84492 | Zig:18   | Identified a +0 dire flail of protection
 84492 | Zig:18   | Identified a +0 chain mail
 84493 | Zig:18   | Identified a +0 dire flail
 84493 | Zig:18   | Identified a +0 scale mail
 84494 | Zig:18   | Identified a +0 long sword
 84494 | Zig:18   | Identified a +0 plate armour
 84494 | Zig:18   | Identified a +0 shield
 84497 | Zig:18   | Identified a +0 short sword
 84497 | Zig:18   | Identified a +0 shortbow
 84497 | Zig:18   | Identified a +0 leather armour
 84498 | Zig:18   | Identified a +0 short sword
 84498 | Zig:18   | Noticed an ancient lich
 84500 | Zig:18   | Identified a +0 long sword
 84500 | Zig:18   | Identified a +0 ring mail
 84500 | Zig:18   | Identified a +0 battleaxe of freezing
 84500 | Zig:18   | Identified a +0 dagger
 84500 | Zig:18   | Identified a +0 robe
 84500 | Zig:18   | Identified a +0 great mace
 84500 | Zig:18   | Identified a +0 scale mail
 84501 | Zig:18   | Noticed an entropy weaver
 84503 | Zig:18   | Reached skill level 9 in Poison Magic
 84504 | Zig:18   | Noticed an ancient lich
 84505 | Zig:18   | Identified a +0 arbalest
 84506 | Zig:18   | Identified a +1 battleaxe of freezing
 84511 | Zig:18   | Killed an ancient lich
 84512 | Zig:18   | Noticed an entropy weaver
 84515 | Zig:18   | an entropy weaver changed into something unseen
 84517 | Zig:18   | Noticed an ancient lich
 84517 | Zig:18   | Identified a +1 battleaxe of freezing
 84520 | Zig:18   | Reached skill level 7 in Hexes
 84520 | Zig:18   | Identified a +0 broad axe
 84520 | Zig:18   | Identified a +0 plate armour
 84522 | Zig:18   | Killed an ancient lich
 84522 | Zig:18   | Reached skill level 10 in Conjurations
 84522 | Zig:18   | Reached skill level 7 in Charms
 84525 | Zig:18   | Noticed an entropy weaver
 84531 | Zig:18   | an entropy weaver changed into a tyrant leech
 84532 | Zig:18   | Killed an ancient lich
 84535 | Zig:18   | Killed an entropy weaver
 84536 | Zig:18   | Reached skill level 8 in Fire Magic
 84537 | Zig:18   | Identified +0 gold dragon scales
 84537 | Zig:18   | Reached skill level 11 in Spellcasting
 84546 | Zig:18   | Reached skill level 8 in Air Magic
 84609 | Zig:18   | Got an iridescent triple sword
 84615 | Zig:18   | Identified the amulet "Orocwaiw" {Spirit Int+3} (You found
                  | it on level 17 of a ziggurat)
 84618 | Zig:18   | Got an ancient glaive
 84623 | Zig:19   | Entered Level 19 of a ziggurat
 84636 | Zig:19   | Identified a +0 quick blade
 84636 | Zig:19   | Identified a +0 quick blade
 84636 | Zig:19   | Identified a cursed +0 leather armour
 84637 | Zig:19   | Identified a +2 long sword of slicing
 84643 | Zig:19   | Identified a +4 rapier of venom
 84643 | Zig:19   | Noticed a deep elf demonologist
 84647 | Zig:19   | Identified a +0 dire flail of protection
 84651 | Zig:19   | Identified a +0 short sword
 84653 | Zig:19   | Identified a +4 broad axe of chopping
 84654 | Zig:19   | Killed a deep elf demonologist
 84656 | Zig:19   | Identified a +0 dagger
 84656 | Zig:19   | Identified a +0 leather armour
 84657 | Zig:19   | Identified a +2 rapier of protection
 84657 | Zig:19   | Identified a +2 rapier of protection
 84657 | Zig:19   | Identified a +0 leather armour
 84657 | Zig:19   | Identified a +0 rapier
 84657 | Zig:19   | Identified a +0 rapier
 84657 | Zig:19   | Identified a +0 leather armour
 84657 | Zig:19   | Identified a +0 long sword
 84658 | Zig:19   | Identified a +2 scimitar of freezing
 84658 | Zig:19   | Identified a +0 rapier
 84658 | Zig:19   | Identified a +0 rapier
 84658 | Zig:19   | Identified a +0 leather armour
 84658 | Zig:19   | Identified a +0 short sword
 84658 | Zig:19   | Identified a +0 shortbow
 84658 | Zig:19   | Identified a +0 leather armour
 84658 | Zig:19   | Identified a cursed -1 long sword
 84658 | Zig:19   | Identified a +0 scale mail
 84659 | Zig:19   | Identified a +1 antimagic rapier
 84659 | Zig:19   | Identified a +1 antimagic rapier
 84659 | Zig:19   | Identified a +0 leather armour
 84659 | Zig:19   | Identified a +0 dagger
 84659 | Zig:19   | Identified a +0 leather armour
 84659 | Zig:19   | Noticed a deep elf sorcerer
 84659 | Zig:19   | Identified a +0 rapier
 84659 | Zig:19   | Identified a +0 rapier
 84659 | Zig:19   | Identified a +0 leather armour
 84659 | Zig:19   | Identified a +1 long sword of protection
 84659 | Zig:19   | Identified a +4 glaive of venom
 84659 | Zig:19   | Identified a cursed +0 longbow
 84659 | Zig:19   | Identified a +0 leather armour
 84659 | Zig:19   | Identified a +0 rapier
 84659 | Zig:19   | Noticed a deep elf demonologist
 84660 | Zig:19   | Identified a +0 longbow
 84660 | Zig:19   | Identified a +0 leather armour
 84660 | Zig:19   | Identified a +0 long sword
 84660 | Zig:19   | Identified a +0 longbow
 84660 | Zig:19   | Identified a +0 leather armour
 84661 | Zig:19   | Identified a +0 short sword
 84661 | Zig:19   | Noticed a deep elf demonologist
 84662 | Zig:19   | Identified a +0 long sword
 84662 | Zig:19   | Noticed a deep elf demonologist
 84662 | Zig:19   | Identified a +2 mace of protection
 84663 | Zig:19   | Noticed an Ice Fiend
 84663 | Zig:19   | Identified a +0 long sword
 84667 | Zig:19   | Identified a +4 scythe of venom
 84667 | Zig:19   | Identified a +0 short sword
 84667 | Zig:19   | Identified a +0 ring mail
 84667 | Zig:19   | Identified a +0 dagger
 84667 | Zig:19   | Identified a +0 shortbow
 84667 | Zig:19   | Identified a +0 leather armour
 84668 | Zig:19   | Identified a +0 dagger
 84668 | Zig:19   | Identified a +0 longbow
 84668 | Zig:19   | Identified a +0 leather armour
 84669 | Zig:19   | Killed a deep elf sorcerer
 84669 | Zig:19   | Identified a +0 rapier
 84669 | Zig:19   | Identified a +0 scale mail
 84671 | Zig:19   | Identified a +0 short sword of draining
 84671 | Zig:19   | Identified a +0 dagger
 84671 | Zig:19   | Identified a +0 short sword
 84671 | Zig:19   | Identified a +0 leather armour
 84671 | Zig:19   | Noticed a deep elf demonologist
 84672 | Zig:19   | Identified a +0 long sword
 84672 | Zig:19   | Identified a +0 shortbow
 84672 | Zig:19   | Identified a +0 short sword
 84672 | Zig:19   | Identified a +2 rapier of venom
 84673 | Zig:19   | Identified a +0 scimitar
 84673 | Zig:19   | Identified a +0 shortbow
 84674 | Zig:19   | Identified a cursed -1 longbow
 84674 | Zig:19   | Identified a +0 leather armour
 84674 | Zig:19   | Identified a +0 short sword
 84674 | Zig:19   | Identified a +0 shortbow
 84674 | Zig:19   | Identified a +0 leather armour
 84674 | Zig:19   | Identified a +0 short sword
 84674 | Zig:19   | Identified a +1 mace of holy wrath
 84675 | Zig:19   | Identified a +2 antimagic demon trident
 84676 | Zig:19   | Identified a +0 short sword
 84676 | Zig:19   | Identified a +0 rapier
 84676 | Zig:19   | Identified a +0 leather armour
 84677 | Zig:19   | Identified a +0 trident
 84678 | Zig:19   | Identified a +2 trident of venom
 84678 | Zig:19   | Identified a +0 rapier
 84678 | Zig:19   | Identified a +0 rapier
 84678 | Zig:19   | Identified a +0 leather armour
 84680 | Zig:19   | Identified a +0 dagger
 84681 | Zig:19   | Identified a +2 scimitar of protection
 84682 | Zig:19   | Killed a deep elf demonologist
 84683 | Zig:19   | Killed a deep elf demonologist
 84683 | Zig:19   | Identified a +0 short sword
 84684 | Zig:19   | Identified a +1 short sword of electrocution
 84684 | Zig:19   | Identified a +0 longbow
 84684 | Zig:19   | Identified a +2 leather armour of poison resistance
 84684 | Zig:19   | Identified a +0 short sword
 84684 | Zig:19   | Identified a +0 chain mail
 84684 | Zig:19   | Identified a +4 war axe of freezing
 84685 | Zig:19   | Identified a +0 longbow
 84685 | Zig:19   | Identified a +0 leather armour
 84685 | Zig:19   | Identified a +1 vampiric long sword
 84685 | Zig:19   | Noticed an Ice Fiend
 84686 | Zig:19   | Identified a +0 dagger
 84686 | Zig:19   | Identified a +0 shortbow
 84686 | Zig:19   | Identified a +0 leather armour
 84686 | Zig:19   | Identified a +0 long sword
 84686 | Zig:19   | Identified a +2 ring mail of magic resistance
 84687 | Zig:19   | Killed a deep elf demonologist
 84688 | Zig:19   | Identified a +0 rapier
 84688 | Zig:19   | Identified a +0 chain mail
 84688 | Zig:19   | Identified a +0 dagger
 84688 | Zig:19   | Identified a cursed +0 ring mail
 84688 | Zig:19   | Identified a +0 long sword of protection
 84688 | Zig:19   | Noticed a deep elf demonologist
 84689 | Zig:19   | Identified a +0 long sword
 84689 | Zig:19   | Identified a +0 leather armour
 84689 | Zig:19   | Identified a +0 long sword
 84689 | Zig:19   | Identified a +1 leather armour of fire resistance
 84694 | Zig:19   | Killed a deep elf demonologist
 84698 | Zig:19   | Noticed an Ice Fiend
 84698 | Zig:19   | Killed a deep elf demonologist
 84708 | Zig:19   | Reached skill level 10 in Poison Magic
 84736 | Zig:19   | Learned a level 9 spell: Glaciate
 84746 | Zig:19   | Learned a level 9 spell: Fire Storm
 84765 | Zig:19   | Got a wavering pewter amulet
 84768 | Zig:19   | Identified the Reference Book on Earth and the Volcanoes
 84773 | Zig:19   | Identified Enod's Grimoire of Ensnaring Clay
 84777 | Zig:20   | Entered Level 20 of a ziggurat
 84798 | Zig:20   | Identified a +4 quarterstaff
 84798 | Zig:20   | Identified a +0 robe
 84799 | Zig:20   | Identified a cursed -3 quarterstaff
 84799 | Zig:20   | Identified a +0 robe
 84800 | Zig:20   | Found the +3 sling "Punk" {acid, rCorr}
 84808 | Zig:20   | Identified a +0 spear
 84810 | Zig:20   | Reached skill level 1 in Ice Magic
 84815 | Zig:20   | Reached skill level 11 in Conjurations
 84815 | Zig:20   | Reached skill level 2 in Ice Magic
 84815 | Zig:20   | Identified +0 gold dragon scales
 84817 | Zig:20   | Reached skill level 9 in Fire Magic
 84823 | Zig:20   | Reached skill level 3 in Ice Magic
 84824 | Zig:20   | Identified +0 gold dragon scales
 84829 | Zig:20   | Identified +0 gold dragon scales
 84832 | Zig:20   | Identified +0 swamp dragon scales
 84836 | Zig:20   | Reached skill level 4 in Ice Magic
 84885 | Zig:20   | Identified the Volume of Twisted Beguiling
 84895 | Zig:20   | Reached skill level 12 in Spellcasting
 84895 | Zig:20   | Reached skill level 10 in Fire Magic
 84895 | Zig:20   | Reached skill level 5 in Ice Magic
 84896 | Zig:20   | Reached skill level 12 in Conjurations
 84903 | Zig:21   | Entered Level 21 of a ziggurat
 84922 | Zig:21   | Identified a +0 quarterstaff
 84922 | Zig:21   | Identified a +0 robe
 84922 | Zig:21   | Identified a +0 spear
 84925 | Zig:21   | Identified a +1 spear of piercing
 84925 | Zig:21   | Identified a +0 buckler of reflection
 84930 | Zig:21   | Reached skill level 6 in Ice Magic
 84935 | Zig:21   | Identified +0 swamp dragon scales
 84949 | Zig:21   | Identified +0 gold dragon scales
 84949 | Zig:21   | Reached skill level 11 in Fire Magic
 84949 | Zig:21   | Reached skill level 7 in Ice Magic
 84953 | Zig:21   | Reached skill level 13 in Conjurations
 84953 | Zig:21   | Identified +0 swamp dragon scales
 84964 | Zig:21   | Identified +0 gold dragon scales
 84964 | Zig:21   | Identified +0 swamp dragon scales
 84966 | Zig:21   | Reached skill level 13 in Spellcasting
 85011 | Zig:21   | Identified The Lost Catalogue of the Deep Elf Lorekeeper
 85026 | Zig:21   | Identified the Grimoire of Feathery Calling
 85031 | Zig:21   | Identified the Handbook of Talismans
 85034 | Zig:21   | Lost mutation: You often lose your temper in combat.
                  | [potion of mutation]
 85034 | Zig:21   | Lost mutation: You are partially covered in yellow scales.
                  | (AC +2) [potion of mutation]
 85034 | Zig:21   | Lost mutation: You tend to lose your temper in combat.
                  | [potion of mutation]
 85034 | Zig:21   | Gained mutation: You possess an exceptional clarity of
                  | mind. [potion of mutation]
 85034 | Zig:21   | Gained mutation: You expend magic power (3 MP) to
                  | strengthen your wands. [potion of mutation]
 85035 | Zig:21   | Lost mutation: You expend magic power (3 MP) to strengthen
                  | your wands. [potion of mutation]
 85035 | Zig:21   | Lost mutation: You possess an exceptional clarity of mind.
                  | [potion of mutation]
 85035 | Zig:21   | Lost mutation: You occasionally shout uncontrollably at
                  | your foes. [potion of mutation]
 85035 | Zig:21   | Lost mutation: Scrolls take you longer to read. [potion of
                  | mutation]
 85035 | Zig:21   | Gained mutation: You have an increased reservoir of magic.
                  | (+10% MP) [potion of mutation]
 85035 | Zig:21   | Gained mutation: You are frail. (-10% HP) [potion of
                  | mutation]
 85035 | Zig:21   | Gained mutation: You are agile. (Dex +2) [potion of
                  | mutation]
 85035 | Zig:21   | Gained mutation: You possess an exceptional clarity of
                  | mind. [potion of mutation]
 85049 | Zig:21   | Lost mutation: You are agile. (Dex +2) [potion of mutation]
 85049 | Zig:21   | Lost mutation: Scrolls take you a little longer to read.
                  | [potion of mutation]
 85049 | Zig:21   | Gained mutation: You are very frail. (-20% HP) [potion of
                  | mutation]
 85049 | Zig:21   | Gained mutation: You have a pair of small antennae on your
                  | head. [potion of mutation]
 85050 | Zig:21   | Lost mutation: Your spells are a little harder to cast, but
                  | a little more powerful. [potion of mutation]
 85050 | Zig:21   | Lost mutation: You are very frail. (-20% HP) [potion of
                  | mutation]
 85050 | Zig:21   | Lost mutation: Your muscles are strong. (Str +2) [potion of
                  | mutation]
 85050 | Zig:21   | Lost mutation: You possess an exceptional clarity of mind.
                  | [potion of mutation]
 85050 | Zig:21   | Gained mutation: You are occasionally teleported next to
                  | monsters. [potion of mutation]
 85050 | Zig:21   | Lost mutation: You evolve. [potion of mutation]
 85050 | Zig:21   | Gained mutation: You expend magic power (3 MP) to
                  | strengthen your wands. [potion of mutation]
 85051 | Zig:21   | Lost mutation: You are occasionally teleported next to
                  | monsters. [potion of mutation]
 85051 | Zig:21   | Lost mutation: You have a pair of small antennae on your
                  | head. [potion of mutation]
 85051 | Zig:21   | Gained mutation: Your muscles are strong. (Str +2) [potion
                  | of mutation]
 85052 | Zig:21   | Lost mutation: Armour fits poorly on your strangely shaped
                  | body. [potion of mutation]
 85052 | Zig:21   | Lost mutation: You are frail. (-10% HP) [potion of
                  | mutation]
 85052 | Zig:21   | Lost mutation: You expend magic power (3 MP) to strengthen
                  | your wands. [potion of mutation]
 85052 | Zig:21   | Gained mutation: Your mind is acute. (Int +2) [potion of
                  | mutation]
 85052 | Zig:21   | Gained mutation: You have sharp toenails. [potion of
                  | mutation]
 85150 | Zig:22   | Entered Level 22 of a ziggurat
 85180 | Zig:22   | Reached skill level 8 in Ice Magic
 85188 | Zig:22   | HP: 45/199 [acid (6)]
 85212 | Zig:22   | Reached skill level 12 in Fire Magic
 85217 | Zig:22   | Gained mutation: Your spells are a little easier to cast,
                  | but a little less powerful. [a shining eye]
 85220 | Zig:22   | Reached skill level 9 in Ice Magic
 85224 | Zig:22   | Gained mutation: You are frail. (-10% HP) [a shining eye]
 85224 | Zig:22   | Gained mutation: Your body sometimes deteriorates upon
                  | taking damage. [a shining eye]
 85225 | Zig:22   | Gained mutation: Scrolls take you a little longer to read.
                  | [a shining eye]
 85229 | Zig:22   | Gained mutation: You tend to lose your temper in combat. [a
                  | shining eye]
 85230 | Zig:22   | Reached skill level 14 in Conjurations
 85278 | Zig:22   | Gained mutation: Armour fits poorly on your strangely
                  | shaped body. [a shining eye]
 85332 | Zig:22   | Got a shimmering marble ring
 85355 | Zig:22   | Lost mutation: Your spells are a little easier to cast, but
                  | a little less powerful. [potion of mutation]
 85355 | Zig:22   | Lost mutation: Your muscles are strong. (Str +2) [potion of
                  | mutation]
 85355 | Zig:22   | Lost mutation: Your body sometimes deteriorates upon taking
                  | damage. [potion of mutation]
 85355 | Zig:22   | Gained mutation: You have razor-sharp toenails. [potion of
                  | mutation]
 85355 | Zig:22   | Gained mutation: You have sharp fingernails. [potion of
                  | mutation]
 85356 | Zig:22   | Lost mutation: You have razor-sharp toenails. [potion of
                  | mutation]
 85356 | Zig:22   | Lost mutation: Armour fits poorly on your strangely shaped
                  | body. [potion of mutation]
 85356 | Zig:22   | Lost mutation: You tend to lose your temper in combat.
                  | [potion of mutation]
 85356 | Zig:22   | Lost mutation: Your mind is acute. (Int +2) [potion of
                  | mutation]
 85356 | Zig:22   | Gained mutation: You are very frail. (-20% HP) [potion of
                  | mutation]
 85356 | Zig:22   | Gained mutation: You occasionally shout uncontrollably at
                  | your foes. [potion of mutation]
 85356 | Zig:22   | Gained mutation: You are agile. (Dex +2) [potion of
                  | mutation]
 85358 | Zig:22   | Lost mutation: You are agile. (Dex +2) [potion of mutation]
 85358 | Zig:22   | Lost mutation: You have sharp toenails. [potion of
                  | mutation]
 85358 | Zig:22   | Gained mutation: Your body sometimes deteriorates upon
                  | taking damage. [potion of mutation]
 85358 | Zig:22   | Gained mutation: You possess an exceptional clarity of
                  | mind. [potion of mutation]
 85359 | Zig:22   | Lost mutation: You occasionally shout uncontrollably at
                  | your foes. [potion of mutation]
 85359 | Zig:22   | Lost mutation: You possess an exceptional clarity of mind.
                  | [potion of mutation]
 85359 | Zig:22   | Gained mutation: You are partially covered in large bone
                  | plates. (SH +4) [potion of mutation]
 85359 | Zig:22   | Gained mutation: You are clumsy. (Dex -2) [potion of
                  | mutation]
 85359 | Zig:22   | Gained mutation: Your mind is acute. (Int +2) [potion of
                  | mutation]
 85367 | Zig:23   | Entered Level 23 of a ziggurat
 85382 | Zig:23   | Identified a +0 battleaxe of chopping
 85382 | Zig:23   | Identified a +0 chain mail
 85386 | Zig:23   | Identified a +4 scimitar of freezing
 85386 | Zig:23   | Identified a +0 scale mail
 85386 | Zig:23   | Identified a +0 buckler
 85393 | Zig:23   | Identified a +0 morningstar
 85393 | Zig:23   | Identified a +0 arbalest
 85393 | Zig:23   | Identified a +0 ring mail
 85393 | Zig:23   | Identified a +0 arbalest
 85397 | Zig:23   | Identified a +1 great mace
 85397 | Zig:23   | Identified a +0 chain mail
 85398 | Zig:23   | Identified a cursed -2 dire flail
 85398 | Zig:23   | Identified a +0 dire flail
 85398 | Zig:23   | Identified a +0 arbalest
 85399 | Zig:23   | Identified a +0 mace
 85399 | Zig:23   | Identified a +1 ring mail of cold resistance
 85399 | Zig:23   | Identified a +0 arbalest
 85400 | Zig:23   | Identified a +0 dagger
 85400 | Zig:23   | Identified a +0 robe
 85401 | Zig:23   | Identified a +2 flail of draining
 85402 | Zig:23   | Noticed an ancient lich
 85402 | Zig:23   | Identified a +0 mace
 85402 | Zig:23   | Identified a +0 ring mail
 85403 | Zig:23   | Noticed an ancient lich
 85404 | Zig:23   | Noticed an ancient lich
 85406 | Zig:23   | Identified a +0 arbalest
 85408 | Zig:23   | Identified a +0 great mace
 85408 | Zig:23   | Identified a +0 leather armour
 85408 | Zig:23   | Identified a +0 war axe
 85408 | Zig:23   | Identified a +0 plate armour
 85409 | Zig:23   | Identified a +2 demon whip of draining
 85411 | Zig:23   | Noticed a Brimstone Fiend
 85417 | Zig:23   | Identified a +0 arbalest
 85418 | Zig:23   | Identified a +0 falchion
 85418 | Zig:23   | Identified a +0 scale mail
 85418 | Zig:23   | Noticed an ancient lich
 85419 | Zig:23   | Noticed an entropy weaver
 85419 | Zig:23   | Noticed an ancient lich
 85420 | Zig:23   | Identified a +0 mace
 85420 | Zig:23   | Identified a +0 ring mail
 85421 | Zig:23   | Identified a +2 great sword of slicing
 85421 | Zig:23   | Identified a +0 arbalest
 85421 | Zig:23   | Identified a +0 chain mail
 85422 | Zig:23   | Identified a +0 demon whip
 85425 | Zig:23   | Noticed a Brimstone Fiend
 85425 | Zig:23   | Noticed an ancient lich
 85431 | Zig:23   | Noticed a Tzitzimitl
 85432 | Zig:23   | Identified a +1 mace of protection
 85435 | Zig:23   | Identified a +2 great sword of holy wrath
 85435 | Zig:23   | Identified a +0 plate armour
 85437 | Zig:23   | Noticed an ancient lich
 85439 | Zig:23   | Killed an ancient lich
 85439 | Zig:23   | Identified a +0 flail
 85439 | Zig:23   | Identified a cursed +0 ring mail
 85442 | Zig:23   | Noticed an ancient lich
 85443 | Zig:23   | Noticed an ancient lich
 85443 | Zig:23   | Reached skill level 10 in Ice Magic
 85444 | Zig:23   | Reached skill level 14 in Spellcasting
 85445 | Zig:23   | Noticed an ancient lich
 85446 | Zig:23   | Killed an entropy weaver
 85447 | Zig:23   | Identified a +0 falchion
 85447 | Zig:23   | Identified a +0 scale mail
 85449 | Zig:23   | Killed an ancient lich
 85453 | Zig:23   | Killed an ancient lich
 85459 | Zig:23   | Killed an ancient lich
 85459 | Zig:23   | Reached skill level 13 in Fire Magic
 85459 | Zig:23   | Gained mutation: You occasionally shout uncontrollably at
                  | your foes. [a cacodemon]
 85460 | Zig:23   | Killed an ancient lich
 85462 | Zig:23   | Killed an ancient lich
 85462 | Zig:23   | Reached skill level 15 in Conjurations
 85467 | Zig:23   | Identified +0 gold dragon scales
 85467 | Zig:23   | Killed an ancient lich
 85469 | Zig:23   | Killed an ancient lich
 85471 | Zig:23   | Killed an ancient lich
 85471 | Zig:23   | Reached skill level 11 in Ice Magic
 85474 | Zig:23   | Noticed a Tzitzimitl
 85477 | Zig:23   | Identified +0 gold dragon scales
 85485 | Zig:23   | Killed an ancient lich
 85577 | Zig:23   | Found the ring of Robustness {AC+8}
 85581 | Zig:23   | Got a wavering turquoise ring
 85586 | Zig:23   | Identified the Incunabulum of Evil Contamination
 85589 | Zig:23   | Identified the Grimoire of Curses
 85599 | Zig:23   | Got a sparkling ivory ring
 85607 | Zig:23   | Identified the amulet of Ephemeral Luck {Gourm +Blink Str+3
                  | Slay-5} (You found it on level 19 of a ziggurat)
 85615 | Zig:24   | Entered Level 24 of a ziggurat
 85628 | Zig:24   | Identified a +0 glaive
 85630 | Zig:24   | Identified a +1 antimagic scythe
 85640 | Zig:24   | Identified a +3 scythe of slicing
 85644 | Zig:24   | Identified a +0 morningstar
 85644 | Zig:24   | Identified a +0 trident of venom
 85645 | Zig:24   | Identified a +0 giant club
 85647 | Zig:24   | Identified a +0 dire flail
 85647 | Zig:24   | Identified a +1 scythe of flaming
 85647 | Zig:24   | Identified a +0 morningstar of protection
 85647 | Zig:24   | Identified a +6 scythe of flaming
 85648 | Zig:24   | Identified a +0 flail
 85655 | Zig:24   | Identified a +1 scythe of flaming
 85656 | Zig:24   | Identified a +0 giant club
 85657 | Zig:24   | Identified a +5 scythe of venom
 85658 | Zig:24   | Identified a +0 trident
 85658 | Zig:24   | Identified a +6 scythe
 85661 | Zig:24   | Identified a +4 flail of crushing
 85669 | Zig:24   | Reached skill level 14 in Fire Magic
 85673 | Zig:24   | Identified a +0 trident
 85673 | Zig:24   | Reached skill level 15 in Spellcasting
 85674 | Zig:24   | Identified a +1 scythe of protection
 85676 | Zig:24   | Identified a +1 scythe of slicing
 85677 | Zig:24   | Identified a +0 great mace
 85685 | Zig:24   | Identified a +0 flail
 85688 | Zig:24   | Reached skill level 16 in Conjurations
 85690 | Zig:24   | Identified a +0 scythe of protection
 85694 | Zig:24   | Reached skill level 12 in Ice Magic
 85699 | Zig:24   | Identified a +0 giant spiked club
 85703 | Zig:24   | Identified a +0 morningstar
 85704 | Zig:24   | Identified a +0 glaive
 85713 | Zig:24   | Identified a +4 scythe of protection
 85717 | Zig:24   | Identified a +2 scythe of freezing
 85805 | Zig:24   | Got a clouded silver ring
 85808 | Zig:24   | Got a warped war axe
 85812 | Zig:24   | Identified the Reference Book on the Congealing Arsonist
 85835 | Zig:24   | Identified the cursed +0 war axe "Syddogh" {freeze, rF++
                  | Dex+2} (You found it on level 24 of a ziggurat)
 85847 | Zig:24   | Got a fine hand crossbow
 85848 | Zig:24   | Identified the +8 hand crossbow of Crawling {penet, rPois}
                  | (You found it on level 24 of a ziggurat)
 85854 | Zig:24   | Got a crystal war axe
 85856 | Zig:24   | Identified the +9 war axe of Parts Unknown {drain, Str+2
                  | Int+5} (You found it on level 24 of a ziggurat)
 85875 | Zig:25   | Entered Level 25 of a ziggurat
 85889 | Zig:25   | Noticed Fycoar the pandemonium lord
 85889 | Zig:25   | Identified a +10 club of flaming
 85889 | Zig:25   | Identified a +11 club of flaming
 85889 | Zig:25   | Noticed Idut the pandemonium lord
 85891 | Zig:25   | Noticed Guff the pandemonium lord
 85906 | Zig:25   | Killed Fycoar the pandemonium lord
 85911 | Zig:25   | Identified a +12 club of flaming
 85912 | Zig:25   | Noticed Qaxaan the pandemonium lord
 85913 | Zig:25   | Noticed Giqas the pandemonium lord
 85913 | Zig:25   | Noticed Oniepp the pandemonium lord
 85914 | Zig:25   | Identified a +9 club of venom
 85914 | Zig:25   | HP: 39/159 [??? (7)]
 85915 | Zig:25   | Killed Guff the pandemonium lord
 85917 | Zig:25   | Noticed Lit Ocyx the pandemonium lord
 85918 | Zig:25   | Noticed Ubegyom the pandemonium lord
 85919 | Zig:25   | Identified a +10 club of holy wrath
 85922 | Zig:25   | Identified a +12 club of flaming
 85924 | Zig:25   | Noticed Jorph the pandemonium lord
 85926 | Zig:25   | Identified a +9 club
 85926 | Zig:25   | Identified a +10 club of crushing
 85926 | Zig:25   | Killed Oniepp the pandemonium lord
 85929 | Zig:25   | Identified a +9 vampiric club
 85932 | Zig:25   | Identified a +12 club of crushing
 85935 | Zig:25   | Killed Qaxaan the pandemonium lord
 85936 | Zig:25   | Killed Giqas the pandemonium lord
 85937 | Zig:25   | Killed Lit Ocyx the pandemonium lord
 85938 | Zig:25   | Identified a +10 club of venom
 85941 | Zig:25   | Noticed Ituky the pandemonium lord
 85944 | Zig:25   | Identified a +8 club of crushing
 85945 | Zig:25   | Identified a +12 club of flaming
 85947 | Zig:25   | Killed Idut the pandemonium lord
 85947 | Zig:25   | Noticed Vatui the pandemonium lord
 85950 | Zig:25   | Killed Ubegyom the pandemonium lord
 85951 | Zig:25   | Noticed Bedaiveo the pandemonium lord
 85951 | Zig:25   | Identified a +0 trident
 85952 | Zig:25   | Killed Jorph the pandemonium lord
 85952 | Zig:25   | Reached skill level 15 in Fire Magic
 85953 | Zig:25   | Identified a +12 club of electrocution
 85953 | Zig:25   | Noticed Weidacs the pandemonium lord
 85953 | Zig:25   | Noticed Vuekit Iluh the pandemonium lord
 85953 | Zig:25   | Noticed Afarch the pandemonium lord
 85953 | Zig:25   | Noticed Mysy the pandemonium lord
 85953 | Zig:25   | Noticed Kishras the pandemonium lord
 85953 | Zig:25   | Noticed Tacudum the pandemonium lord
 85954 | Zig:25   | Identified a +12 club of freezing
 85955 | Zig:25   | Reached skill level 13 in Ice Magic
 85955 | Zig:25   | Noticed Tity the pandemonium lord
 85960 | Zig:25   | Killed Tity the pandemonium lord
 85961 | Zig:25   | Noticed a Tzitzimitl
 85973 | Zig:25   | Noticed an Ice Fiend
 85973 | Zig:25   | Killed Mysy the pandemonium lord
 85975 | Zig:25   | Killed Ituky the pandemonium lord
 85975 | Zig:25   | Reached skill level 17 in Conjurations
 85979 | Zig:25   | Noticed Dykeann the pandemonium lord
 85979 | Zig:25   | Noticed Bufepti the pandemonium lord
 85985 | Zig:25   | Identified a +0 demon trident
 85988 | Zig:25   | HP: 32/159 [smoke demon/divine providence[Tacudum] (13)]
 85990 | Zig:25   | Killed from afar by a hellion

Table legend:
 A = Turns spent in this place as a percentage of turns spent in the entire game.
 B = Non-inter-level travel turns spent in this place as a percentage of non-inter-level travel turns spent in the entire game.
 C = Inter-level travel turns spent in this place as a percentage of turns spent in this place.
 D = Turns resting spent in this place as a percentage of non-inter-level travel turns spent in this place.
 E = Turns spent auto-exploring this place as a percentage of non-inter-level travel turns spent in this place.
 F = Non-inter-level travel turns spent in this place divided by the number of levels of this place that you've seen.
                   A       B       C       D       E      F
               +-------+-------+-------+-------+-------+----------------------
         Total | 100.0 | 100.0 |   7.4 |  17.0 |  38.0 | 491.7
       Dungeon |  20.6 |  19.9 |  10.6 |  21.4 |  54.4 | 1054.9
        Temple |   0.0 |   0.0 |  73.7 |   0.0 |  40.0 |   5.0
          Lair |   8.1 |   7.9 |   9.7 |   9.2 |  59.6 | 1045.5
         Swamp |   4.2 |   4.3 |   5.9 |  14.6 |  45.4 | 856.8
   Spider Nest |   5.1 |   5.3 |   3.3 |  27.3 |  37.3 | 1060.5
    Slime Pits |   1.9 |   2.1 |   0.0 |  48.2 |   0.4 | 333.8
  Orcish Mines |   4.5 |   4.5 |   5.6 |  48.9 |  26.7 | 1810.5
   Elven Halls |   3.9 |   4.1 |   3.2 |   5.7 |  51.1 | 1083.0
        Vaults |   9.3 |   8.3 |  17.6 |   3.7 |  60.3 | 1321.4
         Crypt |   2.9 |   2.9 |   9.9 |   0.0 |  61.8 | 757.7
          Tomb |   4.3 |   4.2 |   8.5 |  34.7 |  10.6 | 1120.7
        Depths |   6.3 |   5.9 |  12.4 |   5.1 |  59.8 | 944.8
          Hell |   0.8 |   0.9 |   0.6 |  33.9 |  12.3 | 690.0
           Dis |   2.7 |   2.7 |   7.0 |   0.8 |  40.3 | 304.1
       Gehenna |   1.6 |   1.7 |   1.2 |   6.1 |   9.2 | 220.0
       Cocytus |   2.4 |   2.4 |   8.7 |   0.0 |  26.4 | 272.3
      Tartarus |   2.1 |   2.2 |   5.1 |   1.0 |  24.3 | 343.2
         Abyss |   0.9 |   1.0 |   0.0 |   0.0 |  23.4 | 101.5
   Pandemonium |   7.6 |   8.2 |   0.0 |  23.2 |  15.9 | 436.2
      Ziggurat |   8.3 |   9.0 |   0.0 |  17.4 |   1.2 | 137.9
         Trove |   0.1 |   0.1 |   0.0 |   0.0 |   0.0 |  65.0
      Ice Cave |   0.9 |   0.9 |   0.0 |  39.3 |   0.5 | 738.0
       Volcano |   0.3 |   0.3 |   0.0 |   0.0 |  34.6 | 234.0
        Wizlab |   0.6 |   0.6 |   0.0 |  17.7 |  32.3 | 498.0
      Gauntlet |   0.7 |   0.7 |   0.0 |   0.0 |   2.3 | 560.0
               +-------+-------+-------+-------+-------+----------------------

Table legend:
 A = Kills in this place as a percentage of kills in entire the game.
 B = Kills by you in this place as a percentage of kills by you in the entire game.
 C = Kills by friends in this place as a percentage of kills by friends in the entire game.
 D = Other kills in this place as a percentage of other kills in the entire game.
 E = Experience gained in this place as a percentage of experience gained in the entire game.
 F = Experience gained in this place divided by the number of levels of this place that you have seen.
                   A       B       C       D       E      F
               +-------+-------+-------+-------+-------+----------------------
         Total | 100.0 | 100.0 | 100.0 | 100.0 | 100.0 | 31653.7
       Dungeon |   7.6 |   7.7 |   0.0 |   7.2 |   1.3 | 4539.5
          Lair |   3.6 |   3.7 |   0.0 |   0.0 |   1.5 | 12523.2
         Swamp |   3.4 |   3.4 |   0.0 |   6.2 |   1.8 | 23392.8
   Spider Nest |   3.4 |   3.4 |   7.8 |   1.0 |   1.6 | 20922.0
    Slime Pits |   1.2 |   1.2 |   3.1 |   0.0 |   1.5 | 15248.6
  Orcish Mines |   1.5 |   1.5 |   3.1 |   0.0 |   0.3 | 6607.5
   Elven Halls |   2.6 |   2.6 |   0.0 |   6.2 |   2.2 | 38246.0
        Vaults |   8.5 |   8.4 |   0.0 |  19.6 |   8.7 | 88992.2
         Crypt |   2.8 |   2.9 |   0.0 |   1.0 |   2.5 | 43571.0
          Tomb |   4.0 |   4.0 |   0.0 |   1.0 |   6.4 | 109500.0
        Depths |   5.0 |   5.0 |   0.0 |   7.2 |   6.5 | 66503.8
          Hell |   1.4 |   1.4 |   0.0 |   0.0 |   1.1 | 53965.0
           Dis |   4.2 |   4.3 |   0.0 |   1.0 |   4.7 | 34274.7
       Gehenna |   3.3 |   3.4 |   0.0 |   0.0 |   2.9 | 24640.7
       Cocytus |   5.3 |   5.4 |   0.0 |   4.1 |   4.8 | 34869.3
      Tartarus |   3.5 |   3.6 |   0.0 |   1.0 |   4.4 | 44838.0
         Abyss |   1.9 |   2.0 |   0.0 |   0.0 |   1.3 | 8548.1
   Pandemonium |   6.3 |   6.4 |   0.0 |   6.2 |   8.1 | 27761.0
      Ziggurat |  29.1 |  28.5 |  81.2 |  35.1 |  37.8 | 37235.6
      Ice Cave |   0.4 |   0.4 |   4.7 |   0.0 |   0.1 | 5105.0
       Volcano |   0.1 |   0.1 |   0.0 |   1.0 |   0.1 | 3088.0
        Wizlab |   0.6 |   0.5 |   0.0 |   2.1 |   0.5 | 23138.0
      Gauntlet |   0.2 |   0.2 |   0.0 |   0.0 |   0.1 | 4134.0
               +-------+-------+-------+-------+-------+----------------------

Skill      XL: |  1  2  3  4  5  6  7  8  9 10 11 12 13 14 15 16 17 18 19 20 21 22 23 24 25 26 27 |
---------------+----------------------------------------------------------------------------------+-----
Axes           | 2 3 5 7 8 10 12 13 14 15 16 17 18 19 20 21 27 | 27.0
Fighting       | 4 5 6 7 9 10 12 13 14 15 16 17 18 19 20 21 22 23 24 27 | 27.0
Dodging        | 1 3 5 6 7 8 9 10 11 12 13 27 | 27.0
Invocations    | 1 4 5 7 8 10 13 | 13.2
Armour         | 4 5 6 8 10 11 12 13 14 15 16 17 18 27 | 27.0
Shields        | 4 5 7 9 10 11 12 13 14 15 16 17 18 19 20 21 27 | 27.0
Evocations     | 1 4 5 13 | 13.0
Crossbows      | 27 | 27.0
Spellcasting   | 15 | 15.9
Transmutations | 2 |  2.4
Conjurations   | 17 | 17.1
Air Magic      | 8 |  8.2
Poison Magic   | 10 | 10.0
Stealth        | 6 |  6.0
Hexes          | 7 |  7.8
Charms         | 7 |  7.8
Fire Magic     | 15 | 15.3
Ice Magic      | 13 | 13.3

Action                   |  1- 3 |  4- 6 |  7- 9 | 10-12 | 13-15 | 16-18 | 19-21 | 22-24 | 25-27 || total
-------------------------+-------+-------+-------+-------+-------+-------+-------+-------+-------++-------
Melee: War axe           |   133 |    52 |    47 |   947 |  1080 |  1535 |  1378 |   153 |       ||  5325
       Dagger            |       |    33 |   432 |       |       |       |       |       |       ||   465
       Unarmed           |       |       |     4 |       |       |       |       |       |     2 ||     6
       Scimitar          |       |       |       |    14 |   272 |    74 |    14 |       |       ||   374
       Eveningstar       |       |       |       |       |       |       |   239 |    49 |       ||   288
       Broad axe         |       |       |       |       |       |       |       |   729 |  8397 ||  9126
       Headbutt          |       |       |       |       |       |       |       |       |  1732 ||  1732
       Staff             |       |       |       |       |       |       |       |       |    22 ||    22
 Fire: Hand crossbow     |       |       |       |       |       |       |       |       |   108 ||   108
Throw: Javelin           |       |       |       |     6 |    16 |     6 |       |       |       ||    28
       Throwing net      |       |       |       |       |     1 |       |       |       |       ||     1
       Dart              |       |       |       |       |       |     6 |       |       |       ||     6
 Cast: Inner Flame       |       |       |       |       |       |       |       |       |    22 ||    22
       Song of Slaying   |       |       |       |       |       |       |       |       |     1 ||     1
Invok: Lesser Servant of |       |       |       |     2 |     9 |     8 |     3 |     5 |     1 ||    28
       Minor Destruction |       |       |       |       |       |       |     4 |       |       ||     4
       Greater Servant o |       |       |       |       |       |       |       |       |     1 ||     1
 Abil: Fly               |       |       |       |       |     1 |       |       |       |     3 ||     4
       Stop Flying       |       |       |       |       |       |       |       |       |     4 ||     4
       Evoke Berserk Rag |       |       |       |       |       |       |       |       |     1 ||     1
Evoke: Wand              |       |       |     1 |    18 |     3 |     6 |     1 |       |     5 ||    34
       Lamp of fire      |       |       |       |       |       |     2 |     2 |       |       ||     4
       Figurine of a zig |       |       |       |       |       |       |       |       |     1 ||     1
       Phantom mirror    |       |       |       |       |       |       |       |       |     1 ||     1
  Use: Scroll            |       |       |    12 |     1 |    10 |    11 |    16 |    17 |    97 ||   164
       Potion            |       |       |     1 |     1 |       |       |    12 |       |    53 ||    67
 Stab: Held in net/web   |       |       |       |       |     1 |       |       |       |       ||     1
       Confused          |       |       |       |       |     1 |     1 |     1 |       |     4 ||     7
       Distracted        |       |       |       |       |       |     2 |     1 |     1 |    17 ||    21
       Sleeping          |       |       |       |       |       |       |     1 |       |       ||     1
       Invisible         |       |       |       |       |       |       |       |       |     4 ||     4
       Petrified         |       |       |       |       |       |       |       |       |    36 ||    36
       Petrifying        |       |       |       |       |       |       |       |       |    12 ||    12
  Eat: Chunk             |     3 |     4 |    11 |    31 |    30 |    35 |    21 |    16 |    49 ||   200
       Ration            |       |       |     1 |       |     1 |     1 |     2 |       |    28 ||    33
Armor: Scale mail        |    79 |    45 |   247 |   102 |       |       |       |       |       ||   473
       Chain mail        |       |       |       |   297 |   592 |  1244 |   601 |       |       ||  2734
       Plate armour      |       |       |       |       |   209 |       |    43 |   285 |     9 ||   546
       Leather armour    |       |       |       |       |    32 |       |       |       |       ||    32
       Acid dragon scale |       |       |       |       |       |       |   122 |       |       ||   122
       Gold dragon scale |       |       |       |       |       |       |       |       |  5146 ||  5146
Dodge: Dodged            |    52 |    34 |   144 |   178 |   408 |   721 |   640 |   284 |  4624 ||  7085
Block: Shield            |    73 |    55 |   308 |   627 |  1218 |  1633 |  1579 |  1017 | 12088 || 18598
       Reflection        |       |       |     7 |    24 |    14 |    52 |   130 |   115 |   282 ||   624
       Other             |       |       |     4 |       |       |       |       |       |       ||     4
       Rpst.: Scimitar   |       |       |       |     2 |    31 |    14 |     3 |       |       ||    50

Vanquished Creatures
  Cerebov (Pan)
  Antaeus (Coc:7)
  18 pandemonium lords
  Asmodeus (Geh:7)
  the Royal Jelly (Slime:5)
  Ereshkigal (Tar:7)
  the Serpent of Hell (Dis:7)
  Gloorx Vloq (Pan)
  Mnoleg (Pan)
  Lom Lobon (Pan)
  Dispater (Dis:7)
  7 orbs of fire
  Mara (Tomb:3)
  2 juggernauts
  21 ancient liches
  34 greater mummies
  Boris (Tomb:3)
  15 shard shrikes
  Sojobo (Depths:5)
  Bai Suzhen (Vaults:2)
  8 Killer Klowns (Zig:25)
  Saint Roka (Depths:2)
  Xtahua (Depths:5)
  8 caustic shrikes
  the Enchantress (Depths:1)
  26 golden dragons
  Geryon (Hell)
  3 profane servitors
  The ghost of Owio the Warrior, an adept MiGl of Okawaru (Vaults:3)
  14 bone dragons
  9 doom hounds
  19 Tzitzimimeh
  16 Brimstone Fiends
  26 liches
  An iron giant (shapeshifter) (Zig:25)
  9 iron giants
  8 hellephants
  A Cloud Mage (WizLab)
  20 Ice Fiends
  13 tentacled monstrosities
  9 deep elf blademasters
  12 Hell Sentinels
  9 quicksilver dragons
  4 deep elf master archers
  23 titans
  6 tentacled starspawn
  25 sphinxes
  2 eldritch tentacles
  27 ancient champions
  13 Executioners (Pan)
  A sphinx (shapeshifter) (Zig:25)
  56 acid blobs
  4 storm dragons
  5 thorn hunters
  Donald (Swamp:1)
  7 shadow dragons
  2 shadow dragons (shapeshifter) (Zig:25)
  34 azure jellies
  17 draconian monks
  20 revenants
  2 nagarajas
  15 draconian knights
  11 tengu reavers
  22 frost giants
  17 fire giants
  2 frost giants (shapeshifter) (Zig:25)
  25 ghost moths
  30 vault wardens
  13 orc warlords
  13 iron dragons
  6 draconian scorchers
  6 draconian shifters
  45 balrugs
  2 fire giants (shapeshifter) (Zig:25)
  7 deep elf sorcerers
  9 cacodemons (Pan)
  Aizul (Vaults:2)
  3 warmongers (Pan)
  12 curse skulls
  12 emperor scorpions
  6 ghouls
  8 juggernaut zombies
  4 spriggan defenders
  5 deep elf elementalists (Elf:3)
  10 draconian stormcallers
  4 caustic shrike skeletons
  38 very ugly things
  2 blood saints (Pan)
  3 elemental wellsprings (Coc:7)
  25 ironheart preservers
  7 draconian annihilators
  A juggernaut skeleton (Zig:27)
  40 war gargoyles
  27 stone giants
  3 stone giants (shapeshifter)
  77 reapers
  5 black suns (Pan)
  23 vampire knights
  17 entropy weavers
  7 green draconians
  13 deep elf annihilators
  3 corrupters (Pan)
  A minotaur (Gauntlet)
  17 deep elf demonologists
  14 bennus
  5 white draconians
  7 red draconians
  7 spark wasps
  6 lorocyprocas
  8 black draconians
  A dire elephant (shapeshifter) (Zig:25)
  11 dire elephants
  10 purple draconians
  17 ettins
  8 yellow draconians
  44 blizzard demons
  24 eidola
  32 green deaths
  An ettin (shapeshifter) (Vaults:4)
  2 spectral krakens (Tar:7)
  5 quicksilver dragon zombies
  13 deep elf death magi
  Josephine (Lair:5)
  13 fire dragons
  11 death oozes
  6 jiangshi
  36 mummy priests
  6 crystal guardians
  22 yaktaur captains
  21 great orbs of eyes
  A great orb of eyes (shapeshifter) (Abyss:5)
  38 vault guards
  10 deep elf high priests
  31 ice dragons
  14 ghost crabs
  2 hell beasts
  9 rakshasas
  5 monstrous demonspawn (Pan)
  63 hydras
  An ice dragon (shapeshifter) (Zig:18)
  7 quicksilver dragon skeletons
  A juggernaut simulacrum (Zig:21)
  8 spriggan air magi
  12 shambling mangroves
  11 centaur warriors
  6 catoblepae
  24 alligators
  65 two-headed ogres
  An anaconda (shapeshifter) (Zig:13)
  24 ogre magi
  6 tengu warriors
  A satyr (shapeshifter) (Zig:18)
  5 death knights
  A deep troll shaman (Vaults:5)
  9 death yaks
  A two-headed ogre (shapeshifter) (Zig:19)
  40 death scarabs
  43 dancing weapons
  8 deep troll earth magi
  19 hell hogs
  10 titan zombies
  20 vampire magi
  14 thrashing horrors
  4 shock serpents (WizLab)
  11 orc high priests
  8 spriggan berserkers
  2 naga sharpshooters
  39 deep elf knights
  34 soul eaters
  A shock serpent (shapeshifter) (Zig:8)
  9 golden dragon zombies
  8 iron golems
  42 sun demons
  2 fire crabs (shapeshifter)
  8 sixfirhies
  3 quicksilver dragon simulacra
  7 storm dragon zombies
  13 iron trolls
  13 titan skeletons
  123 skeletal warriors
  40 hell knights
  7 wretched stars
  19 shadow wraiths
  10 storm dragon skeletons
  11 unseen horrors
  An iron troll (shapeshifter) (Depths:1)
  10 fire crabs
  A glowing orange brain (shapeshifter) (Zig:19)
  A ghost moth zombie (Dis:7)
  8 spriggan druids
  4 torturous demonspawn (Pan)
  5 infernal demonspawn (Pan)
  2 sea snakes (shapeshifter)
  7 gelid demonspawn (Pan)
  19 death drakes
  32 deep trolls
  9 anaconda zombies
  2 obsidian statues
  24 swamp dragons
  4 spatial maelstroms
  6 glowing orange brains
  An iron giant zombie (Crypt:1)
  28 flayed ghosts
  26 deep elf archers
  11 shadow dragon zombies
  7 wizards
  The ghost of MalarOregon the Skirmisher, a novice DrCj of Okawaru (D:7)
  27 phantasmal warriors
  4 harpies (shapeshifter)
  A lindwurm (Volcano)
  40 shadow demons
  4 orange crystal statues
  A naga ritualist (Zig:3)
  24 ironbrand convokers
  12 harpies
  6 wolf spider zombies
  4 shadow dragon skeletons
  9 golden dragon skeletons
  111 deep elf magi
  2 orb spiders (shapeshifter)
  19 orc sorcerers
  A mana viper (Zig:3)
  23 necromancers
  35 wolf spiders
  33 orb spiders
  3 mana vipers (shapeshifter)
  18 shining eyes
  33 ugly things
  A manticore (shapeshifter) (Zig:18)
  31 orc knights
  5 anaconda skeletons
  2 shining eyes (shapeshifter)
  A salamander (shapeshifter) (Depths:3)
  7 frost giant zombies
  5 cyclopes
  3 stone giant zombies
  5 iron dragon skeletons
  A moth of wrath (shapeshifter) (Elf:3)
  12 fire giant zombies
  3 sphinx skeletons
  6 iron dragon zombies
  A salamander (Depths:1)
  A worldbinder (Abyss:3)
  11 moths of wrath
  8 elephants
  An elephant (shapeshifter) (Vaults:5)
  3 manticores
  A cyclops (shapeshifter) (Vaults:5)
  4 black mambas (shapeshifter)
  9 frost giant skeletons
  2 guardian serpents
  24 smoke demons
  9 orange demons (Pan)
  A dire elephant zombie (Dis:7)
  A naga mage (Zig:2)
  5 stone giant skeletons
  12 black mambas
  2 guardian serpents (shapeshifter)
  10 fire giant skeletons
  25 vault sentinels
  12 ice statues
  39 spiny frogs
  8 molten gargoyles (Geh:7)
  A storm dragon simulacrum (Zig:21)
  A water nymph (shapeshifter) (Vaults:5)
  52 rust devils
  7 apocalypse crabs
  3 dire elephant skeletons
  15 eyes of devastation
  2 eyes of devastation (shapeshifter) (Abyss:5)
  10 spectral swamp worms (Tar:7)
  A yaktaur (shapeshifter) (Zig:23)
  2 catoblepas zombies
  A spiny frog (shapeshifter) (Zig:11)
  11 torpor snails
  A red draconian zombie (Crypt:2)
  11 efreet
  53 yaktaurs
  A kobold demonologist (D:14)
  60 freezing wraiths
  A black draconian zombie (Coc:2)
  55 hellions
  An emperor scorpion zombie (Coc:6)
  54 tormentors
  67 ice devils
  12 rime drakes
  An entropy weaver simulacrum (Vaults:1)
  43 demonic crawlers
  2 komodo dragons (shapeshifter)
  2 yaktaur skeletons (Depths:1)
  10 hellwings
  57 guardian mummies
  3 spriggan skeletons
  12 komodo dragons
  4 ancient zymes
  2 catoblepas skeletons
  58 hornets
  2 queen bees (shapeshifter)
  3 anaconda simulacra (Hell)
  2 polar bears
  3 tengu conjurers
  2 silent spectres
  3 harpy zombies
  14 hydra zombies
  4 meliai
  2 tyrant leeches (shapeshifter)
  33 red devils
  10 trolls
  A golden dragon simulacrum (Crypt:1)
  2 jumping spiders (shapeshifter)
  A meliai (shapeshifter) (Depths:5)
  A troll (shapeshifter) (Abyss:5)
  37 jumping spiders
  A merfolk (shapeshifter) (Zig:17)
  Grinder (D:3)
  A guardian serpent zombie (Crypt:1)
  A wind drake (WizLab)
  2 harpy skeletons
  A raiju (shapeshifter) (Vaults:4)
  A death drake skeleton (Crypt:2)
  4 fire dragon zombies
  A hornet (shapeshifter) (Zig:23)
  10 hydra skeletons
  A tengu simulacrum (Zig:21)
  A satyr zombie (Crypt:2)
  20 bog bodies
  2 meliai zombies
  120 slime creatures
  19 blink frogs
  16 tyrant leeches
  3 alligator zombies
  3 blink frogs (shapeshifter)
  4 ettin zombies
  4 ice dragon zombies
  A deep troll zombie (Depths:1)
  13 hippogriffs
  12 raiju
  A stone giant simulacrum (Abyss:5)
  Sigmund (D:5)
  3 hippogriffs (shapeshifter)
  143 flying skulls
  18 air elementals
  4 alligator skeletons
  A black mamba zombie (Coc:5)
  A dire elephant simulacrum (Hell)
  38 wraiths
  45 yaks
  25 shadows
  92 redbacks
  2 spriggans (shapeshifter)
  12 spriggans
  3 fire dragon skeletons
  28 fire elementals
  31 starcursed masses
  3 vampires (Vaults:3)
  4 ettin skeletons
  43 tarantellas
  A tarantella (shapeshifter) (Vaults:5)
  10 fire bats
  12 small abominations
  6 ice dragon skeletons
  20 ushabtiu
  14 wyverns
  29 ynoxinuls
  Eustachio (D:5)
  4 basilisks
  26 water elementals
  3 golden eyes
  2 steam dragons
  A human (shapeshifter) (Vaults:3)
  27 neqoxecs
  3 black mamba skeletons
  18 chaos spawn
  16 humans (D:13)
  38 large abominations
  10 hungry ghosts
  40 vampire mosquitoes
  18 wargs
  2 spatial vortices (Abyss:2)
  2 soldier ants (shapeshifter)
  A harpy simulacrum (Tar:1)
  2 swamp worms (shapeshifter)
  An infernal demonspawn zombie (Crypt:1)
  Edmund (D:4)
  8 acid dragons
  16 swamp worms
  26 water moccasins
  25 insubstantial wisps
  A monstrous demonspawn zombie (Crypt:1)
  An infernal demonspawn skeleton (Crypt:2)
  2 merfolk zombies
  11 porcupines
  5 spiny frog zombies
  A two-headed ogre skeleton (Crypt:2)
  Duvessa (D:4)
  3 floating eyes
  A floating eye (shapeshifter) (Zig:18)
  50 hell hounds
  2 black bears (shapeshifter)
  An ice beast (shapeshifter) (D:14)
  8 sky beasts
  18 ice beasts
  4 human zombies
  A blink frog zombie (Crypt:2)
  18 necrophages
  98 orc warriors
  6 spiny frog skeletons
  2 swamp dragon zombies
  13 swamp drakes
  3 manticore zombies
  6 phantoms
  A snapping turtle zombie (Coc:6)
  A tengu (D:9)
  14 eyes of draining
  3 alligator simulacra
  6 boggarts
  21 wolves
  A snapping turtle skeleton (Tar:1)
  68 ogres
  27 centaurs
  2 swamp dragon skeletons
  22 crocodiles
  A manticore skeleton (Geh:7)
  A rime drake zombie (Crypt:2)
  A draconian zombie (Crypt:1)
  17 elf zombies
  2 big kobolds
  13 bullfrogs
  8 elf skeletons
  A gnoll sergeant (Orc:2)
  3 earth elementals
  A spiny frog simulacrum (Coc:1)
  A wyvern skeleton (D:12)
  6 scorpions
  Dowan (D:4)
  A troll zombie (Dis:5)
  4 spriggan zombies
  A snapping turtle simulacrum (Coc:5)
  46 wights
  A troll skeleton (Geh:7)
  4 electric eels
  A howler monkey (D:6)
  11 crimson imps
  A quasit (D:15)
  7 centaur zombies
  9 jellies
  7 hounds
  Crazy Yiuf (D:6)
  A wyvern simulacrum (D:13)
  2 bullfrog skeletons
  27 orc priests
  4 centaur skeletons
  44 iron imps
  32 orc wizards
  An iguana (shapeshifter) (Zig:25)
  2 human skeletons
  4 iguanas
  10 worker ants
  18 hell rats
  A deep dwarf zombie (Crypt:1)
  4 tengu zombies
  A naga zombie (Coc:5)
  An ogre zombie (Dis:5)
  5 tengu skeletons
  A human simulacrum (Tomb:2)
  A hound skeleton (D:5)
  74 mummies
  A worker ant zombie (D:9)
  Robin (D:3)
  A howler monkey zombie (D:10)
  7 gnolls
  2 howler monkey skeletons
  10 adders
  13 shadow imps
  A steam dragon skeleton (Crypt:1)
  45 white imps
  7 ufetubi (IceCv)
  4 oozes
  An adder skeleton (D:4)
  A worm (D:2)
  3 ball lightnings (Pan)
  2 dart slugs
  2 leopard geckos
  167 orcs
  5 bats
  4 giant cockroaches
  14 goblins
  9 hobgoblins
  10 jackals
  15 kobolds
  7 quokkas
  2 ball pythons
  6 frilled lizards
  2 jackal skeletons
  A kobold zombie (Crypt:1)
  An orc zombie (Geh:2)
  A quokka skeleton (D:5)
  A quokka zombie (D:5)
  3 rats
  A block of ice (Pan)
  A briar patch (Swamp:4)
  7 crawling corpses (Zig:19)
  5 fire vortices (Pan)
  A fungus (Lair:5)
  2 lurking horrors (Abyss:5)
  4 plants (Lair:6)
  6 starspawn tentacles (Abyss:5)
  3 tentacles (Tar:7)
6361 creatures vanquished.

Vanquished Creatures (collateral kills)
  A caustic shrike (Zig:25)
  Arachne (Spider:2)
  2 acid blobs
  An orc warlord (Orc:1)
  A draconian scorcher (Zig:26)
  3 emperor scorpions (Spider:4)
  A caustic shrike zombie (Zig:27)
  A balrug (Zig:27)
  A draconian stormcaller (Zig:26)
  A stone giant (Orc:1)
  A reaper (IceCv)
  A red draconian (Zig:26)
  A dire elephant (Zig:25)
  A great orb of eyes (Zig:23)
  2 hydras (Zig:25)
  2 hell hogs (Zig:27)
  A vampire mage (Zig:24)
  A soul eater (Zig:24)
  A golden dragon zombie (Zig:27)
  A storm dragon skeleton (Zig:27)
  An orb spider (Zig:16)
  An elephant (Zig:25)
  3 elf skeletons (Zig:27)
  2 spiny frogs (Zig:25)
  A tormentor (Zig:27)
  2 ice devils (IceCv)
  A jumping spider (Zig:16)
  3 red devils (Zig:27)
  3 blink frogs (Zig:25)
  A dream sheep (Zig:25)
  A hippogriff (Zig:25)
  A slime creature (Slime:1)
  A redback (Spider:2)
  2 yaks (Zig:25)
  A wraith (Zig:27)
  3 hell hounds
  5 water moccasins (Zig:25)
  An eye of draining (Zig:23)
  6 crocodiles (Zig:25)
64 creatures vanquished.

Vanquished Creatures (others)
  A Killer Klown (Zig:25)
  A lich (Depths:2)
  A deep elf master archer (Zig:11)
  2 eldritch tentacles
  A thorn hunter (Swamp:3)
  A fire giant (Vaults:5)
  A frost giant (Zig:21)
  A vault warden (Zig:23)
  A draconian scorcher (Zig:9)
  A cacodemon (Pan)
  5 draconian knights
  A warmonger (Pan)
  A draconian shifter (Zig:26)
  A ghoul (Crypt:1)
  3 ironheart preservers (Zig:23)
  3 very ugly things
  A war gargoyle (Zig:13)
  2 elemental wellsprings
  3 stone giants
  Nessos (D:13)
  An entropy weaver (Lair:4)
  3 green deaths (Zig:20)
  3 yaktaur captains
  A deep elf high priest (Zig:19)
  2 fire dragons (Zig:14)
  2 centaur warriors
  A hydra (Zig:20)
  2 ice dragons (Zig:21)
  A spriggan air mage (WizLab)
  2 shambling mangroves (Zig:20)
  A dancing weapon (Zig:11)
  An ogre mage (Vaults:4)
  3 deep elf knights
  A hell hog (Dis:4)
  A soul eater (Pan)
  A sixfirhy (Pan)
  A spriggan druid (Zig:20)
  A glowing orange brain (Depths:4)
  3 swamp dragons (Zig:20)
  A death drake (WizLab)
  9 deep elf archers
  A wolf spider (Spider:2)
  2 deep elf magi
  2 vault sentinels
  A smoke demon (Pan)
  3 spiny frogs
  A hellion (Zig:27)
  A rime drake (Zig:21)
  A tormentor (Coc:4)
  10 yaktaurs
  A guardian mummy (Tomb:2)
  3 hornets
  2 tyrant leeches (Zig:20)
  A slime creature (Swamp:2)
  A bog body (Zig:21)
  2 flying skulls
  A ynoxinul (Pan)
  A spriggan (Zig:20)
  A large abomination (Abyss:5)
  A fire bat (Pan)
  2 golden eyes (Abyss:5)
  5 insubstantial wisps (Swamp:3)
  A warg (Vaults:2)
  A swamp worm (Swamp:3)
  2 hell hounds
  An ice beast (Zig:21)
  A water moccasin (Zig:25)
  A swamp drake (Swamp:4)
  2 orc warriors
  A black bear (shapeshifter) (Zig:23)
  A boggart (Depths:1)
  A tengu (shapeshifter) (Abyss:5)
  8 centaurs
  An ogre (Vaults:5)
  2 small abominations (Abyss:5)
  3 wights (Dis:2)
  A crimson imp (D:13)
  An orc priest (Vaults:2)
  4 white imps
  2 ufetubi (IceCv)
  10 ball lightnings (Pan)
  2 orcs
  A jackal (shapeshifter) (Zig:23)
  9 briar patches
  A crawling corpse (Zig:19)
  13 demonic plants (Gauntlet)
  21 fungi
  A lurking horror (Abyss:5)
  55 plants
  8 starspawn tentacles (Abyss:5)
  6 tentacles (Tar:7)
277 creatures vanquished.

Grand Total: 6702 creatures vanquished
